Workbook
Name _Hlk39130726: '1-Uitgangspunten'!$A$16
Name _Toc106114456: '1-Uitgangspunten'!$A$2
Name _Toc106114457: '1-Uitgangspunten'!$A$5
Name _Toc106114458: '1-Uitgangspunten'!$A$9
Name _Toc106114459: '1-Uitgangspunten'!$A$13
Name _Toc518445846: '1-Uitgangspunten'!$A$17
Name berichtok: '2-Kosten per locatie'!berichtok
Name berichtok: '2-Kosten per locatie'!berichtok
Name berichtoke: '2-Kosten per locatie'!berichtoke
Name berichtoke: '2-Kosten per locatie'!berichtoke
Name berichtoke1: '2-Kosten per locatie'!berichtoke1
Name berichtoke1: '2-Kosten per locatie'!berichtoke1
Name Berkt: '2-Kosten per locatie'!Berkt
Name Berkt: '2-Kosten per locatie'!Berkt
Name einde: '2-Kosten per locatie'!einde
Name einde: '2-Kosten per locatie'!einde
Name Gan_R: '2-Kosten per locatie'!Gan_R
Name Gan_R: '2-Kosten per locatie'!Gan_R

Sheet 1-Uitgangspunten
A1: Naam opdrachtgever | B1: ='2-Kosten per locatie'!B3 -> VrZW en GGDZW
A2: Calculatie onderdeel | B2: =MID(CELL("bestandsnaam",$B$11),SEARCH("]",CELL("bestandsnaam",$B$11),1)+1,256) -> 1-Uitgangspunten
A3: Gebouw/plaats | B3: ='2-Kosten per locatie'!B5 -> Diverse
A4: Referentie nummer | B4: ='2-Kosten per locatie'!B6 -> VrZW/GGDZW-EA-2027

Sheet 2-Kosten per locatie
A1: Invoervelden | E1: Minimale taakgrootte | J1: EINDTOTAAL KOSTEN PER JAAR EXCLUSIEF BTW INSCHRIJVINGSBEDRAG | P1: =V67 -> 0
E2: 0 | F2: uur per dag
A3: Naam opdrachtgever | B3: VrZW en GGDZW
A4: Calculatie onderdeel | B4: =MID(CELL("bestandsnaam",$B$13),SEARCH("]",CELL("bestandsnaam",$B$13),1)+1,256) -> 2-Kosten per locatie | E4: Toezicht percentage
A5: Gebouw/plaats | B5: Diverse | E5: 0 | F5: per prod. Uur | J5: MAXIMALE BOVENGRENS PLAFONDBEDRAG INSCHRIJVINGSBEDRAG | P5: 550000
A6: Referentie nummer | B6: VrZW/GGDZW-EA-2027 | J6: MAXIMALE ONDERGRENS INSCHRIJVINGSBEDRAG | P6: 495000
A7: Naam dienstverlener
A8: Prijspeil | B8: 46388 | J8: SUPPLETIEKOSTEN OVERNAME PERSONEEL* | P8: 0
A9: Versie | B9: Definitief
F13: PRODUCTIE UREN PER JAAR | H13: UREN OPSLAG MIN. TAAK PER JAAR | J13: TOEZICHTUREN PER JAAR | L13: KOSTEN PRODUCTIEVE UREN PER JAAR | O13: KOSTEN TOEZICHT UREN PER JAAR | R13: OVERIGE KOSTEN PER JAAR
A14: Locatie | B14: Totaal m2 | C14: Locatie factor | D14: Hoogste frequentie ma t/m vr | E14: Hoogste frequentie ma t/m vr naloop | F14: ma t/m vr | G14: ma t/m vr naloop | H14: Uren minimale taakgrootte ma t/m vrij | I14: Uren minimale taakgrootte ma t/m vrij naloop | J14: Toezicht uren per jaar ma t/m vr | K14: Toezicht uren per jaar ma t/m vr naloop | L14: Kosten productie per jaar ma t/m vr incl minimale taakgrootte | M14: Kosten productie per jaar ma t/m vr naloop incl minimale taakgrootte | N14: Totale kosten productie per jaar | O14: Kosten toezicht per jaar ma t/m vr | P14: Kosten toezicht per jaar ma t/m vr naloop | Q14: Totale kosten toezicht per jaar | R14: Kosten vloeronderhoud per jaar | S14: Kosten Additioneel per jaar | T14: Kosten sanitaire voorzieningen per jaar | U14: Kosten glasbewassing per jaar | V14: Totaal kosten per jaar excl. btw | W14: Totaal kosten per maand excl. btw | Y14: Gemiddelde prestatie norm
A15: Assendelft - Dorpsstraat (VRZW) | B15: =SUMIF('4-Basis ruimtestaat'!B:B,'2-Kosten per locatie'!A15,'4-Basis ruimtestaat'!I:I) -> 194.35 | C15: 1 | D15: =_xlfn.MAXIFS('4-Basis ruimtestaat'!K:K,'4-Basis ruimtestaat'!B:B,'2-Kosten per locatie'!A15) -> 52 | E15: 52 | F15: =SUMIF('4-Basis ruimtestaat'!B:B,'2-Kosten per locatie'!A15,'4-Basis ruimtestaat'!Q:Q) -> 31.525248 | G15: =SUMIF('4-Basis ruimtestaat'!B:B,'2-Kosten per locatie'!A15,'4-Basis ruimtestaat'!R:R) -> 0 | H15: =IF(F15<(D15*$E$2),D15*$E$2-F15,0) -> 0 | I15: =IF(G15<(E15*$E$2),E15*$E$2-G15,0) -> 0 | J15: =F15*$E$5 -> 0 | K15: =G15*$E$5 -> 0 | L15: ='6-Opbouw uurtarief productie'!$E$47*('2-Kosten per locatie'!F15+'2-Kosten per locatie'!H15) -> 0 | M15: ='6-Opbouw uurtarief productie'!$E$47*('2-Kosten per locatie'!G15+'2-Kosten per locatie'!I15) -> 0 | N15: =L15+M15 -> 0 | O15: =J15*'7-Opbouw uurtarief toezicht'!$E$47 -> 0 | P15: =K15*'7-Opbouw uurtarief toezicht'!$E$47 -> 0 | Q15: =O15+P15 -> 0 | R15: =SUMIF('11-Vloeronderhoud'!A:A,'2-Kosten per locatie'!A15,'11-Vloeronderhoud'!H:H) -> 0 | S15: =SUMIF('8-Additionele kosten'!A:A,'2-Kosten per locatie'!A15,'8-Additionele kosten'!H:H) -> 0 | T15: =SUMIF('12-Sanitaire voorzieningen'!A:A,'2-Kosten per locatie'!A15,'12-Sanitaire voorzieningen'!R:R) -> 0 | U15: =SUMIF('10-Glasbewassing'!A:A,'2-Kosten per locatie'!A15,'10-Glasbewassing'!H:H) -> 0 | V15: =N15+Q15+R15+S15+U15+T15 -> 0 | W15: =V15/12 -> 0 | Y15: =SUMIF('4-Basis ruimtestaat'!B:B,'2-Kosten per locatie'!A15,'4-Basis ruimtestaat'!X:X) -> 10106.2 | Z15: =Y15/(F15+H15) -> 320.5748
A16: Broek in Waterland - Eilandweg (VRZW) | B16: =SUMIF('4-Basis ruimtestaat'!B:B,'2-Kosten per locatie'!A16,'4-Basis ruimtestaat'!I:I) -> 220 | C16: 1 | D16: =_xlfn.MAXIFS('4-Basis ruimtestaat'!K:K,'4-Basis ruimtestaat'!B:B,'2-Kosten per locatie'!A16) -> 52 | E16: 52 | F16: =SUMIF('4-Basis ruimtestaat'!B:B,'2-Kosten per locatie'!A16,'4-Basis ruimtestaat'!Q:Q) -> 37.265233 | G16: =SUMIF('4-Basis ruimtestaat'!B:B,'2-Kosten per locatie'!A16,'4-Basis ruimtestaat'!R:R) -> 0 | H16: =IF(F16<(D16*$E$2),D16*$E$2-F16,0) -> 0 | I16: =IF(G16<(E16*$E$2),E16*$E$2-G16,0) -> 0 | J16: =F16*$E$5 -> 0 | K16: =G16*$E$5 -> 0 | L16: ='6-Opbouw uurtarief productie'!$E$47*('2-Kosten per locatie'!F16+'2-Kosten per locatie'!H16) -> 0 | M16: ='6-Opbouw uurtarief productie'!$E$47*('2-Kosten per locatie'!G16+'2-Kosten per locatie'!I16) -> 0 | N16: =L16+M16 -> 0 | O16: =J16*'7-Opbouw uurtarief toezicht'!$E$47 -> 0 | P16: =K16*'7-Opbouw uurtarief toezicht'!$E$47 -> 0 | Q16: =O16+P16 -> 0 | R16: =SUMIF('11-Vloeronderhoud'!A:A,'2-Kosten per locatie'!A16,'11-Vloeronderhoud'!H:H) -> 0 | S16: =SUMIF('8-Additionele kosten'!A:A,'2-Kosten per locatie'!A16,'8-Additionele kosten'!H:H) -> 0 | T16: =SUMIF('12-Sanitaire voorzieningen'!A:A,'2-Kosten per locatie'!A16,'12-Sanitaire voorzieningen'!R:R) -> 0 | U16: =SUMIF('10-Glasbewassing'!A:A,'2-Kosten per locatie'!A16,'10-Glasbewassing'!H:H) -> 0 | V16: =N16+Q16+R16+S16+U16+T16 -> 0 | W16: =V16/12 -> 0 | Y16: =SUMIF('4-Basis ruimtestaat'!B:B,'2-Kosten per locatie'!A16,'4-Basis ruimtestaat'!X:X) -> 7800 | Z16: =Y16/(F16+H16) -> 209.31038
A17: Edam-Volendam - Dijkgraaf Poschlaan (VRZW) | B17: =SUMIF('4-Basis ruimtestaat'!B:B,'2-Kosten per locatie'!A17,'4-Basis ruimtestaat'!I:I) -> 103.8 | C17: 1 | D17: 52 | E17: 52 | F17: =SUMIF('4-Basis ruimtestaat'!B:B,'2-Kosten per locatie'!A17,'4-Basis ruimtestaat'!Q:Q) -> 40.196281 | G17: =SUMIF('4-Basis ruimtestaat'!B:B,'2-Kosten per locatie'!A17,'4-Basis ruimtestaat'!R:R) -> 0 | H17: =IF(F17<(D17*$E$2),D17*$E$2-F17,0) -> 0 | I17: =IF(G17<(E17*$E$2),E17*$E$2-G17,0) -> 0 | J17: =F17*$E$5 -> 0 | K17: =G17*$E$5 -> 0 | L17: ='6-Opbouw uurtarief productie'!$E$47*('2-Kosten per locatie'!F17+'2-Kosten per locatie'!H17) -> 0 | M17: ='6-Opbouw uurtarief productie'!$E$47*('2-Kosten per locatie'!G17+'2-Kosten per locatie'!I17) -> 0 | N17: =L17+M17 -> 0 | O17: =J17*'7-Opbouw uurtarief toezicht'!$E$47 -> 0 | P17: =K17*'7-Opbouw uurtarief toezicht'!$E$47 -> 0 | Q17: =O17+P17 -> 0 | R17: =SUMIF('11-Vloeronderhoud'!A:A,'2-Kosten per locatie'!A17,'11-Vloeronderhoud'!H:H) -> 0 | S17: =SUMIF('8-Additionele kosten'!A:A,'2-Kosten per locatie'!A17,'8-Additionele kosten'!H:H) -> 0 | T17: =SUMIF('12-Sanitaire voorzieningen'!A:A,'2-Kosten per locatie'!A17,'12-Sanitaire voorzieningen'!R:R) -> 0 | U17: =SUMIF('10-Glasbewassing'!A:A,'2-Kosten per locatie'!A17,'10-Glasbewassing'!H:H) -> 0 | V17: =N17+Q17+R17+S17+U17+T17 -> 0 | W17: =V17/12 -> 0 | Y17: =SUMIF('4-Basis ruimtestaat'!B:B,'2-Kosten per locatie'!A17,'4-Basis ruimtestaat'!X:X) -> 5073.6 | Z17: =Y17/(F17+H17) -> 126.22063
A18: Ilpendam - Nijverheidsweg (VRZW) | B18: =SUMIF('4-Basis ruimtestaat'!B:B,'2-Kosten per locatie'!A18,'4-Basis ruimtestaat'!I:I) -> 100 | C18: 1 | D18: =_xlfn.MAXIFS('4-Basis ruimtestaat'!K:K,'4-Basis ruimtestaat'!B:B,'2-Kosten per locatie'!A18) -> 52 | E18: 52 | F18: =SUMIF('4-Basis ruimtestaat'!B:B,'2-Kosten per locatie'!A18,'4-Basis ruimtestaat'!Q:Q) -> 32.412361 | G18: =SUMIF('4-Basis ruimtestaat'!B:B,'2-Kosten per locatie'!A18,'4-Basis ruimtestaat'!R:R) -> 0 | H18: =IF(F18<(D18*$E$2),D18*$E$2-F18,0) -> 0 | I18: =IF(G18<(E18*$E$2),E18*$E$2-G18,0) -> 0 | J18: =F18*$E$5 -> 0 | K18: =G18*$E$5 -> 0 | L18: ='6-Opbouw uurtarief productie'!$E$47*('2-Kosten per locatie'!F18+'2-Kosten per locatie'!H18) -> 0 | M18: ='6-Opbouw uurtarief productie'!$E$47*('2-Kosten per locatie'!G18+'2-Kosten per locatie'!I18) -> 0 | N18: =L18+M18 -> 0 | O18: =J18*'7-Opbouw uurtarief toezicht'!$E$47 -> 0 | P18: =K18*'7-Opbouw uurtarief toezicht'!$E$47 -> 0 | Q18: =O18+P18 -> 0 | R18: =SUMIF('11-Vloeronderhoud'!A:A,'2-Kosten per locatie'!A18,'11-Vloeronderhoud'!H:H) -> 0 | S18: =SUMIF('8-Additionele kosten'!A:A,'2-Kosten per locatie'!A18,'8-Additionele kosten'!H:H) -> 0 | T18: =SUMIF('12-Sanitaire voorzieningen'!A:A,'2-Kosten per locatie'!A18,'12-Sanitaire voorzieningen'!R:R) -> 0 | U18: =SUMIF('10-Glasbewassing'!A:A,'2-Kosten per locatie'!A18,'10-Glasbewassing'!H:H) -> 0 | V18: =N18+Q18+R18+S18+U18+T18 -> 0 | W18: =V18/12 -> 0 | Y18: =SUMIF('4-Basis ruimtestaat'!B:B,'2-Kosten per locatie'!A18,'4-Basis ruimtestaat'!X:X) -> 5080 | Z18: =Y18/(F18+H18) -> 156.73033
A19: Krommenie - Kervelstraat (VRZW) | B19: =SUMIF('4-Basis ruimtestaat'!B:B,'2-Kosten per locatie'!A19,'4-Basis ruimtestaat'!I:I) -> 233.78 | C19: 1 | D19: ='2-Kosten per locatie'!D18 -> 52 | E19: 52 | F19: =SUMIF('4-Basis ruimtestaat'!B:B,'2-Kosten per locatie'!A19,'4-Basis ruimtestaat'!Q:Q) -> 59.019133 | G19: =SUMIF('4-Basis ruimtestaat'!B:B,'2-Kosten per locatie'!A19,'4-Basis ruimtestaat'!R:R) -> 0 | H19: =IF(F19<(D19*$E$2),D19*$E$2-F19,0) -> 0 | I19: =IF(G19<(E19*$E$2),E19*$E$2-G19,0) -> 0 | J19: =F19*$E$5 -> 0 | K19: =G19*$E$5 -> 0 | L19: ='6-Opbouw uurtarief productie'!$E$47*('2-Kosten per locatie'!F19+'2-Kosten per locatie'!H19) -> 0 | M19: ='6-Opbouw uurtarief productie'!$E$47*('2-Kosten per locatie'!G19+'2-Kosten per locatie'!I19) -> 0 | N19: =L19+M19 -> 0 | O19: =J19*'7-Opbouw uurtarief toezicht'!$E$47 -> 0 | P19: =K19*'7-Opbouw uurtarief toezicht'!$E$47 -> 0 | Q19: =O19+P19 -> 0 | R19: =SUMIF('11-Vloeronderhoud'!A:A,'2-Kosten per locatie'!A19,'11-Vloeronderhoud'!H:H) -> 0 | S19: =SUMIF('8-Additionele kosten'!A:A,'2-Kosten per locatie'!A19,'8-Additionele kosten'!H:H) -> 0 | T19: =SUMIF('12-Sanitaire voorzieningen'!A:A,'2-Kosten per locatie'!A19,'12-Sanitaire voorzieningen'!R:R) -> 0 | U19: =SUMIF('10-Glasbewassing'!A:A,'2-Kosten per locatie'!A19,'10-Glasbewassing'!H:H) -> 0 | V19: =N19+Q19+R19+S19+U19+T19 -> 0 | W19: =V19/12 -> 0 | Y19: =SUMIF('4-Basis ruimtestaat'!B:B,'2-Kosten per locatie'!A19,'4-Basis ruimtestaat'!X:X) -> 12156.56 | Z19: =Y19/(F19+H19) -> 205.97659
A20: Edam- Volendam - Kwadijk (VRZW) | B20: =SUMIF('4-Basis ruimtestaat'!B:B,'2-Kosten per locatie'!A20,'4-Basis ruimtestaat'!I:I) -> 334.4 | C20: 1 | D20: 52 | E20: 52 | F20: =SUMIF('4-Basis ruimtestaat'!B:B,'2-Kosten per locatie'!A20,'4-Basis ruimtestaat'!Q:Q) -> 65.496499 | G20: =SUMIF('4-Basis ruimtestaat'!B:B,'2-Kosten per locatie'!A20,'4-Basis ruimtestaat'!R:R) -> 0 | H20: =IF(F20<(D20*$E$2),D20*$E$2-F20,0) -> 0 | I20: =IF(G20<(E20*$E$2),E20*$E$2-G20,0) -> 0 | J20: =F20*$E$5 -> 0 | K20: =G20*$E$5 -> 0 | L20: ='6-Opbouw uurtarief productie'!$E$47*('2-Kosten per locatie'!F20+'2-Kosten per locatie'!H20) -> 0 | M20: ='6-Opbouw uurtarief productie'!$E$47*('2-Kosten per locatie'!G20+'2-Kosten per locatie'!I20) -> 0 | N20: =L20+M20 -> 0 | O20: =J20*'7-Opbouw uurtarief toezicht'!$E$47 -> 0 | P20: =K20*'7-Opbouw uurtarief toezicht'!$E$47 -> 0 | Q20: =O20+P20 -> 0 | R20: =SUMIF('11-Vloeronderhoud'!A:A,'2-Kosten per locatie'!A20,'11-Vloeronderhoud'!H:H) -> 0 | S20: =SUMIF('8-Additionele kosten'!A:A,'2-Kosten per locatie'!A20,'8-Additionele kosten'!H:H) -> 0 | T20: =SUMIF('12-Sanitaire voorzieningen'!A:A,'2-Kosten per locatie'!A20,'12-Sanitaire voorzieningen'!R:R) -> 0 | U20: =SUMIF('10-Glasbewassing'!A:A,'2-Kosten per locatie'!A20,'10-Glasbewassing'!H:H) -> 0 | V20: =N20+Q20+R20+S20+U20+T20 -> 0 | W20: =V20/12 -> 0 | Y20: =SUMIF('4-Basis ruimtestaat'!B:B,'2-Kosten per locatie'!A20,'4-Basis ruimtestaat'!X:X) -> 13508.8 | Z20: =Y20/(F20+H20) -> 206.25224
A21: Landsmeer - Fuutstraat (VRZW) | B21: =SUMIF('4-Basis ruimtestaat'!B:B,'2-Kosten per locatie'!A21,'4-Basis ruimtestaat'!I:I) -> 99 | C21: 1 | D21: =_xlfn.MAXIFS('4-Basis ruimtestaat'!K:K,'4-Basis ruimtestaat'!B:B,'2-Kosten per locatie'!A21) -> 52 | E21: 52 | F21: =SUMIF('4-Basis ruimtestaat'!B:B,'2-Kosten per locatie'!A21,'4-Basis ruimtestaat'!Q:Q) -> 31.046476 | G21: =SUMIF('4-Basis ruimtestaat'!B:B,'2-Kosten per locatie'!A21,'4-Basis ruimtestaat'!R:R) -> 0 | H21: =IF(F21<(D21*$E$2),D21*$E$2-F21,0) -> 0 | I21: =IF(G21<(E21*$E$2),E21*$E$2-G21,0) -> 0 | J21: =F21*$E$5 -> 0 | K21: =G21*$E$5 -> 0 | L21: ='6-Opbouw uurtarief productie'!$E$47*('2-Kosten per locatie'!F21+'2-Kosten per locatie'!H21) -> 0 | M21: ='6-Opbouw uurtarief productie'!$E$47*('2-Kosten per locatie'!G21+'2-Kosten per locatie'!I21) -> 0 | N21: =L21+M21 -> 0 | O21: =J21*'7-Opbouw uurtarief toezicht'!$E$47 -> 0 | P21: =K21*'7-Opbouw uurtarief toezicht'!$E$47 -> 0 | Q21: =O21+P21 -> 0 | R21: =SUMIF('11-Vloeronderhoud'!A:A,'2-Kosten per locatie'!A21,'11-Vloeronderhoud'!H:H) -> 0 | S21: =SUMIF('8-Additionele kosten'!A:A,'2-Kosten per locatie'!A21,'8-Additionele kosten'!H:H) -> 0 | T21: =SUMIF('12-Sanitaire voorzieningen'!A:A,'2-Kosten per locatie'!A21,'12-Sanitaire voorzieningen'!R:R) -> 0 | U21: =SUMIF('10-Glasbewassing'!A:A,'2-Kosten per locatie'!A21,'10-Glasbewassing'!H:H) -> 0 | V21: =N21+Q21+R21+S21+U21+T21 -> 0 | W21: =V21/12 -> 0 | Y21: =SUMIF('4-Basis ruimtestaat'!B:B,'2-Kosten per locatie'!A21,'4-Basis ruimtestaat'!X:X) -> 5148 | Z21: =Y21/(F21+H21) -> 165.81592
A22: Marken - Buurterstraat (VRZW) | B22: =SUMIF('4-Basis ruimtestaat'!B:B,'2-Kosten per locatie'!A22,'4-Basis ruimtestaat'!I:I) -> 126 | C22: 1 | D22: =_xlfn.MAXIFS('4-Basis ruimtestaat'!K:K,'4-Basis ruimtestaat'!B:B,'2-Kosten per locatie'!A22) -> 52 | E22: 52 | F22: =SUMIF('4-Basis ruimtestaat'!B:B,'2-Kosten per locatie'!A22,'4-Basis ruimtestaat'!Q:Q) -> 58.174677 | G22: =SUMIF('4-Basis ruimtestaat'!B:B,'2-Kosten per locatie'!A22,'4-Basis ruimtestaat'!R:R) -> 0 | H22: =IF(F22<(D22*$E$2),D22*$E$2-F22,0) -> 0 | I22: =IF(G22<(E22*$E$2),E22*$E$2-G22,0) -> 0 | J22: =F22*$E$5 -> 0 | K22: =G22*$E$5 -> 0 | L22: ='6-Opbouw uurtarief productie'!$E$47*('2-Kosten per locatie'!F22+'2-Kosten per locatie'!H22) -> 0 | M22: ='6-Opbouw uurtarief productie'!$E$47*('2-Kosten per locatie'!G22+'2-Kosten per locatie'!I22) -> 0 | N22: =L22+M22 -> 0 | O22: =J22*'7-Opbouw uurtarief toezicht'!$E$47 -> 0 | P22: =K22*'7-Opbouw uurtarief toezicht'!$E$47 -> 0 | Q22: =O22+P22 -> 0 | R22: =SUMIF('11-Vloeronderhoud'!A:A,'2-Kosten per locatie'!A22,'11-Vloeronderhoud'!H:H) -> 0 | S22: =SUMIF('8-Additionele kosten'!A:A,'2-Kosten per locatie'!A22,'8-Additionele kosten'!H:H) -> 0 | T22: =SUMIF('12-Sanitaire voorzieningen'!A:A,'2-Kosten per locatie'!A22,'12-Sanitaire voorzieningen'!R:R) -> 0 | U22: =SUMIF('10-Glasbewassing'!A:A,'2-Kosten per locatie'!A22,'10-Glasbewassing'!H:H) -> 0 | V22: =N22+Q22+R22+S22+U22+T22 -> 0 | W22: =V22/12 -> 0 | Y22: =SUMIF('4-Basis ruimtestaat'!B:B,'2-Kosten per locatie'!A22,'4-Basis ruimtestaat'!X:X) -> 6232 | Z22: =Y22/(F22+H22) -> 107.12565
A23: Middenbeemster - Klaas Hogentoornlaan (VRZW) | B23: =SUMIF('4-Basis ruimtestaat'!B:B,'2-Kosten per locatie'!A23,'4-Basis ruimtestaat'!I:I) -> 449 | C23: 1 | D23: =_xlfn.MAXIFS('4-Basis ruimtestaat'!K:K,'4-Basis ruimtestaat'!B:B,'2-Kosten per locatie'!A23) -> 52 | E23: 52 | F23: =SUMIF('4-Basis ruimtestaat'!B:B,'2-Kosten per locatie'!A23,'4-Basis ruimtestaat'!Q:Q) -> 45.532491 | G23: =SUMIF('4-Basis ruimtestaat'!B:B,'2-Kosten per locatie'!A23,'4-Basis ruimtestaat'!R:R) -> 0 | H23: =IF(F23<(D23*$E$2),D23*$E$2-F23,0) -> 0 | I23: =IF(G23<(E23*$E$2),E23*$E$2-G23,0) -> 0 | J23: =F23*$E$5 -> 0 | K23: =G23*$E$5 -> 0 | L23: ='6-Opbouw uurtarief productie'!$E$47*('2-Kosten per locatie'!F23+'2-Kosten per locatie'!H23) -> 0 | M23: ='6-Opbouw uurtarief productie'!$E$47*('2-Kosten per locatie'!G23+'2-Kosten per locatie'!I23) -> 0 | N23: =L23+M23 -> 0 | O23: =J23*'7-Opbouw uurtarief toezicht'!$E$47 -> 0 | P23: =K23*'7-Opbouw uurtarief toezicht'!$E$47 -> 0 | Q23: =O23+P23 -> 0 | R23: =SUMIF('11-Vloeronderhoud'!A:A,'2-Kosten per locatie'!A23,'11-Vloeronderhoud'!H:H) -> 0 | S23: =SUMIF('8-Additionele kosten'!A:A,'2-Kosten per locatie'!A23,'8-Additionele kosten'!H:H) -> 0 | T23: =SUMIF('12-Sanitaire voorzieningen'!A:A,'2-Kosten per locatie'!A23,'12-Sanitaire voorzieningen'!R:R) -> 0 | U23: =SUMIF('10-Glasbewassing'!A:A,'2-Kosten per locatie'!A23,'10-Glasbewassing'!H:H) -> 0 | V23: =N23+Q23+R23+S23+U23+T23 -> 0 | W23: =V23/12 -> 0 | Y23: =SUMIF('4-Basis ruimtestaat'!B:B,'2-Kosten per locatie'!A23,'4-Basis ruimtestaat'!X:X) -> 8504 | Z23: =Y23/(F23+H23) -> 186.76773
A24: Monnickendam - De Werf (VRZW) | B24: =SUMIF('4-Basis ruimtestaat'!B:B,'2-Kosten per locatie'!A24,'4-Basis ruimtestaat'!I:I) -> 570 | C24: 1 | D24: =_xlfn.MAXIFS('4-Basis ruimtestaat'!K:K,'4-Basis ruimtestaat'!B:B,'2-Kosten per locatie'!A24) -> 52 | E24: 52 | F24: =SUMIF('4-Basis ruimtestaat'!B:B,'2-Kosten per locatie'!A24,'4-Basis ruimtestaat'!Q:Q) -> 115.6 | G24: =SUMIF('4-Basis ruimtestaat'!B:B,'2-Kosten per locatie'!A24,'4-Basis ruimtestaat'!R:R) -> 0 | H24: =IF(F24<(D24*$E$2),D24*$E$2-F24,0) -> 0 | I24: =IF(G24<(E24*$E$2),E24*$E$2-G24,0) -> 0 | J24: =F24*$E$5 -> 0 | K24: =G24*$E$5 -> 0 | L24: ='6-Opbouw uurtarief productie'!$E$47*('2-Kosten per locatie'!F24+'2-Kosten per locatie'!H24) -> 0 | M24: ='6-Opbouw uurtarief productie'!$E$47*('2-Kosten per locatie'!G24+'2-Kosten per locatie'!I24) -> 0 | N24: =L24+M24 -> 0 | O24: =J24*'7-Opbouw uurtarief toezicht'!$E$47 -> 0 | P24: =K24*'7-Opbouw uurtarief toezicht'!$E$47 -> 0 | Q24: =O24+P24 -> 0 | R24: =SUMIF('11-Vloeronderhoud'!A:A,'2-Kosten per locatie'!A24,'11-Vloeronderhoud'!H:H) -> 0 | S24: =SUMIF('8-Additionele kosten'!A:A,'2-Kosten per locatie'!A24,'8-Additionele kosten'!H:H) -> 0 | T24: =SUMIF('12-Sanitaire voorzieningen'!A:A,'2-Kosten per locatie'!A24,'12-Sanitaire voorzieningen'!R:R) -> 0 | U24: =SUMIF('10-Glasbewassing'!A:A,'2-Kosten per locatie'!A24,'10-Glasbewassing'!H:H) -> 0 | V24: =N24+Q24+R24+S24+U24+T24 -> 0 | W24: =V24/12 -> 0 | Y24: =SUMIF('4-Basis ruimtestaat'!B:B,'2-Kosten per locatie'!A24,'4-Basis ruimtestaat'!X:X) -> 17160 | Z24: =Y24/(F24+H24) -> 148.44291
A25: Oosthuizen - Hoornse Jaagweg (VRZW) | B25: =SUMIF('4-Basis ruimtestaat'!B:B,'2-Kosten per locatie'!A25,'4-Basis ruimtestaat'!I:I) -> 135 | C25: 1 | D25: =_xlfn.MAXIFS('4-Basis ruimtestaat'!K:K,'4-Basis ruimtestaat'!B:B,'2-Kosten per locatie'!A25) -> 52 | E25: 52 | F25: =SUMIF('4-Basis ruimtestaat'!B:B,'2-Kosten per locatie'!A25,'4-Basis ruimtestaat'!Q:Q) -> 49.560952 | G25: =SUMIF('4-Basis ruimtestaat'!B:B,'2-Kosten per locatie'!A25,'4-Basis ruimtestaat'!R:R) -> 0 | H25: =IF(F25<(D25*$E$2),D25*$E$2-F25,0) -> 0 | I25: =IF(G25<(E25*$E$2),E25*$E$2-G25,0) -> 0 | J25: =F25*$E$5 -> 0 | K25: =G25*$E$5 -> 0 | L25: ='6-Opbouw uurtarief productie'!$E$47*('2-Kosten per locatie'!F25+'2-Kosten per locatie'!H25) -> 0 | M25: ='6-Opbouw uurtarief productie'!$E$47*('2-Kosten per locatie'!G25+'2-Kosten per locatie'!I25) -> 0 | N25: =L25+M25 -> 0 | O25: =J25*'7-Opbouw uurtarief toezicht'!$E$47 -> 0 | P25: =K25*'7-Opbouw uurtarief toezicht'!$E$47 -> 0 | Q25: =O25+P25 -> 0 | R25: =SUMIF('11-Vloeronderhoud'!A:A,'2-Kosten per locatie'!A25,'11-Vloeronderhoud'!H:H) -> 0 | S25: =SUMIF('8-Additionele kosten'!A:A,'2-Kosten per locatie'!A25,'8-Additionele kosten'!H:H) -> 0 | T25: =SUMIF('12-Sanitaire voorzieningen'!A:A,'2-Kosten per locatie'!A25,'12-Sanitaire voorzieningen'!R:R) -> 0 | U25: =SUMIF('10-Glasbewassing'!A:A,'2-Kosten per locatie'!A25,'10-Glasbewassing'!H:H) -> 0 | V25: =N25+Q25+R25+S25+U25+T25 -> 0 | W25: =V25/12 -> 0 | Y25: =SUMIF('4-Basis ruimtestaat'!B:B,'2-Kosten per locatie'!A25,'4-Basis ruimtestaat'!X:X) -> 6968 | Z25: =Y25/(F25+H25) -> 140.59455
A26: Oostzaan - Kerkstraat (VRZW) | B26: =SUMIF('4-Basis ruimtestaat'!B:B,'2-Kosten per locatie'!A26,'4-Basis ruimtestaat'!I:I) -> 141.5 | C26: 1 | D26: =_xlfn.MAXIFS('4-Basis ruimtestaat'!K:K,'4-Basis ruimtestaat'!B:B,'2-Kosten per locatie'!A26) -> 52 | E26: 52 | F26: =SUMIF('4-Basis ruimtestaat'!B:B,'2-Kosten per locatie'!A26,'4-Basis ruimtestaat'!Q:Q) -> 54.803048 | G26: =SUMIF('4-Basis ruimtestaat'!B:B,'2-Kosten per locatie'!A26,'4-Basis ruimtestaat'!R:R) -> 0 | H26: =IF(F26<(D26*$E$2),D26*$E$2-F26,0) -> 0 | I26: =IF(G26<(E26*$E$2),E26*$E$2-G26,0) -> 0 | J26: =F26*$E$5 -> 0 | K26: =G26*$E$5 -> 0 | L26: ='6-Opbouw uurtarief productie'!$E$47*('2-Kosten per locatie'!F26+'2-Kosten per locatie'!H26) -> 0 | M26: ='6-Opbouw uurtarief productie'!$E$47*('2-Kosten per locatie'!G26+'2-Kosten per locatie'!I26) -> 0 | N26: =L26+M26 -> 0 | O26: =J26*'7-Opbouw uurtarief toezicht'!$E$47 -> 0 | P26: =K26*'7-Opbouw uurtarief toezicht'!$E$47 -> 0 | Q26: =O26+P26 -> 0 | R26: =SUMIF('11-Vloeronderhoud'!A:A,'2-Kosten per locatie'!A26,'11-Vloeronderhoud'!H:H) -> 0 | S26: =SUMIF('8-Additionele kosten'!A:A,'2-Kosten per locatie'!A26,'8-Additionele kosten'!H:H) -> 0 | T26: =SUMIF('12-Sanitaire voorzieningen'!A:A,'2-Kosten per locatie'!A26,'12-Sanitaire voorzieningen'!R:R) -> 0 | U26: =SUMIF('10-Glasbewassing'!A:A,'2-Kosten per locatie'!A26,'10-Glasbewassing'!H:H) -> 0 | V26: =N26+Q26+R26+S26+U26+T26 -> 0 | W26: =V26/12 -> 0 | Y26: =SUMIF('4-Basis ruimtestaat'!B:B,'2-Kosten per locatie'!A26,'4-Basis ruimtestaat'!X:X) -> 7254 | Z26: =Y26/(F26+H26) -> 132.3649
A27: Purmerend - Gorslaan (VRZW) | B27: =SUMIF('4-Basis ruimtestaat'!B:B,'2-Kosten per locatie'!A27,'4-Basis ruimtestaat'!I:I) -> 1886 | C27: 1 | D27: =_xlfn.MAXIFS('4-Basis ruimtestaat'!K:K,'4-Basis ruimtestaat'!B:B,'2-Kosten per locatie'!A27) -> 255 | E27: 255 | F27: =SUMIF('4-Basis ruimtestaat'!B:B,'2-Kosten per locatie'!A27,'4-Basis ruimtestaat'!Q:Q) -> 1125.0886 | G27: =SUMIF('4-Basis ruimtestaat'!B:B,'2-Kosten per locatie'!A27,'4-Basis ruimtestaat'!R:R) -> 0 | H27: =IF(F27<(D27*$E$2),D27*$E$2-F27,0) -> 0 | I27: =IF(G27<(E27*$E$2),E27*$E$2-G27,0) -> 0 | J27: =F27*$E$5 -> 0 | K27: =G27*$E$5 -> 0 | L27: ='6-Opbouw uurtarief productie'!$E$47*('2-Kosten per locatie'!F27+'2-Kosten per locatie'!H27) -> 0 | M27: ='6-Opbouw uurtarief productie'!$E$47*('2-Kosten per locatie'!G27+'2-Kosten per locatie'!I27) -> 0 | N27: =L27+M27 -> 0 | O27: =J27*'7-Opbouw uurtarief toezicht'!$E$47 -> 0 | P27: =K27*'7-Opbouw uurtarief toezicht'!$E$47 -> 0 | Q27: =O27+P27 -> 0 | R27: =SUMIF('11-Vloeronderhoud'!A:A,'2-Kosten per locatie'!A27,'11-Vloeronderhoud'!H:H) -> 0 | S27: =SUMIF('8-Additionele kosten'!A:A,'2-Kosten per locatie'!A27,'8-Additionele kosten'!H:H) -> 0 | T27: =SUMIF('12-Sanitaire voorzieningen'!A:A,'2-Kosten per locatie'!A27,'12-Sanitaire voorzieningen'!R:R) -> 0 | U27: =SUMIF('10-Glasbewassing'!A:A,'2-Kosten per locatie'!A27,'10-Glasbewassing'!H:H) -> 0 | V27: =N27+Q27+R27+S27+U27+T27 -> 0 | W27: =V27/12 -> 0 | Y27: =SUMIF('4-Basis ruimtestaat'!B:B,'2-Kosten per locatie'!A27,'4-Basis ruimtestaat'!X:X) -> 357810 | Z27: =Y27/(F27+H27) -> 318.02829
A28: Spijkerboor - Starnmeerdijk (VRZW) | B28: =SUMIF('4-Basis ruimtestaat'!B:B,'2-Kosten per locatie'!A28,'4-Basis ruimtestaat'!I:I) -> 104 | C28: 1 | D28: =_xlfn.MAXIFS('4-Basis ruimtestaat'!K:K,'4-Basis ruimtestaat'!B:B,'2-Kosten per locatie'!A28) -> 52 | E28: 52 | F28: =SUMIF('4-Basis ruimtestaat'!B:B,'2-Kosten per locatie'!A28,'4-Basis ruimtestaat'!Q:Q) -> 12.714887 | G28: =SUMIF('4-Basis ruimtestaat'!B:B,'2-Kosten per locatie'!A28,'4-Basis ruimtestaat'!R:R) -> 0 | H28: =IF(F28<(D28*$E$2),D28*$E$2-F28,0) -> 0 | I28: =IF(G28<(E28*$E$2),E28*$E$2-G28,0) -> 0 | J28: =F28*$E$5 -> 0 | K28: =G28*$E$5 -> 0 | L28: ='6-Opbouw uurtarief productie'!$E$47*('2-Kosten per locatie'!F28+'2-Kosten per locatie'!H28) -> 0 | M28: ='6-Opbouw uurtarief productie'!$E$47*('2-Kosten per locatie'!G28+'2-Kosten per locatie'!I28) -> 0 | N28: =L28+M28 -> 0 | O28: =J28*'7-Opbouw uurtarief toezicht'!$E$47 -> 0 | P28: =K28*'7-Opbouw uurtarief toezicht'!$E$47 -> 0 | Q28: =O28+P28 -> 0 | R28: =SUMIF('11-Vloeronderhoud'!A:A,'2-Kosten per locatie'!A28,'11-Vloeronderhoud'!H:H) -> 0 | S28: =SUMIF('8-Additionele kosten'!A:A,'2-Kosten per locatie'!A28,'8-Additionele kosten'!H:H) -> 0 | T28: =SUMIF('12-Sanitaire voorzieningen'!A:A,'2-Kosten per locatie'!A28,'12-Sanitaire voorzieningen'!R:R) -> 0 | U28: =SUMIF('10-Glasbewassing'!A:A,'2-Kosten per locatie'!A28,'10-Glasbewassing'!H:H) -> 0 | V28: =N28+Q28+R28+S28+U28+T28 -> 0 | W28: =V28/12 -> 0 | Y28: =SUMIF('4-Basis ruimtestaat'!B:B,'2-Kosten per locatie'!A28,'4-Basis ruimtestaat'!X:X) -> 1848 | Z28: =Y28/(F28+H28) -> 145.34144
A29: Volendam - Julianaweg (VRZW) | B29: =SUMIF('4-Basis ruimtestaat'!B:B,'2-Kosten per locatie'!A29,'4-Basis ruimtestaat'!I:I) -> 681 | C29: 1 | D29: =_xlfn.MAXIFS('4-Basis ruimtestaat'!K:K,'4-Basis ruimtestaat'!B:B,'2-Kosten per locatie'!A29) -> 255 | E29: 255 | F29: =SUMIF('4-Basis ruimtestaat'!B:B,'2-Kosten per locatie'!A29,'4-Basis ruimtestaat'!Q:Q) -> 684.51623 | G29: =SUMIF('4-Basis ruimtestaat'!B:B,'2-Kosten per locatie'!A29,'4-Basis ruimtestaat'!R:R) -> 0 | H29: =IF(F29<(D29*$E$2),D29*$E$2-F29,0) -> 0 | I29: =IF(G29<(E29*$E$2),E29*$E$2-G29,0) -> 0 | J29: =F29*$E$5 -> 0 | K29: =G29*$E$5 -> 0 | L29: ='6-Opbouw uurtarief productie'!$E$47*('2-Kosten per locatie'!F29+'2-Kosten per locatie'!H29) -> 0 | M29: ='6-Opbouw uurtarief productie'!$E$47*('2-Kosten per locatie'!G29+'2-Kosten per locatie'!I29) -> 0 | N29: =L29+M29 -> 0 | O29: =J29*'7-Opbouw uurtarief toezicht'!$E$47 -> 0 | P29: =K29*'7-Opbouw uurtarief toezicht'!$E$47 -> 0 | Q29: =O29+P29 -> 0 | R29: =SUMIF('11-Vloeronderhoud'!A:A,'2-Kosten per locatie'!A29,'11-Vloeronderhoud'!H:H) -> 0 | S29: =SUMIF('8-Additionele kosten'!A:A,'2-Kosten per locatie'!A29,'8-Additionele kosten'!H:H) -> 0 | T29: =SUMIF('12-Sanitaire voorzieningen'!A:A,'2-Kosten per locatie'!A29,'12-Sanitaire voorzieningen'!R:R) -> 0 | U29: =SUMIF('10-Glasbewassing'!A:A,'2-Kosten per locatie'!A29,'10-Glasbewassing'!H:H) -> 0 | V29: =N29+Q29+R29+S29+U29+T29 -> 0 | W29: =V29/12 -> 0 | Y29: =SUMIF('4-Basis ruimtestaat'!B:B,'2-Kosten per locatie'!A29,'4-Basis ruimtestaat'!X:X) -> 108289 | Z29: =Y29/(F29+H29) -> 158.19786
A30: Wormer - Koetserstraat (VRZW) | B30: =SUMIF('4-Basis ruimtestaat'!B:B,'2-Kosten per locatie'!A30,'4-Basis ruimtestaat'!I:I) -> 706.2 | C30: 1 | D30: =_xlfn.MAXIFS('4-Basis ruimtestaat'!K:K,'4-Basis ruimtestaat'!B:B,'2-Kosten per locatie'!A30) -> 52 | E30: 52 | F30: =SUMIF('4-Basis ruimtestaat'!B:B,'2-Kosten per locatie'!A30,'4-Basis ruimtestaat'!Q:Q) -> 187.69029 | G30: =SUMIF('4-Basis ruimtestaat'!B:B,'2-Kosten per locatie'!A30,'4-Basis ruimtestaat'!R:R) -> 0 | H30: =IF(F30<(D30*$E$2),D30*$E$2-F30,0) -> 0 | I30: =IF(G30<(E30*$E$2),E30*$E$2-G30,0) -> 0 | J30: =F30*$E$5 -> 0 | K30: =G30*$E$5 -> 0 | L30: ='6-Opbouw uurtarief productie'!$E$47*('2-Kosten per locatie'!F30+'2-Kosten per locatie'!H30) -> 0 | M30: ='6-Opbouw uurtarief productie'!$E$47*('2-Kosten per locatie'!G30+'2-Kosten per locatie'!I30) -> 0 | N30: =L30+M30 -> 0 | O30: =J30*'7-Opbouw uurtarief toezicht'!$E$47 -> 0 | P30: =K30*'7-Opbouw uurtarief toezicht'!$E$47 -> 0 | Q30: =O30+P30 -> 0 | R30: =SUMIF('11-Vloeronderhoud'!A:A,'2-Kosten per locatie'!A30,'11-Vloeronderhoud'!H:H) -> 0 | S30: =SUMIF('8-Additionele kosten'!A:A,'2-Kosten per locatie'!A30,'8-Additionele kosten'!H:H) -> 0 | T30: =SUMIF('12-Sanitaire voorzieningen'!A:A,'2-Kosten per locatie'!A30,'12-Sanitaire voorzieningen'!R:R) -> 0 | U30: =SUMIF('10-Glasbewassing'!A:A,'2-Kosten per locatie'!A30,'10-Glasbewassing'!H:H) -> 0 | V30: =N30+Q30+R30+S30+U30+T30 -> 0 | W30: =V30/12 -> 0 | Y30: =SUMIF('4-Basis ruimtestaat'!B:B,'2-Kosten per locatie'!A30,'4-Basis ruimtestaat'!X:X) -> 36722.4 | Z30: =Y30/(F30+H30) -> 195.65424
A31: Wormerveer - Industrieweg (VRZW) | B31: =SUMIF('4-Basis ruimtestaat'!B:B,'2-Kosten per locatie'!A31,'4-Basis ruimtestaat'!I:I) -> 759.5 | C31: 1 | D31: =_xlfn.MAXIFS('4-Basis ruimtestaat'!K:K,'4-Basis ruimtestaat'!B:B,'2-Kosten per locatie'!A31) -> 255 | E31: 255 | F31: =SUMIF('4-Basis ruimtestaat'!B:B,'2-Kosten per locatie'!A31,'4-Basis ruimtestaat'!Q:Q) -> 330.04636 | G31: =SUMIF('4-Basis ruimtestaat'!B:B,'2-Kosten per locatie'!A31,'4-Basis ruimtestaat'!R:R) -> 0 | H31: =IF(F31<(D31*$E$2),D31*$E$2-F31,0) -> 0 | I31: =IF(G31<(E31*$E$2),E31*$E$2-G31,0) -> 0 | J31: =F31*$E$5 -> 0 | K31: =G31*$E$5 -> 0 | L31: ='6-Opbouw uurtarief productie'!$E$47*('2-Kosten per locatie'!F31+'2-Kosten per locatie'!H31) -> 0 | M31: ='6-Opbouw uurtarief productie'!$E$47*('2-Kosten per locatie'!G31+'2-Kosten per locatie'!I31) -> 0 | N31: =L31+M31 -> 0 | O31: =J31*'7-Opbouw uurtarief toezicht'!$E$47 -> 0 | P31: =K31*'7-Opbouw uurtarief toezicht'!$E$47 -> 0 | Q31: =O31+P31 -> 0 | R31: =SUMIF('11-Vloeronderhoud'!A:A,'2-Kosten per locatie'!A31,'11-Vloeronderhoud'!H:H) -> 0 | S31: =SUMIF('8-Additionele kosten'!A:A,'2-Kosten per locatie'!A31,'8-Additionele kosten'!H:H) -> 0 | T31: =SUMIF('12-Sanitaire voorzieningen'!A:A,'2-Kosten per locatie'!A31,'12-Sanitaire voorzieningen'!R:R) -> 0 | U31: =SUMIF('10-Glasbewassing'!A:A,'2-Kosten per locatie'!A31,'10-Glasbewassing'!H:H) -> 0 | V31: =N31+Q31+R31+S31+U31+T31 -> 0 | W31: =V31/12 -> 0 | Y31: =SUMIF('4-Basis ruimtestaat'!B:B,'2-Kosten per locatie'!A31,'4-Basis ruimtestaat'!X:X) -> 76939.5 | Z31: =Y31/(F31+H31) -> 233.11725
A32: Zaandam - Jan Bonekampstraat (VRZW) | B32: =SUMIF('4-Basis ruimtestaat'!B:B,'2-Kosten per locatie'!A32,'4-Basis ruimtestaat'!I:I) -> 187.87 | C32: 1 | D32: =_xlfn.MAXIFS('4-Basis ruimtestaat'!K:K,'4-Basis ruimtestaat'!B:B,'2-Kosten per locatie'!A32) -> 52 | E32: 52 | F32: =SUMIF('4-Basis ruimtestaat'!B:B,'2-Kosten per locatie'!A32,'4-Basis ruimtestaat'!Q:Q) -> 48.384267 | G32: =SUMIF('4-Basis ruimtestaat'!B:B,'2-Kosten per locatie'!A32,'4-Basis ruimtestaat'!R:R) -> 0 | H32: =IF(F32<(D32*$E$2),D32*$E$2-F32,0) -> 0 | I32: =IF(G32<(E32*$E$2),E32*$E$2-G32,0) -> 0 | J32: =F32*$E$5 -> 0 | K32: =G32*$E$5 -> 0 | L32: ='6-Opbouw uurtarief productie'!$E$47*('2-Kosten per locatie'!F32+'2-Kosten per locatie'!H32) -> 0 | M32: ='6-Opbouw uurtarief productie'!$E$47*('2-Kosten per locatie'!G32+'2-Kosten per locatie'!I32) -> 0 | N32: =L32+M32 -> 0 | O32: =J32*'7-Opbouw uurtarief toezicht'!$E$47 -> 0 | P32: =K32*'7-Opbouw uurtarief toezicht'!$E$47 -> 0 | Q32: =O32+P32 -> 0 | R32: =SUMIF('11-Vloeronderhoud'!A:A,'2-Kosten per locatie'!A32,'11-Vloeronderhoud'!H:H) -> 0 | S32: =SUMIF('8-Additionele kosten'!A:A,'2-Kosten per locatie'!A32,'8-Additionele kosten'!H:H) -> 0 | T32: =SUMIF('12-Sanitaire voorzieningen'!A:A,'2-Kosten per locatie'!A32,'12-Sanitaire voorzieningen'!R:R) -> 0 | U32: =SUMIF('10-Glasbewassing'!A:A,'2-Kosten per locatie'!A32,'10-Glasbewassing'!H:H) -> 0 | V32: =N32+Q32+R32+S32+U32+T32 -> 0 | W32: =V32/12 -> 0 | Y32: =SUMIF('4-Basis ruimtestaat'!B:B,'2-Kosten per locatie'!A32,'4-Basis ruimtestaat'!X:X) -> 9769.24 | Z32: =Y32/(F32+H32) -> 201.90944
... A36: Zuid-oost Beemster - Zuiderweg (VRZW) | B36: =SUMIF('4-Basis ruimtestaat'!B:B,'2-Kosten per locatie'!A36,'4-Basis ruimtestaat'!I:I) -> 80 | C36: 1 | D36: =_xlfn.MAXIFS('4-Basis ruimtestaat'!K:K,'4-Basis ruimtestaat'!B:B,'2-Kosten per locatie'!A36) -> 52 | E36: 52 | F36: =SUMIF('4-Basis ruimtestaat'!B:B,'2-Kosten per locatie'!A36,'4-Basis ruimtestaat'!Q:Q) -> 2.1810526 | G36: =SUMIF('4-Basis ruimtestaat'!B:B,'2-Kosten per locatie'!A36,'4-Basis ruimtestaat'!R:R) -> 0 | H36: =IF(F36<(D36*$E$2),D36*$E$2-F36,0) -> 0 | I36: =IF(G36<(E36*$E$2),E36*$E$2-G36,0) -> 0 | J36: =F36*$E$5 -> 0 | K36: =G36*$E$5 -> 0 | L36: ='6-Opbouw uurtarief productie'!$E$47*('2-Kosten per locatie'!F36+'2-Kosten per locatie'!H36) -> 0 | M36: ='6-Opbouw uurtarief productie'!$E$47*('2-Kosten per locatie'!G36+'2-Kosten per locatie'!I36) -> 0 | N36: =L36+M36 -> 0 | O36: =J36*'7-Opbouw uurtarief toezicht'!$E$47 -> 0 | P36: =K36*'7-Opbouw uurtarief toezicht'!$E$47 -> 0 | Q36: =O36+P36 -> 0 | R36: =SUMIF('11-Vloeronderhoud'!A:A,'2-Kosten per locatie'!A36,'11-Vloeronderhoud'!H:H) -> 0 | S36: =SUMIF('8-Additionele kosten'!A:A,'2-Kosten per locatie'!A36,'8-Additionele kosten'!H:H) -> 0 | T36: =SUMIF('12-Sanitaire voorzieningen'!A:A,'2-Kosten per locatie'!A36,'12-Sanitaire voorzieningen'!R:R) -> 0 | U36: =SUMIF('10-Glasbewassing'!A:A,'2-Kosten per locatie'!A36,'10-Glasbewassing'!H:H) -> 0 | V36: =N36+Q36+R36+S36+U36+T36 -> 0 | W36: =V36/12 -> 0 | Y36: =SUMIF('4-Basis ruimtestaat'!B:B,'2-Kosten per locatie'!A36,'4-Basis ruimtestaat'!X:X) -> 152 | Z36: =Y36/(F36+H36) -> 69.69112
A37: Zaandam - Geuzenpad (GGDZW) | B37: =SUMIF('4-Basis ruimtestaat'!B:B,'2-Kosten per locatie'!A37,'4-Basis ruimtestaat'!I:I) -> 217 | C37: 1 | D37: =_xlfn.MAXIFS('4-Basis ruimtestaat'!K:K,'4-Basis ruimtestaat'!B:B,'2-Kosten per locatie'!A37) -> 255 | E37: 52 | F37: =SUMIF('4-Basis ruimtestaat'!B:B,'2-Kosten per locatie'!A37,'4-Basis ruimtestaat'!Q:Q) -> 142.83091 | G37: =SUMIF('4-Basis ruimtestaat'!B:B,'2-Kosten per locatie'!A37,'4-Basis ruimtestaat'!R:R) -> 0 | H37: =IF(F37<(D37*$E$2),D37*$E$2-F37,0) -> 0 | I37: =IF(G37<(E37*$E$2),E37*$E$2-G37,0) -> 0 | J37: =F37*$E$5 -> 0 | K37: =G37*$E$5 -> 0 | L37: ='6-Opbouw uurtarief productie'!$E$47*('2-Kosten per locatie'!F37+'2-Kosten per locatie'!H37) -> 0 | M37: ='6-Opbouw uurtarief productie'!$E$47*('2-Kosten per locatie'!G37+'2-Kosten per locatie'!I37) -> 0 | N37: =L37+M37 -> 0 | O37: =J37*'7-Opbouw uurtarief toezicht'!$E$47 -> 0 | P37: =K37*'7-Opbouw uurtarief toezicht'!$E$47 -> 0 | Q37: =O37+P37 -> 0 | R37: =SUMIF('11-Vloeronderhoud'!A:A,'2-Kosten per locatie'!A37,'11-Vloeronderhoud'!H:H) -> 0 | S37: =SUMIF('8-Additionele kosten'!A:A,'2-Kosten per locatie'!A37,'8-Additionele kosten'!H:H) -> 0 | T37: =SUMIF('12-Sanitaire voorzieningen'!A:A,'2-Kosten per locatie'!A37,'12-Sanitaire voorzieningen'!R:R) -> 0 | U37: =SUMIF('10-Glasbewassing'!A:A,'2-Kosten per locatie'!A37,'10-Glasbewassing'!H:H) -> 0 | V37: =N37+Q37+R37+S37+U37+T37 -> 0 | W37: =V37/12 -> 0
A38: Zaandijk - G. Gershwinstraat (GGDZW) | B38: =SUMIF('4-Basis ruimtestaat'!B:B,'2-Kosten per locatie'!A38,'4-Basis ruimtestaat'!I:I) -> 219.7 | C38: 1 | D38: =_xlfn.MAXIFS('4-Basis ruimtestaat'!K:K,'4-Basis ruimtestaat'!B:B,'2-Kosten per locatie'!A38) -> 255 | E38: 52 | F38: =SUMIF('4-Basis ruimtestaat'!B:B,'2-Kosten per locatie'!A38,'4-Basis ruimtestaat'!Q:Q) -> 144.53091 | G38: =SUMIF('4-Basis ruimtestaat'!B:B,'2-Kosten per locatie'!A38,'4-Basis ruimtestaat'!R:R) -> 0 | H38: =IF(F38<(D38*$E$2),D38*$E$2-F38,0) -> 0 | I38: =IF(G38<(E38*$E$2),E38*$E$2-G38,0) -> 0 | J38: =F38*$E$5 -> 0 | K38: =G38*$E$5 -> 0 | L38: ='6-Opbouw uurtarief productie'!$E$47*('2-Kosten per locatie'!F38+'2-Kosten per locatie'!H38) -> 0 | M38: ='6-Opbouw uurtarief productie'!$E$47*('2-Kosten per locatie'!G38+'2-Kosten per locatie'!I38) -> 0 | N38: =L38+M38 -> 0 | O38: =J38*'7-Opbouw uurtarief toezicht'!$E$47 -> 0 | P38: =K38*'7-Opbouw uurtarief toezicht'!$E$47 -> 0 | Q38: =O38+P38 -> 0 | R38: =SUMIF('11-Vloeronderhoud'!A:A,'2-Kosten per locatie'!A38,'11-Vloeronderhoud'!H:H) -> 0 | S38: =SUMIF('8-Additionele kosten'!A:A,'2-Kosten per locatie'!A38,'8-Additionele kosten'!H:H) -> 0 | T38: =SUMIF('12-Sanitaire voorzieningen'!A:A,'2-Kosten per locatie'!A38,'12-Sanitaire voorzieningen'!R:R) -> 0 | U38: =SUMIF('10-Glasbewassing'!A:A,'2-Kosten per locatie'!A38,'10-Glasbewassing'!H:H) -> 0 | V38: =N38+Q38+R38+S38+U38+T38 -> 0 | W38: =V38/12 -> 0
A39: Wormer - Dorpsstraat 127 (GGDZW) | B39: =SUMIF('4-Basis ruimtestaat'!B:B,'2-Kosten per locatie'!A39,'4-Basis ruimtestaat'!I:I) -> 293 | C39: 1 | D39: =_xlfn.MAXIFS('4-Basis ruimtestaat'!K:K,'4-Basis ruimtestaat'!B:B,'2-Kosten per locatie'!A39) -> 156 | E39: 52 | F39: =SUMIF('4-Basis ruimtestaat'!B:B,'2-Kosten per locatie'!A39,'4-Basis ruimtestaat'!Q:Q) -> 170.56743 | G39: =SUMIF('4-Basis ruimtestaat'!B:B,'2-Kosten per locatie'!A39,'4-Basis ruimtestaat'!R:R) -> 0 | H39: =IF(F39<(D39*$E$2),D39*$E$2-F39,0) -> 0 | I39: =IF(G39<(E39*$E$2),E39*$E$2-G39,0) -> 0 | J39: =F39*$E$5 -> 0 | K39: =G39*$E$5 -> 0 | L39: ='6-Opbouw uurtarief productie'!$E$47*('2-Kosten per locatie'!F39+'2-Kosten per locatie'!H39) -> 0 | M39: ='6-Opbouw uurtarief productie'!$E$47*('2-Kosten per locatie'!G39+'2-Kosten per locatie'!I39) -> 0 | N39: =L39+M39 -> 0 | O39: =J39*'7-Opbouw uurtarief toezicht'!$E$47 -> 0 | P39: =K39*'7-Opbouw uurtarief toezicht'!$E$47 -> 0 | Q39: =O39+P39 -> 0 | R39: =SUMIF('11-Vloeronderhoud'!A:A,'2-Kosten per locatie'!A39,'11-Vloeronderhoud'!H:H) -> 0 | S39: =SUMIF('8-Additionele kosten'!A:A,'2-Kosten per locatie'!A39,'8-Additionele kosten'!H:H) -> 0 | T39: =SUMIF('12-Sanitaire voorzieningen'!A:A,'2-Kosten per locatie'!A39,'12-Sanitaire voorzieningen'!R:R) -> 0 | U39: =SUMIF('10-Glasbewassing'!A:A,'2-Kosten per locatie'!A39,'10-Glasbewassing'!H:H) -> 0 | V39: =N39+Q39+R39+S39+U39+T39 -> 0 | W39: =V39/12 -> 0
A40: Krommenie - A.Schweitzerstraat (GGDZW) | B40: =SUMIF('4-Basis ruimtestaat'!B:B,'2-Kosten per locatie'!A40,'4-Basis ruimtestaat'!I:I) -> 445 | C40: 1 | D40: =_xlfn.MAXIFS('4-Basis ruimtestaat'!K:K,'4-Basis ruimtestaat'!B:B,'2-Kosten per locatie'!A40) -> 52 | E40: 52 | F40: =SUMIF('4-Basis ruimtestaat'!B:B,'2-Kosten per locatie'!A40,'4-Basis ruimtestaat'!Q:Q) -> 76.452381 | G40: =SUMIF('4-Basis ruimtestaat'!B:B,'2-Kosten per locatie'!A40,'4-Basis ruimtestaat'!R:R) -> 0 | H40: =IF(F40<(D40*$E$2),D40*$E$2-F40,0) -> 0 | I40: =IF(G40<(E40*$E$2),E40*$E$2-G40,0) -> 0 | J40: =F40*$E$5 -> 0 | K40: =G40*$E$5 -> 0 | L40: ='6-Opbouw uurtarief productie'!$E$47*('2-Kosten per locatie'!F40+'2-Kosten per locatie'!H40) -> 0 | M40: ='6-Opbouw uurtarief productie'!$E$47*('2-Kosten per locatie'!G40+'2-Kosten per locatie'!I40) -> 0 | N40: =L40+M40 -> 0 | O40: =J40*'7-Opbouw uurtarief toezicht'!$E$47 -> 0 | P40: =K40*'7-Opbouw uurtarief toezicht'!$E$47 -> 0 | Q40: =O40+P40 -> 0 | R40: =SUMIF('11-Vloeronderhoud'!A:A,'2-Kosten per locatie'!A40,'11-Vloeronderhoud'!H:H) -> 0 | S40: =SUMIF('8-Additionele kosten'!A:A,'2-Kosten per locatie'!A40,'8-Additionele kosten'!H:H) -> 0 | T40: =SUMIF('12-Sanitaire voorzieningen'!A:A,'2-Kosten per locatie'!A40,'12-Sanitaire voorzieningen'!R:R) -> 0 | U40: =SUMIF('10-Glasbewassing'!A:A,'2-Kosten per locatie'!A40,'10-Glasbewassing'!H:H) -> 0 | V40: =N40+Q40+R40+S40+U40+T40 -> 0 | W40: =V40/12 -> 0
A67: Totaal | B67: =SUM(B15:B40) -> 13756.36 | F67: =SUM(F15:F40) -> 7267.5541 | G67: =SUM(G15:G40) -> 0 | H67: =SUM(H15:H40) -> 0 | I67: =SUM(I15:I40) -> 0 | J67: =SUM(J15:J40) -> 0 | K67: =SUM(K15:K40) -> 0 | L67: =SUM(L15:L40) -> 0 | M67: =SUM(M15:M40) -> 0 | ... W67: =SUM(W15:W40) -> 0

Sheet 3-Productie normen
A3: ='2-Kosten per locatie'!A3 -> Naam opdrachtgever | B3: ='2-Kosten per locatie'!B3 -> VrZW en GGDZW
A4: ='2-Kosten per locatie'!A4 -> Calculatie onderdeel | B4: =MID(CELL("bestandsnaam",$B$7),SEARCH("]",CELL("bestandsnaam",$B$7),1)+1,256) -> 3-Productie normen
A5: ='2-Kosten per locatie'!A5 -> Gebouw/plaats | B5: ='2-Kosten per locatie'!B5 -> Diverse
A6: ='2-Kosten per locatie'!A6 -> Referentie nummer | B6: ='2-Kosten per locatie'!B6 -> VrZW/GGDZW-EA-2027 | F6: Gewogen prestatie | H6: =SUM('4-Basis ruimtestaat'!X:X)/SUM('4-Basis ruimtestaat'!Q:R) -> 292.28076 | I6: m2/uur
A8: Frequentie van uitvoering (per jaar): | B8: 12 | C8: 52 | D8: 156 | E8: 255 | I8: 1.25
A9: Ruimtecategorie | B9: Prestatienorm in aantal m2 per uur | G9: M2 Totaal | H9: VSR Code | I9: Naloop opslag ma-vr
A10: Administratieve ruimte | B10: 315 | C10: 250 | D10: 250 | E10: 375 | G10: =SUMIF('4-Basis ruimtestaat'!G:G,'3-Productie normen'!A10,'4-Basis ruimtestaat'!I:I) -> 3803.9 | H10: B
A11: Sanitaire ruimte | B11: 65 | C11: 50 | D11: 50 | E11: 75 | G11: =SUMIF('4-Basis ruimtestaat'!G:G,'3-Productie normen'!A11,'4-Basis ruimtestaat'!I:I) -> 806.37 | H11: S
A12: Verkeersruimten | B12: 675 | C12: 600 | D12: 600 | E12: 750 | G12: =SUMIF('4-Basis ruimtestaat'!G:G,'3-Productie normen'!A12,'4-Basis ruimtestaat'!I:I) -> 2296.17 | H12: V
A13: Keuken, pantry | B13: 225 | C13: 175 | D13: 175 | E13: 275 | G13: =SUMIF('4-Basis ruimtestaat'!G:G,'3-Productie normen'!A13,'4-Basis ruimtestaat'!I:I) -> 1111.75 | H13: V
A14: Kleed- wasruimten | B14: 165 | C14: 100 | D14: 100 | E14: 225 | G14: =SUMIF('4-Basis ruimtestaat'!G:G,'3-Productie normen'!A14,'4-Basis ruimtestaat'!I:I) -> 586.5 | H14: S
A15: Vergaderruimte | B15: 390 | C15: 300 | D15: 300 | E15: 475 | G15: =SUMIF('4-Basis ruimtestaat'!G:G,'3-Productie normen'!A15,'4-Basis ruimtestaat'!I:I) -> 606.37 | H15: B
A16: Opslagruimte | B16: 475 | C16: 400 | D16: 400 | E16: 550 | G16: =SUMIF('4-Basis ruimtestaat'!G:G,'3-Productie normen'!A16,'4-Basis ruimtestaat'!I:I) -> 669.2 | H16: V
A17: Multifunctionele ruimten | B17: 415 | C17: 325 | D17: 325 | E17: 500 | G17: =SUMIF('4-Basis ruimtestaat'!G:G,'3-Productie normen'!A17,'4-Basis ruimtestaat'!I:I) -> 473.8 | H17: V
A18: Entree | B18: 265 | C18: 200 | D18: 200 | E18: 325 | G18: =SUMIF('4-Basis ruimtestaat'!G:G,'3-Productie normen'!A18,'4-Basis ruimtestaat'!I:I) -> 293.5 | H18: V
A19: Trappenhuis / lift | B19: 290 | C19: 250 | D19: 250 | E19: 325 | G19: =SUMIF('4-Basis ruimtestaat'!G:G,'3-Productie normen'!A19,'4-Basis ruimtestaat'!I:I) -> 132.8 | H19: V
A20: Leslokaal | B20: 365 | C20: 300 | D20: 300 | E20: 425 | G20: =SUMIF('4-Basis ruimtestaat'!G:G,'3-Productie normen'!A20,'4-Basis ruimtestaat'!I:I) -> 1227.6 | H20: B
A21: Slaapkamer | B21: 250 | C21: 200 | D21: 200 | E21: 325 | G21: =SUMIF('4-Basis ruimtestaat'!G:G,'3-Productie normen'!A21,'4-Basis ruimtestaat'!I:I) -> 155.3 | H21: V
A22: Technische ruimte | B22: 425 | C22: 350 | D22: 350 | E22: 500 | G22: =SUMIF('4-Basis ruimtestaat'!G:G,'3-Productie normen'!A22,'4-Basis ruimtestaat'!I:I) -> 23 | H22: V
A23: Niet in onderhoud | G23: =SUMIF('4-Basis ruimtestaat'!G:G,'3-Productie normen'!A23,'4-Basis ruimtestaat'!I:I) -> 1570.1
A25: Totaal | G25: =SUM(G10:G24) -> 13756.36
A27: Kolom voor matrix | B27: 1 | C27: 2 | D27: 3 | E27: 4
A29: Frequentie verklaring | B29: Freq | C29: Kolom
A30: 1 x per maand (12 x per jaar) | B30: 12 | C30: 2
A31: 1 x per week (52 weken) | B31: 52 | C31: 3
A32: 3 x per week (52 weken) | B32: 156 | C32: 4
A33: 5 x per week (52 weken) | B33: 255 | C33: 5

Sheet 4-Basis ruimtestaat
A2: 2
A3: 3 | B3: ='2-Kosten per locatie'!A3 -> Naam opdrachtgever | C3: ='2-Kosten per locatie'!B3 -> VrZW en GGDZW
A4: 4 | B4: ='2-Kosten per locatie'!A4 -> Calculatie onderdeel | C4: =MID(CELL("bestandsnaam",$D$9),SEARCH("]",CELL("bestandsnaam",$D$9),1)+1,256) -> 4-Basis ruimtestaat
A5: 5 | B5: ='2-Kosten per locatie'!A5 -> Gebouw/plaats | C5: ='2-Kosten per locatie'!B5 -> Diverse
A6: 6 | B6: ='2-Kosten per locatie'!A6 -> Referentie nummer | C6: ='2-Kosten per locatie'!B6 -> VrZW/GGDZW-EA-2027 | T6: % van reguliere norm
A7: 7 | B7: ='2-Kosten per locatie'!A7 -> Naam dienstverlener
A8: 8 | T8: ='3-Productie normen'!I8 -> 1.25
A9: 9 | B9: Gebouw | C9: Adres | D9: Verdieping | E9: Ruimte nummer | F9: Ruimteomschrijving opdrachtgever | G9: Ruimte categorie | H9: Vloer soort | I9: M2 vloer | J9: Totaal frequentie | K9: Freq. ma-vr | L9: Freq. ma-vr naloop | M9: Freq zat - zon | N9: Freq. zat-zon naloop | O9: Freq feestdag | P9: Freq feestdag naloop | Q9: Uren p/j ma t/m vrij | R9: Uren p/j ma t/m vrij naloop | S9: Norm ma t/m vr | T9: Naloop opslag ma-vr | U9: VSR code | V9: Bijzonderheden / opmerkingen | X9: M2 per jaar
A10: 10 | B10: Zaandam - Westzanerdijk (VRZW) | C10: Westzanerdijk 74 - 76 (Houtveldweg) | D10: BG | E10: n.v.t. | F10: entree totaal | G10: Entree | H10: tegels | I10: 16 | J10: =SUM(K10:O10) -> 52 | K10: 52 | Q10: =IF(K10="nio",0,IF(K10>0,K10*I10/S10,0)) -> 4.16 | R10: =IF(L10>0,L10*I10/T10,0) -> 0 | S10: =IF(K10="nio",0,IF(K10>0,VLOOKUP(G10,'3-Productie normen'!A:K,VLOOKUP(K10,'3-Productie normen'!$B$30:$C$33,2,FALSE),FALSE)))*(VLOOKUP(B10,'2-Kosten per locatie'!$A$15:$C$36,3,FALSE)) -> 200 | T10: =IF(L10>0,S10*$T$8,0) -> 0 | U10: =VLOOKUP(G10,'3-Productie normen'!A:O,7,FALSE) -> 293.5 | X10: =J10*I10 -> 832
A11: 11 | B11: Zaandam - Westzanerdijk (VRZW) | C11: Westzanerdijk 74 - 76 (Houtveldweg) | D11: BG | E11: n.v.t. | F11: entree totaal | G11: Entree | H11: Linoleum | I11: 16 | J11: =SUM(K11:O11) -> 52 | K11: 52 | Q11: =IF(K11="nio",0,IF(K11>0,K11*I11/S11,0)) -> 4.16 | R11: =IF(L11>0,L11*I11/T11,0) -> 0 | S11: =IF(K11="nio",0,IF(K11>0,VLOOKUP(G11,'3-Productie normen'!A:K,VLOOKUP(K11,'3-Productie normen'!$B$30:$C$33,2,FALSE),FALSE)))*(VLOOKUP(B11,'2-Kosten per locatie'!$A$15:$C$36,3,FALSE)) -> 200 | T11: =IF(L11>0,S11*$T$8,0) -> 0 | U11: =VLOOKUP(G11,'3-Productie normen'!A:O,7,FALSE) -> 293.5 | X11: =J11*I11 -> 832
A12: =A11+1 -> 12 | B12: Zaandam - Westzanerdijk (VRZW) | C12: Westzanerdijk 74 - 76 (Houtveldweg) | D12: BG | E12: BG. 0.03 | F12: Toilet/Douche | G12: Sanitaire ruimte | H12: tegels | I12: 12 | J12: =SUM(K12:O12) -> 52 | K12: 52 | Q12: =IF(K12="nio",0,IF(K12>0,K12*I12/S12,0)) -> 12.48 | R12: =IF(L12>0,L12*I12/T12,0) -> 0 | S12: =IF(K12="nio",0,IF(K12>0,VLOOKUP(G12,'3-Productie normen'!A:K,VLOOKUP(K12,'3-Productie normen'!$B$30:$C$33,2,FALSE),FALSE)))*(VLOOKUP(B12,'2-Kosten per locatie'!$A$15:$C$36,3,FALSE)) -> 50 | T12: =IF(L12>0,S12*$T$8,0) -> 0 | U12: =VLOOKUP(G12,'3-Productie normen'!A:O,7,FALSE) -> 806.37 | X12: =J12*I12 -> 624
A13: =A12+1 -> 13 | B13: Zaandam - Westzanerdijk (VRZW) | C13: Westzanerdijk 74 - 76 (Houtveldweg) | D13: BG | E13: BG. 0,04 | F13: Toilet/Douche | G13: Sanitaire ruimte | H13: tegels | I13: 12 | J13: =SUM(K13:O13) -> 52 | K13: 52 | Q13: =IF(K13="nio",0,IF(K13>0,K13*I13/S13,0)) -> 12.48 | R13: =IF(L13>0,L13*I13/T13,0) -> 0 | S13: =IF(K13="nio",0,IF(K13>0,VLOOKUP(G13,'3-Productie normen'!A:K,VLOOKUP(K13,'3-Productie normen'!$B$30:$C$33,2,FALSE),FALSE)))*(VLOOKUP(B13,'2-Kosten per locatie'!$A$15:$C$36,3,FALSE)) -> 50 | T13: =IF(L13>0,S13*$T$8,0) -> 0 | U13: =VLOOKUP(G13,'3-Productie normen'!A:O,7,FALSE) -> 806.37 | X13: =J13*I13 -> 624
A14: =A13+1 -> 14 | B14: Zaandam - Westzanerdijk (VRZW) | C14: Westzanerdijk 74 - 76 (Houtveldweg) | D14: BG | E14: n.v.t. | F14: algemene ruimte 2 x deurmat | G14: Multifunctionele ruimten | H14: stof / tapijt | I14: 8 | J14: =SUM(K14:O14) -> 52 | K14: 52 | Q14: =IF(K14="nio",0,IF(K14>0,K14*I14/S14,0)) -> 1.28 | R14: =IF(L14>0,L14*I14/T14,0) -> 0 | S14: =IF(K14="nio",0,IF(K14>0,VLOOKUP(G14,'3-Productie normen'!A:K,VLOOKUP(K14,'3-Productie normen'!$B$30:$C$33,2,FALSE),FALSE)))*(VLOOKUP(B14,'2-Kosten per locatie'!$A$15:$C$36,3,FALSE)) -> 325 | T14: =IF(L14>0,S14*$T$8,0) -> 0 | U14: =VLOOKUP(G14,'3-Productie normen'!A:O,7,FALSE) -> 473.8 | X14: =J14*I14 -> 416
A15: =A14+1 -> 15 | B15: Zaandam - Westzanerdijk (VRZW) | C15: Westzanerdijk 74 - 76 (Houtveldweg) | D15: 1 | E15: B.1.01 | F15: kantine / leslokaal | G15: Leslokaal | H15: linoleum | I15: 99 | J15: =SUM(K15:O15) -> 52 | K15: 52 | Q15: =IF(K15="nio",0,IF(K15>0,K15*I15/S15,0)) -> 17.16 | R15: =IF(L15>0,L15*I15/T15,0) -> 0 | S15: =IF(K15="nio",0,IF(K15>0,VLOOKUP(G15,'3-Productie normen'!A:K,VLOOKUP(K15,'3-Productie normen'!$B$30:$C$33,2,FALSE),FALSE)))*(VLOOKUP(B15,'2-Kosten per locatie'!$A$15:$C$36,3,FALSE)) -> 300 | T15: =IF(L15>0,S15*$T$8,0) -> 0 | U15: =VLOOKUP(G15,'3-Productie normen'!A:O,7,FALSE) -> 1227.6 | X15: =J15*I15 -> 5148
A16: =A15+1 -> 16 | B16: Zaandam - Westzanerdijk (VRZW) | C16: Westzanerdijk 74 - 76 (Houtveldweg) | D16: 1 | E16: B. 1.02 | F16: keuken | G16: Keuken, pantry | H16: linoleum | I16: 20 | J16: =SUM(K16:O16) -> 52 | K16: 52 | Q16: =IF(K16="nio",0,IF(K16>0,K16*I16/S16,0)) -> 5.9428571 | R16: =IF(L16>0,L16*I16/T16,0) -> 0 | S16: =IF(K16="nio",0,IF(K16>0,VLOOKUP(G16,'3-Productie normen'!A:K,VLOOKUP(K16,'3-Productie normen'!$B$30:$C$33,2,FALSE),FALSE)))*(VLOOKUP(B16,'2-Kosten per locatie'!$A$15:$C$36,3,FALSE)) -> 175 | T16: =IF(L16>0,S16*$T$8,0) -> 0 | U16: =VLOOKUP(G16,'3-Productie normen'!A:O,7,FALSE) -> 1111.75 | X16: =J16*I16 -> 1040
A17: =A16+1 -> 17 | B17: Zaandam - Westzanerdijk (VRZW) | C17: Westzanerdijk 74 - 76 (Houtveldweg) | F17: Trap | G17: Trappenhuis / lift | H17: marmoleum | I17: 5 | J17: =SUM(K17:O17) -> 52 | K17: 52 | Q17: =IF(K17="nio",0,IF(K17>0,K17*I17/S17,0)) -> 1.04 | R17: =IF(L17>0,L17*I17/T17,0) -> 0 | S17: =IF(K17="nio",0,IF(K17>0,VLOOKUP(G17,'3-Productie normen'!A:K,VLOOKUP(K17,'3-Productie normen'!$B$30:$C$33,2,FALSE),FALSE)))*(VLOOKUP(B17,'2-Kosten per locatie'!$A$15:$C$36,3,FALSE)) -> 250 | T17: =IF(L17>0,S17*$T$8,0) -> 0 | U17: =VLOOKUP(G17,'3-Productie normen'!A:O,7,FALSE) -> 132.8 | X17: =J17*I17 -> 260
A18: =A17+1 -> 18 | B18: Zaandam - Prins Bernhardplein (VRZW) | C18: Prins Bernhardplein 112 | D18: -1 | E18: B-K-01 | F18: Lifthal | G18: Verkeersruimten | H18: Linoleum | I18: 39.5 | J18: =SUM(K18:O18) -> 255 | K18: 255 | Q18: =IF(K18="nio",0,IF(K18>0,K18*I18/S18,0)) -> 13.43 | R18: =IF(L18>0,L18*I18/T18,0) -> 0 | S18: =IF(K18="nio",0,IF(K18>0,VLOOKUP(G18,'3-Productie normen'!A:K,VLOOKUP(K18,'3-Productie normen'!$B$30:$C$33,2,FALSE),FALSE)))*(VLOOKUP(B18,'2-Kosten per locatie'!$A$15:$C$36,3,FALSE)) -> 750 | T18: =IF(L18>0,S18*$T$8,0) -> 0 | U18: =VLOOKUP(G18,'3-Productie normen'!A:O,7,FALSE) -> 2296.17 | X18: =J18*I18 -> 10072.5
A19: =A18+1 -> 19 | B19: Zaandam - Prins Bernhardplein (VRZW) | C19: Prins Bernhardplein 112 | D19: -1 | E19: B-K-02 | F19: Douche | G19: Sanitaire ruimte | H19: Tegels | I19: 16 | J19: =SUM(K19:O19) -> 255 | K19: 255 | Q19: =IF(K19="nio",0,IF(K19>0,K19*I19/S19,0)) -> 54.4 | R19: =IF(L19>0,L19*I19/T19,0) -> 0 | S19: =IF(K19="nio",0,IF(K19>0,VLOOKUP(G19,'3-Productie normen'!A:K,VLOOKUP(K19,'3-Productie normen'!$B$30:$C$33,2,FALSE),FALSE)))*(VLOOKUP(B19,'2-Kosten per locatie'!$A$15:$C$36,3,FALSE)) -> 75 | T19: =IF(L19>0,S19*$T$8,0) -> 0 | U19: =VLOOKUP(G19,'3-Productie normen'!A:O,7,FALSE) -> 806.37 | X19: =J19*I19 -> 4080
A20: =A19+1 -> 20 | B20: Zaandam - Prins Bernhardplein (VRZW) | C20: Prins Bernhardplein 112 | D20: -1 | E20: B-K-03 | F20: Traphal | G20: Verkeersruimten | H20: Linoleum | I20: 32.5 | J20: =SUM(K20:O20) -> 255 | K20: 255 | Q20: =IF(K20="nio",0,IF(K20>0,K20*I20/S20,0)) -> 11.05 | R20: =IF(L20>0,L20*I20/T20,0) -> 0 | S20: =IF(K20="nio",0,IF(K20>0,VLOOKUP(G20,'3-Productie normen'!A:K,VLOOKUP(K20,'3-Productie normen'!$B$30:$C$33,2,FALSE),FALSE)))*(VLOOKUP(B20,'2-Kosten per locatie'!$A$15:$C$36,3,FALSE)) -> 750 | T20: =IF(L20>0,S20*$T$8,0) -> 0 | U20: =VLOOKUP(G20,'3-Productie normen'!A:O,7,FALSE) -> 2296.17 | X20: =J20*I20 -> 8287.5
A21: =A20+1 -> 21 | B21: Zaandam - Prins Bernhardplein (VRZW) | C21: Prins Bernhardplein 112 | D21: -1 | E21: B-K-04 | F21: Douche | G21: Sanitaire ruimte | H21: Tegels | I21: 16 | J21: =SUM(K21:O21) -> 255 | K21: 255 | Q21: =IF(K21="nio",0,IF(K21>0,K21*I21/S21,0)) -> 54.4 | R21: =IF(L21>0,L21*I21/T21,0) -> 0 | S21: =IF(K21="nio",0,IF(K21>0,VLOOKUP(G21,'3-Productie normen'!A:K,VLOOKUP(K21,'3-Productie normen'!$B$30:$C$33,2,FALSE),FALSE)))*(VLOOKUP(B21,'2-Kosten per locatie'!$A$15:$C$36,3,FALSE)) -> 75 | T21: =IF(L21>0,S21*$T$8,0) -> 0 | U21: =VLOOKUP(G21,'3-Productie normen'!A:O,7,FALSE) -> 806.37 | X21: =J21*I21 -> 4080
A22: =A21+1 -> 22 | B22: Zaandam - Prins Bernhardplein (VRZW) | C22: Prins Bernhardplein 112 | D22: -1 | E22: B-K-05 | F22: Kleedkamer | G22: Kleed- wasruimten | H22: Tegels | I22: 31.7 | J22: =SUM(K22:O22) -> 255 | K22: 255 | Q22: =IF(K22="nio",0,IF(K22>0,K22*I22/S22,0)) -> 35.926667 | R22: =IF(L22>0,L22*I22/T22,0) -> 0 | S22: =IF(K22="nio",0,IF(K22>0,VLOOKUP(G22,'3-Productie normen'!A:K,VLOOKUP(K22,'3-Productie normen'!$B$30:$C$33,2,FALSE),FALSE)))*(VLOOKUP(B22,'2-Kosten per locatie'!$A$15:$C$36,3,FALSE)) -> 225 | T22: =IF(L22>0,S22*$T$8,0) -> 0 | U22: =VLOOKUP(G22,'3-Productie normen'!A:O,7,FALSE) -> 586.5 | X22: =J22*I22 -> 8083.5
A23: =A22+1 -> 23 | B23: Zaandam - Prins Bernhardplein (VRZW) | C23: Prins Bernhardplein 112 | D23: -1 | E23: B-K-06 | F23: Kleedkamer/kantoor | G23: Kleed- wasruimten | H23: Tegels | I23: 17.8 | J23: =SUM(K23:O23) -> 255 | K23: 255 | Q23: =IF(K23="nio",0,IF(K23>0,K23*I23/S23,0)) -> 20.173333 | R23: =IF(L23>0,L23*I23/T23,0) -> 0 | S23: =IF(K23="nio",0,IF(K23>0,VLOOKUP(G23,'3-Productie normen'!A:K,VLOOKUP(K23,'3-Productie normen'!$B$30:$C$33,2,FALSE),FALSE)))*(VLOOKUP(B23,'2-Kosten per locatie'!$A$15:$C$36,3,FALSE)) -> 225 | T23: =IF(L23>0,S23*$T$8,0) -> 0 | U23: =VLOOKUP(G23,'3-Productie normen'!A:O,7,FALSE) -> 586.5 | X23: =J23*I23 -> 4539
A24: =A23+1 -> 24 | B24: Zaandam - Prins Bernhardplein (VRZW) | C24: Prins Bernhardplein 112 | D24: -1 | E24: B-K-07 | F24: Kleedkamer | G24: Kleed- wasruimten | H24: Tegels | I24: 34.2 | J24: =SUM(K24:O24) -> 255 | K24: 255 | Q24: =IF(K24="nio",0,IF(K24>0,K24*I24/S24,0)) -> 38.76 | R24: =IF(L24>0,L24*I24/T24,0) -> 0 | S24: =IF(K24="nio",0,IF(K24>0,VLOOKUP(G24,'3-Productie normen'!A:K,VLOOKUP(K24,'3-Productie normen'!$B$30:$C$33,2,FALSE),FALSE)))*(VLOOKUP(B24,'2-Kosten per locatie'!$A$15:$C$36,3,FALSE)) -> 225 | T24: =IF(L24>0,S24*$T$8,0) -> 0 | U24: =VLOOKUP(G24,'3-Productie normen'!A:O,7,FALSE) -> 586.5 | X24: =J24*I24 -> 8721
A25: =A24+1 -> 25 | B25: Zaandam - Prins Bernhardplein (VRZW) | C25: Prins Bernhardplein 112 | D25: -1 | E25: B-K-08 | F25: Toilet | G25: Sanitaire ruimte | H25: Tegels | I25: 10.9 | J25: =SUM(K25:O25) -> 255 | K25: 255 | Q25: =IF(K25="nio",0,IF(K25>0,K25*I25/S25,0)) -> 37.06 | R25: =IF(L25>0,L25*I25/T25,0) -> 0 | S25: =IF(K25="nio",0,IF(K25>0,VLOOKUP(G25,'3-Productie normen'!A:K,VLOOKUP(K25,'3-Productie normen'!$B$30:$C$33,2,FALSE),FALSE)))*(VLOOKUP(B25,'2-Kosten per locatie'!$A$15:$C$36,3,FALSE)) -> 75 | T25: =IF(L25>0,S25*$T$8,0) -> 0 | U25: =VLOOKUP(G25,'3-Productie normen'!A:O,7,FALSE) -> 806.37 | X25: =J25*I25 -> 2779.5
A26: =A25+1 -> 26 | B26: Zaandam - Prins Bernhardplein (VRZW) | C26: Prins Bernhardplein 112 | D26: -1 | E26: B-K-09 | F26: Toilet | G26: Sanitaire ruimte | H26: Tegels | I26: 11.1 | J26: =SUM(K26:O26) -> 255 | K26: 255 | Q26: =IF(K26="nio",0,IF(K26>0,K26*I26/S26,0)) -> 37.74 | R26: =IF(L26>0,L26*I26/T26,0) -> 0 | S26: =IF(K26="nio",0,IF(K26>0,VLOOKUP(G26,'3-Productie normen'!A:K,VLOOKUP(K26,'3-Productie normen'!$B$30:$C$33,2,FALSE),FALSE)))*(VLOOKUP(B26,'2-Kosten per locatie'!$A$15:$C$36,3,FALSE)) -> 75 | T26: =IF(L26>0,S26*$T$8,0) -> 0 | U26: =VLOOKUP(G26,'3-Productie normen'!A:O,7,FALSE) -> 806.37 | X26: =J26*I26 -> 2830.5
A27: =A26+1 -> 27 | B27: Zaandam - Prins Bernhardplein (VRZW) | C27: Prins Bernhardplein 112 | D27: -1 | E27: B-K-10 | F27: Koude keuken incl. gang | G27: Verkeersruimten | H27: Tegels | I27: 17 | J27: =SUM(K27:O27) -> 255 | K27: 255 | Q27: =IF(K27="nio",0,IF(K27>0,K27*I27/S27,0)) -> 5.78 | R27: =IF(L27>0,L27*I27/T27,0) -> 0 | S27: =IF(K27="nio",0,IF(K27>0,VLOOKUP(G27,'3-Productie normen'!A:K,VLOOKUP(K27,'3-Productie normen'!$B$30:$C$33,2,FALSE),FALSE)))*(VLOOKUP(B27,'2-Kosten per locatie'!$A$15:$C$36,3,FALSE)) -> 750 | T27: =IF(L27>0,S27*$T$8,0) -> 0 | U27: =VLOOKUP(G27,'3-Productie normen'!A:O,7,FALSE) -> 2296.17 | X27: =J27*I27 -> 4335
A28: =A27+1 -> 28 | B28: Zaandam - Prins Bernhardplein (VRZW) | C28: Prins Bernhardplein 112 | D28: -1 | E28: B-K-11 | F28: Spoelkeuken | G28: Keuken, pantry | H28: Tegels | I28: 6.1 | J28: =SUM(K28:O28) -> 255 | K28: 255 | Q28: =IF(K28="nio",0,IF(K28>0,K28*I28/S28,0)) -> 5.6563636 | R28: =IF(L28>0,L28*I28/T28,0) -> 0 | S28: =IF(K28="nio",0,IF(K28>0,VLOOKUP(G28,'3-Productie normen'!A:K,VLOOKUP(K28,'3-Productie normen'!$B$30:$C$33,2,FALSE),FALSE)))*(VLOOKUP(B28,'2-Kosten per locatie'!$A$15:$C$36,3,FALSE)) -> 275 | T28: =IF(L28>0,S28*$T$8,0) -> 0 | U28: =VLOOKUP(G28,'3-Productie normen'!A:O,7,FALSE) -> 1111.75 | X28: =J28*I28 -> 1555.5
A29: =A28+1 -> 29 | B29: Zaandam - Prins Bernhardplein (VRZW) | C29: Prins Bernhardplein 112 | D29: -1 | E29: B-K-12 | F29: Opslagruimte | G29: Opslagruimte | H29: Tegels | I29: 6.9 | J29: =SUM(K29:O29) -> 12 | K29: 12 | Q29: =IF(K29="nio",0,IF(K29>0,K29*I29/S29,0)) -> 0.17431579 | R29: =IF(L29>0,L29*I29/T29,0) -> 0 | S29: =IF(K29="nio",0,IF(K29>0,VLOOKUP(G29,'3-Productie normen'!A:K,VLOOKUP(K29,'3-Productie normen'!$B$30:$C$33,2,FALSE),FALSE)))*(VLOOKUP(B29,'2-Kosten per locatie'!$A$15:$C$36,3,FALSE)) -> 475 | T29: =IF(L29>0,S29*$T$8,0) -> 0 | U29: =VLOOKUP(G29,'3-Productie normen'!A:O,7,FALSE) -> 669.2 | X29: =J29*I29 -> 82.8
... A34: =A33+1 -> 34 | B34: Zaandam - Prins Bernhardplein (VRZW) | C34: Prins Bernhardplein 112 | D34: -1 | E34: B-K-17 | F34: Kantoor | G34: Administratieve ruimte | H34: Linoleum | I34: 10.3 | J34: =SUM(K34:O34) -> 255 | K34: 255 | Q34: =IF(K34="nio",0,IF(K34>0,K34*I34/S34,0)) -> 7.004 | R34: =IF(L34>0,L34*I34/T34,0) -> 0 | S34: =IF(K34="nio",0,IF(K34>0,VLOOKUP(G34,'3-Productie normen'!A:K,VLOOKUP(K34,'3-Productie normen'!$B$30:$C$33,2,FALSE),FALSE)))*(VLOOKUP(B34,'2-Kosten per locatie'!$A$15:$C$36,3,FALSE)) -> 375 | T34: =IF(L34>0,S34*$T$8,0) -> 0 | U34: =VLOOKUP(G34,'3-Productie normen'!A:O,7,FALSE) -> 3803.9 | X34: =J34*I34 -> 2626.5
A35: =A34+1 -> 35 | B35: Zaandam - Prins Bernhardplein (VRZW) | C35: Prins Bernhardplein 112 | D35: -1 | E35: B-K-18 | F35: Slaapkamer | G35: Slaapkamer | H35: Linoleum | I35: 6 | J35: =SUM(K35:O35) -> 52 | K35: 52 | Q35: =IF(K35="nio",0,IF(K35>0,K35*I35/S35,0)) -> 1.56 | R35: =IF(L35>0,L35*I35/T35,0) -> 0 | S35: =IF(K35="nio",0,IF(K35>0,VLOOKUP(G35,'3-Productie normen'!A:K,VLOOKUP(K35,'3-Productie normen'!$B$30:$C$33,2,FALSE),FALSE)))*(VLOOKUP(B35,'2-Kosten per locatie'!$A$15:$C$36,3,FALSE)) -> 200 | T35: =IF(L35>0,S35*$T$8,0) -> 0 | U35: =VLOOKUP(G35,'3-Productie normen'!A:O,7,FALSE) -> 155.3 | V35: uitvoering op maandag | X35: =J35*I35 -> 312
A36: =A35+1 -> 36 | B36: Zaandam - Prins Bernhardplein (VRZW) | C36: Prins Bernhardplein 112 | D36: -1 | E36: B-K-19 | F36: Slaapkamer | G36: Slaapkamer | H36: Linoleum | I36: 6 | J36: =SUM(K36:O36) -> 52 | K36: 52 | Q36: =IF(K36="nio",0,IF(K36>0,K36*I36/S36,0)) -> 1.56 | R36: =IF(L36>0,L36*I36/T36,0) -> 0 | S36: =IF(K36="nio",0,IF(K36>0,VLOOKUP(G36,'3-Productie normen'!A:K,VLOOKUP(K36,'3-Productie normen'!$B$30:$C$33,2,FALSE),FALSE)))*(VLOOKUP(B36,'2-Kosten per locatie'!$A$15:$C$36,3,FALSE)) -> 200 | T36: =IF(L36>0,S36*$T$8,0) -> 0 | U36: =VLOOKUP(G36,'3-Productie normen'!A:O,7,FALSE) -> 155.3 | V36: uitvoering op maandag | X36: =J36*I36 -> 312
A37: =A36+1 -> 37 | B37: Zaandam - Prins Bernhardplein (VRZW) | C37: Prins Bernhardplein 112 | D37: -1 | E37: B-K-20 | F37: Slaapkamer | G37: Slaapkamer | H37: Linoleum | I37: 6 | J37: =SUM(K37:O37) -> 52 | K37: 52 | Q37: =IF(K37="nio",0,IF(K37>0,K37*I37/S37,0)) -> 1.56 | R37: =IF(L37>0,L37*I37/T37,0) -> 0 | S37: =IF(K37="nio",0,IF(K37>0,VLOOKUP(G37,'3-Productie normen'!A:K,VLOOKUP(K37,'3-Productie normen'!$B$30:$C$33,2,FALSE),FALSE)))*(VLOOKUP(B37,'2-Kosten per locatie'!$A$15:$C$36,3,FALSE)) -> 200 | T37: =IF(L37>0,S37*$T$8,0) -> 0 | U37: =VLOOKUP(G37,'3-Productie normen'!A:O,7,FALSE) -> 155.3 | V37: uitvoering op maandag | X37: =J37*I37 -> 312
A38: =A37+1 -> 38 | B38: Zaandam - Prins Bernhardplein (VRZW) | C38: Prins Bernhardplein 112 | D38: -1 | E38: B-K-21 | F38: Slaapkamer | G38: Slaapkamer | H38: Linoleum | I38: 6 | J38: =SUM(K38:O38) -> 52 | K38: 52 | Q38: =IF(K38="nio",0,IF(K38>0,K38*I38/S38,0)) -> 1.56 | R38: =IF(L38>0,L38*I38/T38,0) -> 0 | S38: =IF(K38="nio",0,IF(K38>0,VLOOKUP(G38,'3-Productie normen'!A:K,VLOOKUP(K38,'3-Productie normen'!$B$30:$C$33,2,FALSE),FALSE)))*(VLOOKUP(B38,'2-Kosten per locatie'!$A$15:$C$36,3,FALSE)) -> 200 | T38: =IF(L38>0,S38*$T$8,0) -> 0 | U38: =VLOOKUP(G38,'3-Productie normen'!A:O,7,FALSE) -> 155.3 | V38: uitvoering op maandag | X38: =J38*I38 -> 312
A39: =A38+1 -> 39 | B39: Zaandam - Prins Bernhardplein (VRZW) | C39: Prins Bernhardplein 112 | D39: -1 | F39: Toilet | G39: Sanitaire ruimte | H39: Tegels | I39: 1.5 | J39: =SUM(K39:O39) -> 255 | K39: 255 | Q39: =IF(K39="nio",0,IF(K39>0,K39*I39/S39,0)) -> 5.1 | R39: =IF(L39>0,L39*I39/T39,0) -> 0 | S39: =IF(K39="nio",0,IF(K39>0,VLOOKUP(G39,'3-Productie normen'!A:K,VLOOKUP(K39,'3-Productie normen'!$B$30:$C$33,2,FALSE),FALSE)))*(VLOOKUP(B39,'2-Kosten per locatie'!$A$15:$C$36,3,FALSE)) -> 75 | T39: =IF(L39>0,S39*$T$8,0) -> 0 | U39: =VLOOKUP(G39,'3-Productie normen'!A:O,7,FALSE) -> 806.37 | X39: =J39*I39 -> 382.5
A40: =A39+1 -> 40 | B40: Zaandam - Prins Bernhardplein (VRZW) | C40: Prins Bernhardplein 112 | D40: -1 | F40: Toilet | G40: Sanitaire ruimte | H40: Tegels | I40: 1.5 | J40: =SUM(K40:O40) -> 255 | K40: 255 | Q40: =IF(K40="nio",0,IF(K40>0,K40*I40/S40,0)) -> 5.1 | R40: =IF(L40>0,L40*I40/T40,0) -> 0 | S40: =IF(K40="nio",0,IF(K40>0,VLOOKUP(G40,'3-Productie normen'!A:K,VLOOKUP(K40,'3-Productie normen'!$B$30:$C$33,2,FALSE),FALSE)))*(VLOOKUP(B40,'2-Kosten per locatie'!$A$15:$C$36,3,FALSE)) -> 75 | T40: =IF(L40>0,S40*$T$8,0) -> 0 | U40: =VLOOKUP(G40,'3-Productie normen'!A:O,7,FALSE) -> 806.37 | X40: =J40*I40 -> 382.5
A41: =A40+1 -> 41 | B41: Zaandam - Prins Bernhardplein (VRZW) | C41: Prins Bernhardplein 112 | D41: -1 | E41: B-K-22 | F41: Slaapkamer | G41: Slaapkamer | H41: Linoleum | I41: 6 | J41: =SUM(K41:O41) -> 52 | K41: 52 | Q41: =IF(K41="nio",0,IF(K41>0,K41*I41/S41,0)) -> 1.56 | R41: =IF(L41>0,L41*I41/T41,0) -> 0 | S41: =IF(K41="nio",0,IF(K41>0,VLOOKUP(G41,'3-Productie normen'!A:K,VLOOKUP(K41,'3-Productie normen'!$B$30:$C$33,2,FALSE),FALSE)))*(VLOOKUP(B41,'2-Kosten per locatie'!$A$15:$C$36,3,FALSE)) -> 200 | T41: =IF(L41>0,S41*$T$8,0) -> 0 | U41: =VLOOKUP(G41,'3-Productie normen'!A:O,7,FALSE) -> 155.3 | V41: uitvoering op maandag | X41: =J41*I41 -> 312
A42: =A41+1 -> 42 | B42: Zaandam - Prins Bernhardplein (VRZW) | C42: Prins Bernhardplein 112 | D42: -1 | E42: B-K-23 | F42: Slaapkamer | G42: Slaapkamer | H42: Linoleum | I42: 6 | J42: =SUM(K42:O42) -> 52 | K42: 52 | Q42: =IF(K42="nio",0,IF(K42>0,K42*I42/S42,0)) -> 1.56 | R42: =IF(L42>0,L42*I42/T42,0) -> 0 | S42: =IF(K42="nio",0,IF(K42>0,VLOOKUP(G42,'3-Productie normen'!A:K,VLOOKUP(K42,'3-Productie normen'!$B$30:$C$33,2,FALSE),FALSE)))*(VLOOKUP(B42,'2-Kosten per locatie'!$A$15:$C$36,3,FALSE)) -> 200 | T42: =IF(L42>0,S42*$T$8,0) -> 0 | U42: =VLOOKUP(G42,'3-Productie normen'!A:O,7,FALSE) -> 155.3 | V42: uitvoering op maandag | X42: =J42*I42 -> 312
A43: =A42+1 -> 43 | B43: Zaandam - Prins Bernhardplein (VRZW) | C43: Prins Bernhardplein 112 | D43: -1 | E43: B-K-24 | F43: Slaapkamer | G43: Slaapkamer | H43: Linoleum | I43: 6 | J43: =SUM(K43:O43) -> 52 | K43: 52 | Q43: =IF(K43="nio",0,IF(K43>0,K43*I43/S43,0)) -> 1.56 | R43: =IF(L43>0,L43*I43/T43,0) -> 0 | S43: =IF(K43="nio",0,IF(K43>0,VLOOKUP(G43,'3-Productie normen'!A:K,VLOOKUP(K43,'3-Productie normen'!$B$30:$C$33,2,FALSE),FALSE)))*(VLOOKUP(B43,'2-Kosten per locatie'!$A$15:$C$36,3,FALSE)) -> 200 | T43: =IF(L43>0,S43*$T$8,0) -> 0 | U43: =VLOOKUP(G43,'3-Productie normen'!A:O,7,FALSE) -> 155.3 | V43: uitvoering op maandag | X43: =J43*I43 -> 312
A44: =A43+1 -> 44 | B44: Zaandam - Prins Bernhardplein (VRZW) | C44: Prins Bernhardplein 112 | D44: -1 | E44: B-K-25 | F44: Slaapkamer | G44: Slaapkamer | H44: Linoleum | I44: 6 | J44: =SUM(K44:O44) -> 52 | K44: 52 | Q44: =IF(K44="nio",0,IF(K44>0,K44*I44/S44,0)) -> 1.56 | R44: =IF(L44>0,L44*I44/T44,0) -> 0 | S44: =IF(K44="nio",0,IF(K44>0,VLOOKUP(G44,'3-Productie normen'!A:K,VLOOKUP(K44,'3-Productie normen'!$B$30:$C$33,2,FALSE),FALSE)))*(VLOOKUP(B44,'2-Kosten per locatie'!$A$15:$C$36,3,FALSE)) -> 200 | T44: =IF(L44>0,S44*$T$8,0) -> 0 | U44: =VLOOKUP(G44,'3-Productie normen'!A:O,7,FALSE) -> 155.3 | V44: uitvoering op maandag | X44: =J44*I44 -> 312
A45: =A44+1 -> 45 | B45: Zaandam - Prins Bernhardplein (VRZW) | C45: Prins Bernhardplein 112 | D45: -1 | E45: B-K-26 | F45: Gang | G45: Verkeersruimten | H45: Linoleum | I45: 36.4 | J45: =SUM(K45:O45) -> 255 | K45: 255 | Q45: =IF(K45="nio",0,IF(K45>0,K45*I45/S45,0)) -> 12.376 | R45: =IF(L45>0,L45*I45/T45,0) -> 0 | S45: =IF(K45="nio",0,IF(K45>0,VLOOKUP(G45,'3-Productie normen'!A:K,VLOOKUP(K45,'3-Productie normen'!$B$30:$C$33,2,FALSE),FALSE)))*(VLOOKUP(B45,'2-Kosten per locatie'!$A$15:$C$36,3,FALSE)) -> 750 | T45: =IF(L45>0,S45*$T$8,0) -> 0 | U45: =VLOOKUP(G45,'3-Productie normen'!A:O,7,FALSE) -> 2296.17 | X45: =J45*I45 -> 9282
A46: =A45+1 -> 46 | B46: Zaandam - Prins Bernhardplein (VRZW) | C46: Prins Bernhardplein 112 | D46: -1 | E46: B-K-27 | F46: Gang | G46: Verkeersruimten | H46: Linoleum | I46: 32.8 | J46: =SUM(K46:O46) -> 255 | K46: 255 | Q46: =IF(K46="nio",0,IF(K46>0,K46*I46/S46,0)) -> 11.152 | R46: =IF(L46>0,L46*I46/T46,0) -> 0 | S46: =IF(K46="nio",0,IF(K46>0,VLOOKUP(G46,'3-Productie normen'!A:K,VLOOKUP(K46,'3-Productie normen'!$B$30:$C$33,2,FALSE),FALSE)))*(VLOOKUP(B46,'2-Kosten per locatie'!$A$15:$C$36,3,FALSE)) -> 750 | T46: =IF(L46>0,S46*$T$8,0) -> 0 | U46: =VLOOKUP(G46,'3-Productie normen'!A:O,7,FALSE) -> 2296.17 | X46: =J46*I46 -> 8364
A47: =A46+1 -> 47 | B47: Zaandam - Prins Bernhardplein (VRZW) | C47: Prins Bernhardplein 112 | D47: -1 | E47: B-K-28 | F47: Slaapkamer | G47: Slaapkamer | H47: Linoleum | I47: 6 | J47: =SUM(K47:O47) -> 52 | K47: 52 | Q47: =IF(K47="nio",0,IF(K47>0,K47*I47/S47,0)) -> 1.56 | R47: =IF(L47>0,L47*I47/T47,0) -> 0 | S47: =IF(K47="nio",0,IF(K47>0,VLOOKUP(G47,'3-Productie normen'!A:K,VLOOKUP(K47,'3-Productie normen'!$B$30:$C$33,2,FALSE),FALSE)))*(VLOOKUP(B47,'2-Kosten per locatie'!$A$15:$C$36,3,FALSE)) -> 200 | T47: =IF(L47>0,S47*$T$8,0) -> 0 | U47: =VLOOKUP(G47,'3-Productie normen'!A:O,7,FALSE) -> 155.3 | V47: uitvoering op maandag | X47: =J47*I47 -> 312
A48: =A47+1 -> 48 | B48: Zaandam - Prins Bernhardplein (VRZW) | C48: Prins Bernhardplein 112 | D48: -1 | E48: B-K-29 | F48: Slaapkamer | G48: Slaapkamer | H48: Linoleum | I48: 6 | J48: =SUM(K48:O48) -> 52 | K48: 52 | Q48: =IF(K48="nio",0,IF(K48>0,K48*I48/S48,0)) -> 1.56 | R48: =IF(L48>0,L48*I48/T48,0) -> 0 | S48: =IF(K48="nio",0,IF(K48>0,VLOOKUP(G48,'3-Productie normen'!A:K,VLOOKUP(K48,'3-Productie normen'!$B$30:$C$33,2,FALSE),FALSE)))*(VLOOKUP(B48,'2-Kosten per locatie'!$A$15:$C$36,3,FALSE)) -> 200 | T48: =IF(L48>0,S48*$T$8,0) -> 0 | U48: =VLOOKUP(G48,'3-Productie normen'!A:O,7,FALSE) -> 155.3 | V48: uitvoering op maandag | X48: =J48*I48 -> 312
A49: =A48+1 -> 49 | B49: Zaandam - Prins Bernhardplein (VRZW) | C49: Prins Bernhardplein 112 | D49: -1 | E49: B-K-30 | F49: Slaapkamer | G49: Slaapkamer | H49: Linoleum | I49: 6 | J49: =SUM(K49:O49) -> 52 | K49: 52 | Q49: =IF(K49="nio",0,IF(K49>0,K49*I49/S49,0)) -> 1.56 | R49: =IF(L49>0,L49*I49/T49,0) -> 0 | S49: =IF(K49="nio",0,IF(K49>0,VLOOKUP(G49,'3-Productie normen'!A:K,VLOOKUP(K49,'3-Productie normen'!$B$30:$C$33,2,FALSE),FALSE)))*(VLOOKUP(B49,'2-Kosten per locatie'!$A$15:$C$36,3,FALSE)) -> 200 | T49: =IF(L49>0,S49*$T$8,0) -> 0 | U49: =VLOOKUP(G49,'3-Productie normen'!A:O,7,FALSE) -> 155.3 | V49: uitvoering op maandag | X49: =J49*I49 -> 312
A50: =A49+1 -> 50 | B50: Zaandam - Prins Bernhardplein (VRZW) | C50: Prins Bernhardplein 112 | D50: -1 | E50: B-K-31 | F50: Slaapkamer | G50: Slaapkamer | H50: Linoleum | I50: 6 | J50: =SUM(K50:O50) -> 52 | K50: 52 | Q50: =IF(K50="nio",0,IF(K50>0,K50*I50/S50,0)) -> 1.56 | R50: =IF(L50>0,L50*I50/T50,0) -> 0 | S50: =IF(K50="nio",0,IF(K50>0,VLOOKUP(G50,'3-Productie normen'!A:K,VLOOKUP(K50,'3-Productie normen'!$B$30:$C$33,2,FALSE),FALSE)))*(VLOOKUP(B50,'2-Kosten per locatie'!$A$15:$C$36,3,FALSE)) -> 200 | T50: =IF(L50>0,S50*$T$8,0) -> 0 | U50: =VLOOKUP(G50,'3-Productie normen'!A:O,7,FALSE) -> 155.3 | V50: uitvoering op maandag | X50: =J50*I50 -> 312
A51: =A50+1 -> 51 | B51: Zaandam - Prins Bernhardplein (VRZW) | C51: Prins Bernhardplein 112 | D51: -1 | E51: B-K-32 | F51: Kleedkamer | G51: Kleed- wasruimten | H51: Tegels | I51: 32.1 | J51: =SUM(K51:O51) -> 255 | K51: 255 | Q51: =IF(K51="nio",0,IF(K51>0,K51*I51/S51,0)) -> 36.38 | R51: =IF(L51>0,L51*I51/T51,0) -> 0 | S51: =IF(K51="nio",0,IF(K51>0,VLOOKUP(G51,'3-Productie normen'!A:K,VLOOKUP(K51,'3-Productie normen'!$B$30:$C$33,2,FALSE),FALSE)))*(VLOOKUP(B51,'2-Kosten per locatie'!$A$15:$C$36,3,FALSE)) -> 225 | T51: =IF(L51>0,S51*$T$8,0) -> 0 | U51: =VLOOKUP(G51,'3-Productie normen'!A:O,7,FALSE) -> 586.5 | X51: =J51*I51 -> 8185.5
A52: =A51+1 -> 52 | B52: Zaandam - Prins Bernhardplein (VRZW) | C52: Prins Bernhardplein 112 | D52: -1 | E52: B-K-33 | F52: Gang | G52: Verkeersruimten | H52: Linoleum | I52: 45.1 | J52: =SUM(K52:O52) -> 255 | K52: 255 | Q52: =IF(K52="nio",0,IF(K52>0,K52*I52/S52,0)) -> 15.334 | R52: =IF(L52>0,L52*I52/T52,0) -> 0 | S52: =IF(K52="nio",0,IF(K52>0,VLOOKUP(G52,'3-Productie normen'!A:K,VLOOKUP(K52,'3-Productie normen'!$B$30:$C$33,2,FALSE),FALSE)))*(VLOOKUP(B52,'2-Kosten per locatie'!$A$15:$C$36,3,FALSE)) -> 750 | T52: =IF(L52>0,S52*$T$8,0) -> 0 | U52: =VLOOKUP(G52,'3-Productie normen'!A:O,7,FALSE) -> 2296.17 | X52: =J52*I52 -> 11500.5
A53: =A52+1 -> 53 | B53: Zaandam - Prins Bernhardplein (VRZW) | C53: Prins Bernhardplein 112 | D53: -1 | E53: B-K-34 | F53: Kleedkamer en douche | G53: Kleed- wasruimten | H53: Tegels | I53: 46.8 | J53: =SUM(K53:O53) -> 255 | K53: 255 | Q53: =IF(K53="nio",0,IF(K53>0,K53*I53/S53,0)) -> 53.04 | R53: =IF(L53>0,L53*I53/T53,0) -> 0 | S53: =IF(K53="nio",0,IF(K53>0,VLOOKUP(G53,'3-Productie normen'!A:K,VLOOKUP(K53,'3-Productie normen'!$B$30:$C$33,2,FALSE),FALSE)))*(VLOOKUP(B53,'2-Kosten per locatie'!$A$15:$C$36,3,FALSE)) -> 225 | T53: =IF(L53>0,S53*$T$8,0) -> 0 | U53: =VLOOKUP(G53,'3-Productie normen'!A:O,7,FALSE) -> 586.5 | X53: =J53*I53 -> 11934
A54: =A53+1 -> 54 | B54: Zaandam - Prins Bernhardplein (VRZW) | C54: Prins Bernhardplein 112 | D54: -1 | E54: B-K-35 | F54: Kleedruimte | G54: Kleed- wasruimten | H54: Tegels | I54: 11.5 | J54: =SUM(K54:O54) -> 255 | K54: 255 | Q54: =IF(K54="nio",0,IF(K54>0,K54*I54/S54,0)) -> 13.033333 | R54: =IF(L54>0,L54*I54/T54,0) -> 0 | S54: =IF(K54="nio",0,IF(K54>0,VLOOKUP(G54,'3-Productie normen'!A:K,VLOOKUP(K54,'3-Productie normen'!$B$30:$C$33,2,FALSE),FALSE)))*(VLOOKUP(B54,'2-Kosten per locatie'!$A$15:$C$36,3,FALSE)) -> 225 | T54: =IF(L54>0,S54*$T$8,0) -> 0 | U54: =VLOOKUP(G54,'3-Productie normen'!A:O,7,FALSE) -> 586.5 | X54: =J54*I54 -> 2932.5
A55: =A54+1 -> 55 | B55: Zaandam - Prins Bernhardplein (VRZW) | C55: Prins Bernhardplein 112 | D55: -1 | E55: B-K-36 | F55: Technische ruimte | G55: Niet in onderhoud | H55: Tegels | I55: 28.9 | J55: =SUM(K55:O55) -> 0 | K55: nio | Q55: =IF(K55="nio",0,IF(K55>0,K55*I55/S55,0)) -> 0 | R55: =IF(L55>0,L55*I55/T55,0) -> 0 | S55: =IF(K55="nio",0,IF(K55>0,VLOOKUP(G55,'3-Productie normen'!A:K,VLOOKUP(K55,'3-Productie normen'!$B$30:$C$33,2,FALSE),FALSE)))*(VLOOKUP(B55,'2-Kosten per locatie'!$A$15:$C$36,3,FALSE)) -> 0 | T55: =IF(L55>0,S55*$T$8,0) -> 0 | U55: =VLOOKUP(G55,'3-Productie normen'!A:O,7,FALSE) -> 1570.1 | X55: =J55*I55 -> 0
A56: =A55+1 -> 56 | B56: Zaandam - Prins Bernhardplein (VRZW) | C56: Prins Bernhardplein 112 | D56: -1 | E56: B-K-37 | F56: Ontspanningsruimte | G56: Multifunctionele ruimten | H56: Linoleum | I56: 50.9 | J56: =SUM(K56:O56) -> 255 | K56: 255 | Q56: =IF(K56="nio",0,IF(K56>0,K56*I56/S56,0)) -> 25.959 | R56: =IF(L56>0,L56*I56/T56,0) -> 0 | S56: =IF(K56="nio",0,IF(K56>0,VLOOKUP(G56,'3-Productie normen'!A:K,VLOOKUP(K56,'3-Productie normen'!$B$30:$C$33,2,FALSE),FALSE)))*(VLOOKUP(B56,'2-Kosten per locatie'!$A$15:$C$36,3,FALSE)) -> 500 | T56: =IF(L56>0,S56*$T$8,0) -> 0 | U56: =VLOOKUP(G56,'3-Productie normen'!A:O,7,FALSE) -> 473.8 | X56: =J56*I56 -> 12979.5
A57: =A56+1 -> 57 | B57: Zaandam - Prins Bernhardplein (VRZW) | C57: Prins Bernhardplein 112 | D57: -1 | E57: B-K-38 | F57: Kantine | G57: Keuken, pantry | H57: Linoleum | I57: 175.8 | J57: =SUM(K57:O57) -> 255 | K57: 255 | Q57: =IF(K57="nio",0,IF(K57>0,K57*I57/S57,0)) -> 163.01455 | R57: =IF(L57>0,L57*I57/T57,0) -> 0 | S57: =IF(K57="nio",0,IF(K57>0,VLOOKUP(G57,'3-Productie normen'!A:K,VLOOKUP(K57,'3-Productie normen'!$B$30:$C$33,2,FALSE),FALSE)))*(VLOOKUP(B57,'2-Kosten per locatie'!$A$15:$C$36,3,FALSE)) -> 275 | T57: =IF(L57>0,S57*$T$8,0) -> 0 | U57: =VLOOKUP(G57,'3-Productie normen'!A:O,7,FALSE) -> 1111.75 | X57: =J57*I57 -> 44829
A58: =A57+1 -> 58 | B58: Zaandam - Prins Bernhardplein (VRZW) | C58: Prins Bernhardplein 112 | D58: -1 | E58: B-K-39 | F58: Vergaderruimte | G58: Vergaderruimte | H58: Linoleum | I58: 27.2 | J58: =SUM(K58:O58) -> 255 | K58: 255 | Q58: =IF(K58="nio",0,IF(K58>0,K58*I58/S58,0)) -> 14.602105 | R58: =IF(L58>0,L58*I58/T58,0) -> 0 | S58: =IF(K58="nio",0,IF(K58>0,VLOOKUP(G58,'3-Productie normen'!A:K,VLOOKUP(K58,'3-Productie normen'!$B$30:$C$33,2,FALSE),FALSE)))*(VLOOKUP(B58,'2-Kosten per locatie'!$A$15:$C$36,3,FALSE)) -> 475 | T58: =IF(L58>0,S58*$T$8,0) -> 0 | U58: =VLOOKUP(G58,'3-Productie normen'!A:O,7,FALSE) -> 606.37 | X58: =J58*I58 -> 6936
A59: =A58+1 -> 59 | B59: Zaandam - Prins Bernhardplein (VRZW) | C59: Prins Bernhardplein 112 | D59: -1 | E59: B-K-40 | F59: Koude keuken | G59: Keuken, pantry | H59: Tegels | I59: 19 | J59: =SUM(K59:O59) -> 255 | K59: 255 | Q59: =IF(K59="nio",0,IF(K59>0,K59*I59/S59,0)) -> 17.618182 | R59: =IF(L59>0,L59*I59/T59,0) -> 0 | S59: =IF(K59="nio",0,IF(K59>0,VLOOKUP(G59,'3-Productie normen'!A:K,VLOOKUP(K59,'3-Productie normen'!$B$30:$C$33,2,FALSE),FALSE)))*(VLOOKUP(B59,'2-Kosten per locatie'!$A$15:$C$36,3,FALSE)) -> 275 | T59: =IF(L59>0,S59*$T$8,0) -> 0 | U59: =VLOOKUP(G59,'3-Productie normen'!A:O,7,FALSE) -> 1111.75 | X59: =J59*I59 -> 4845
A60: =A59+1 -> 60 | B60: Zaandam - Prins Bernhardplein (VRZW) | C60: Prins Bernhardplein 112 | D60: -1 | E60: B-K-41 | F60: Opslagruimte | G60: Opslagruimte | H60: Tegels | I60: 13.7 | J60: =SUM(K60:O60) -> 12 | K60: 12 | Q60: =IF(K60="nio",0,IF(K60>0,K60*I60/S60,0)) -> 0.34610526 | R60: =IF(L60>0,L60*I60/T60,0) -> 0 | S60: =IF(K60="nio",0,IF(K60>0,VLOOKUP(G60,'3-Productie normen'!A:K,VLOOKUP(K60,'3-Productie normen'!$B$30:$C$33,2,FALSE),FALSE)))*(VLOOKUP(B60,'2-Kosten per locatie'!$A$15:$C$36,3,FALSE)) -> 475 | T60: =IF(L60>0,S60*$T$8,0) -> 0 | U60: =VLOOKUP(G60,'3-Productie normen'!A:O,7,FALSE) -> 669.2 | X60: =J60*I60 -> 164.4
A61: =A60+1 -> 61 | B61: Zaandam - Prins Bernhardplein (VRZW) | C61: Prins Bernhardplein 112 | D61: -1 | E61: B-K-43 | F61: Werkkast | G61: Opslagruimte | H61: Tegels | I61: 4.8 | J61: =SUM(K61:O61) -> 0 | K61: nio | Q61: =IF(K61="nio",0,IF(K61>0,K61*I61/S61,0)) -> 0 | R61: =IF(L61>0,L61*I61/T61,0) -> 0 | S61: =IF(K61="nio",0,IF(K61>0,VLOOKUP(G61,'3-Productie normen'!A:K,VLOOKUP(K61,'3-Productie normen'!$B$30:$C$33,2,FALSE),FALSE)))*(VLOOKUP(B61,'2-Kosten per locatie'!$A$15:$C$36,3,FALSE)) -> 0 | T61: =IF(L61>0,S61*$T$8,0) -> 0 | U61: =VLOOKUP(G61,'3-Productie normen'!A:O,7,FALSE) -> 669.2 | X61: =J61*I61 -> 0
A62: =A61+1 -> 62 | B62: Zaandam - Prins Bernhardplein (VRZW) | C62: Prins Bernhardplein 112 | D62: 0 | E62: A-0-01/V | F62: Entree | G62: Entree | H62: Linoleum | I62: 11 | J62: =SUM(K62:O62) -> 255 | K62: 255 | Q62: =IF(K62="nio",0,IF(K62>0,K62*I62/S62,0)) -> 8.6307692 | R62: =IF(L62>0,L62*I62/T62,0) -> 0 | S62: =IF(K62="nio",0,IF(K62>0,VLOOKUP(G62,'3-Productie normen'!A:K,VLOOKUP(K62,'3-Productie normen'!$B$30:$C$33,2,FALSE),FALSE)))*(VLOOKUP(B62,'2-Kosten per locatie'!$A$15:$C$36,3,FALSE)) -> 325 | T62: =IF(L62>0,S62*$T$8,0) -> 0 | U62: =VLOOKUP(G62,'3-Productie normen'!A:O,7,FALSE) -> 293.5 | X62: =J62*I62 -> 2805
A63: =A62+1 -> 63 | B63: Zaandam - Prins Bernhardplein (VRZW) | C63: Prins Bernhardplein 112 | D63: 0 | E63: A-0-02/K | F63: Hoofdentree | G63: Entree | H63: Linoleum | I63: 132.7 | J63: =SUM(K63:O63) -> 255 | K63: 255 | Q63: =IF(K63="nio",0,IF(K63>0,K63*I63/S63,0)) -> 104.11846 | R63: =IF(L63>0,L63*I63/T63,0) -> 0 | S63: =IF(K63="nio",0,IF(K63>0,VLOOKUP(G63,'3-Productie normen'!A:K,VLOOKUP(K63,'3-Productie normen'!$B$30:$C$33,2,FALSE),FALSE)))*(VLOOKUP(B63,'2-Kosten per locatie'!$A$15:$C$36,3,FALSE)) -> 325 | T63: =IF(L63>0,S63*$T$8,0) -> 0 | U63: =VLOOKUP(G63,'3-Productie normen'!A:O,7,FALSE) -> 293.5 | X63: =J63*I63 -> 33838.5
A64: =A63+1 -> 64 | B64: Zaandam - Prins Bernhardplein (VRZW) | C64: Prins Bernhardplein 112 | D64: 0 | E64: A-0-03/K | F64: Receptie | G64: Administratieve ruimte | H64: Linoleum | I64: 55.6 | J64: =SUM(K64:O64) -> 255 | K64: 255 | Q64: =IF(K64="nio",0,IF(K64>0,K64*I64/S64,0)) -> 37.808 | R64: =IF(L64>0,L64*I64/T64,0) -> 0 | S64: =IF(K64="nio",0,IF(K64>0,VLOOKUP(G64,'3-Productie normen'!A:K,VLOOKUP(K64,'3-Productie normen'!$B$30:$C$33,2,FALSE),FALSE)))*(VLOOKUP(B64,'2-Kosten per locatie'!$A$15:$C$36,3,FALSE)) -> 375 | T64: =IF(L64>0,S64*$T$8,0) -> 0 | U64: =VLOOKUP(G64,'3-Productie normen'!A:O,7,FALSE) -> 3803.9 | X64: =J64*I64 -> 14178
A65: =A64+1 -> 65 | B65: Zaandam - Prins Bernhardplein (VRZW) | C65: Prins Bernhardplein 112 | D65: 0 | E65: A-0-04/K | F65: Kantoor | G65: Administratieve ruimte | H65: Linoleum | I65: 22 | J65: =SUM(K65:O65) -> 255 | K65: 255 | Q65: =IF(K65="nio",0,IF(K65>0,K65*I65/S65,0)) -> 14.96 | R65: =IF(L65>0,L65*I65/T65,0) -> 0 | S65: =IF(K65="nio",0,IF(K65>0,VLOOKUP(G65,'3-Productie normen'!A:K,VLOOKUP(K65,'3-Productie normen'!$B$30:$C$33,2,FALSE),FALSE)))*(VLOOKUP(B65,'2-Kosten per locatie'!$A$15:$C$36,3,FALSE)) -> 375 | T65: =IF(L65>0,S65*$T$8,0) -> 0 | U65: =VLOOKUP(G65,'3-Productie normen'!A:O,7,FALSE) -> 3803.9 | X65: =J65*I65 -> 5610
A66: =A65+1 -> 66 | B66: Zaandam - Prins Bernhardplein (VRZW) | C66: Prins Bernhardplein 112 | D66: 0 | E66: A-0-05/K | F66: Kantoor | G66: Administratieve ruimte | H66: Linoleum | I66: 22 | J66: =SUM(K66:O66) -> 255 | K66: 255 | Q66: =IF(K66="nio",0,IF(K66>0,K66*I66/S66,0)) -> 14.96 | R66: =IF(L66>0,L66*I66/T66,0) -> 0 | S66: =IF(K66="nio",0,IF(K66>0,VLOOKUP(G66,'3-Productie normen'!A:K,VLOOKUP(K66,'3-Productie normen'!$B$30:$C$33,2,FALSE),FALSE)))*(VLOOKUP(B66,'2-Kosten per locatie'!$A$15:$C$36,3,FALSE)) -> 375 | T66: =IF(L66>0,S66*$T$8,0) -> 0 | U66: =VLOOKUP(G66,'3-Productie normen'!A:O,7,FALSE) -> 3803.9 | X66: =J66*I66 -> 5610
A67: =A66+1 -> 67 | B67: Zaandam - Prins Bernhardplein (VRZW) | C67: Prins Bernhardplein 112 | D67: 0 | E67: A-0-06/K | F67: Kantoor | G67: Administratieve ruimte | H67: Tapijt | I67: 22 | J67: =SUM(K67:O67) -> 255 | K67: 255 | Q67: =IF(K67="nio",0,IF(K67>0,K67*I67/S67,0)) -> 14.96 | R67: =IF(L67>0,L67*I67/T67,0) -> 0 | S67: =IF(K67="nio",0,IF(K67>0,VLOOKUP(G67,'3-Productie normen'!A:K,VLOOKUP(K67,'3-Productie normen'!$B$30:$C$33,2,FALSE),FALSE)))*(VLOOKUP(B67,'2-Kosten per locatie'!$A$15:$C$36,3,FALSE)) -> 375 | T67: =IF(L67>0,S67*$T$8,0) -> 0 | U67: =VLOOKUP(G67,'3-Productie normen'!A:O,7,FALSE) -> 3803.9 | X67: =J67*I67 -> 5610
A68: =A67+1 -> 68 | B68: Zaandam - Prins Bernhardplein (VRZW) | C68: Prins Bernhardplein 112 | D68: 0 | E68: A-0-07/K | F68: Kantoor | G68: Administratieve ruimte | H68: Tapijt | I68: 22 | J68: =SUM(K68:O68) -> 255 | K68: 255 | Q68: =IF(K68="nio",0,IF(K68>0,K68*I68/S68,0)) -> 14.96 | R68: =IF(L68>0,L68*I68/T68,0) -> 0 | S68: =IF(K68="nio",0,IF(K68>0,VLOOKUP(G68,'3-Productie normen'!A:K,VLOOKUP(K68,'3-Productie normen'!$B$30:$C$33,2,FALSE),FALSE)))*(VLOOKUP(B68,'2-Kosten per locatie'!$A$15:$C$36,3,FALSE)) -> 375 | T68: =IF(L68>0,S68*$T$8,0) -> 0 | U68: =VLOOKUP(G68,'3-Productie normen'!A:O,7,FALSE) -> 3803.9 | X68: =J68*I68 -> 5610
A69: =A68+1 -> 69 | B69: Zaandam - Prins Bernhardplein (VRZW) | C69: Prins Bernhardplein 112 | D69: 0 | E69: A-0-08/K | F69: Kantoor/archief | G69: Administratieve ruimte | H69: Tapijt | I69: 27.4 | J69: =SUM(K69:O69) -> 255 | K69: 255 | Q69: =IF(K69="nio",0,IF(K69>0,K69*I69/S69,0)) -> 18.632 | R69: =IF(L69>0,L69*I69/T69,0) -> 0 | S69: =IF(K69="nio",0,IF(K69>0,VLOOKUP(G69,'3-Productie normen'!A:K,VLOOKUP(K69,'3-Productie normen'!$B$30:$C$33,2,FALSE),FALSE)))*(VLOOKUP(B69,'2-Kosten per locatie'!$A$15:$C$36,3,FALSE)) -> 375 | T69: =IF(L69>0,S69*$T$8,0) -> 0 | U69: =VLOOKUP(G69,'3-Productie normen'!A:O,7,FALSE) -> 3803.9 | X69: =J69*I69 -> 6987
A70: =A69+1 -> 70 | B70: Zaandam - Prins Bernhardplein (VRZW) | C70: Prins Bernhardplein 112 | D70: 0 | E70: A-0-09/V | F70: Gangzone | G70: Verkeersruimten | H70: Tapijt | I70: 34 | J70: =SUM(K70:O70) -> 255 | K70: 255 | Q70: =IF(K70="nio",0,IF(K70>0,K70*I70/S70,0)) -> 11.56 | R70: =IF(L70>0,L70*I70/T70,0) -> 0 | S70: =IF(K70="nio",0,IF(K70>0,VLOOKUP(G70,'3-Productie normen'!A:K,VLOOKUP(K70,'3-Productie normen'!$B$30:$C$33,2,FALSE),FALSE)))*(VLOOKUP(B70,'2-Kosten per locatie'!$A$15:$C$36,3,FALSE)) -> 750 | T70: =IF(L70>0,S70*$T$8,0) -> 0 | U70: =VLOOKUP(G70,'3-Productie normen'!A:O,7,FALSE) -> 2296.17 | X70: =J70*I70 -> 8670
A71: =A70+1 -> 71 | B71: Zaandam - Prins Bernhardplein (VRZW) | C71: Prins Bernhardplein 112 | D71: 0 | E71: A-0-10/S | F71: Pantry/wachtruimte | G71: Keuken, pantry | H71: Linoleum | I71: 22 | J71: =SUM(K71:O71) -> 255 | K71: 255 | Q71: =IF(K71="nio",0,IF(K71>0,K71*I71/S71,0)) -> 20.4 | R71: =IF(L71>0,L71*I71/T71,0) -> 0 | S71: =IF(K71="nio",0,IF(K71>0,VLOOKUP(G71,'3-Productie normen'!A:K,VLOOKUP(K71,'3-Productie normen'!$B$30:$C$33,2,FALSE),FALSE)))*(VLOOKUP(B71,'2-Kosten per locatie'!$A$15:$C$36,3,FALSE)) -> 275 | T71: =IF(L71>0,S71*$T$8,0) -> 0 | U71: =VLOOKUP(G71,'3-Productie normen'!A:O,7,FALSE) -> 1111.75 | X71: =J71*I71 -> 5610
A72: =A71+1 -> 72 | B72: Zaandam - Prins Bernhardplein (VRZW) | C72: Prins Bernhardplein 112 | D72: 0 | E72: A-0-11/S | F72: Toilet | G72: Sanitaire ruimte | H72: Tegels | I72: 4.6 | J72: =SUM(K72:O72) -> 255 | K72: 255 | Q72: =IF(K72="nio",0,IF(K72>0,K72*I72/S72,0)) -> 15.64 | R72: =IF(L72>0,L72*I72/T72,0) -> 0 | S72: =IF(K72="nio",0,IF(K72>0,VLOOKUP(G72,'3-Productie normen'!A:K,VLOOKUP(K72,'3-Productie normen'!$B$30:$C$33,2,FALSE),FALSE)))*(VLOOKUP(B72,'2-Kosten per locatie'!$A$15:$C$36,3,FALSE)) -> 75 | T72: =IF(L72>0,S72*$T$8,0) -> 0 | U72: =VLOOKUP(G72,'3-Productie normen'!A:O,7,FALSE) -> 806.37 | X72: =J72*I72 -> 1173
A73: =A72+1 -> 73 | B73: Zaandam - Prins Bernhardplein (VRZW) | C73: Prins Bernhardplein 112 | D73: 0 | E73: A-0-12/S | F73: Toilet | G73: Sanitaire ruimte | H73: Tegels | I73: 5.3 | J73: =SUM(K73:O73) -> 255 | K73: 255 | Q73: =IF(K73="nio",0,IF(K73>0,K73*I73/S73,0)) -> 18.02 | R73: =IF(L73>0,L73*I73/T73,0) -> 0 | S73: =IF(K73="nio",0,IF(K73>0,VLOOKUP(G73,'3-Productie normen'!A:K,VLOOKUP(K73,'3-Productie normen'!$B$30:$C$33,2,FALSE),FALSE)))*(VLOOKUP(B73,'2-Kosten per locatie'!$A$15:$C$36,3,FALSE)) -> 75 | T73: =IF(L73>0,S73*$T$8,0) -> 0 | U73: =VLOOKUP(G73,'3-Productie normen'!A:O,7,FALSE) -> 806.37 | X73: =J73*I73 -> 1351.5
... A129: =A128+1 -> 129 | B129: Zaandam - Prins Bernhardplein (VRZW) | C129: Prins Bernhardplein 112 | D129: 2 | E129: B-2-14/S | F129: Toilet | G129: Sanitaire ruimte | H129: Tegels | I129: 8.1 | J129: =SUM(K129:O129) -> 255 | K129: 255 | Q129: =IF(K129="nio",0,IF(K129>0,K129*I129/S129,0)) -> 27.54 | R129: =IF(L129>0,L129*I129/T129,0) -> 0 | S129: =IF(K129="nio",0,IF(K129>0,VLOOKUP(G129,'3-Productie normen'!A:K,VLOOKUP(K129,'3-Productie normen'!$B$30:$C$33,2,FALSE),FALSE)))*(VLOOKUP(B129,'2-Kosten per locatie'!$A$15:$C$36,3,FALSE)) -> 75 | T129: =IF(L129>0,S129*$T$8,0) -> 0 | U129: =VLOOKUP(G129,'3-Productie normen'!A:O,7,FALSE) -> 806.37 | X129: =J129*I129 -> 2065.5
A130: =A129+1 -> 130 | B130: Zaandam - Prins Bernhardplein (VRZW) | C130: Prins Bernhardplein 112 | D130: 2 | F130: algemeen 2de verdieping | G130: Multifunctionele ruimten | H130: Beton | I130: 54.2 | J130: =SUM(K130:O130) -> 255 | K130: 255 | Q130: =IF(K130="nio",0,IF(K130>0,K130*I130/S130,0)) -> 27.642 | R130: =IF(L130>0,L130*I130/T130,0) -> 0 | S130: =IF(K130="nio",0,IF(K130>0,VLOOKUP(G130,'3-Productie normen'!A:K,VLOOKUP(K130,'3-Productie normen'!$B$30:$C$33,2,FALSE),FALSE)))*(VLOOKUP(B130,'2-Kosten per locatie'!$A$15:$C$36,3,FALSE)) -> 500 | T130: =IF(L130>0,S130*$T$8,0) -> 0 | U130: =VLOOKUP(G130,'3-Productie normen'!A:O,7,FALSE) -> 473.8 | X130: =J130*I130 -> 13821
A131: =A130+1 -> 131 | B131: Zaandam - Prins Bernhardplein (VRZW) | C131: Prins Bernhardplein 112 | D131: 3 | E131: A-3-01/K | F131: Crisisruimte | G131: Administratieve ruimte | H131: Tapijt | I131: 123 | J131: =SUM(K131:O131) -> 255 | K131: 255 | Q131: =IF(K131="nio",0,IF(K131>0,K131*I131/S131,0)) -> 83.64 | R131: =IF(L131>0,L131*I131/T131,0) -> 0 | S131: =IF(K131="nio",0,IF(K131>0,VLOOKUP(G131,'3-Productie normen'!A:K,VLOOKUP(K131,'3-Productie normen'!$B$30:$C$33,2,FALSE),FALSE)))*(VLOOKUP(B131,'2-Kosten per locatie'!$A$15:$C$36,3,FALSE)) -> 375 | T131: =IF(L131>0,S131*$T$8,0) -> 0 | U131: =VLOOKUP(G131,'3-Productie normen'!A:O,7,FALSE) -> 3803.9 | X131: =J131*I131 -> 31365
A132: =A131+1 -> 132 | B132: Zaandam - Prins Bernhardplein (VRZW) | C132: Prins Bernhardplein 112 | D132: 3 | E132: A-3-02/B | F132: Bergruimte | G132: Opslagruimte | H132: Linoleum | I132: 7.3 | J132: =SUM(K132:O132) -> 12 | K132: 12 | Q132: =IF(K132="nio",0,IF(K132>0,K132*I132/S132,0)) -> 0.18442105 | R132: =IF(L132>0,L132*I132/T132,0) -> 0 | S132: =IF(K132="nio",0,IF(K132>0,VLOOKUP(G132,'3-Productie normen'!A:K,VLOOKUP(K132,'3-Productie normen'!$B$30:$C$33,2,FALSE),FALSE)))*(VLOOKUP(B132,'2-Kosten per locatie'!$A$15:$C$36,3,FALSE)) -> 475 | T132: =IF(L132>0,S132*$T$8,0) -> 0 | U132: =VLOOKUP(G132,'3-Productie normen'!A:O,7,FALSE) -> 669.2 | X132: =J132*I132 -> 87.6
A133: =A132+1 -> 133 | B133: Zaandam - Prins Bernhardplein (VRZW) | C133: Prins Bernhardplein 112 | D133: 3 | E133: A-3-03/T | F133: Verbindingsruimte | G133: Verkeersruimten | H133: Linoleum | I133: 14.1 | J133: =SUM(K133:O133) -> 255 | K133: 255 | Q133: =IF(K133="nio",0,IF(K133>0,K133*I133/S133,0)) -> 4.794 | R133: =IF(L133>0,L133*I133/T133,0) -> 0 | S133: =IF(K133="nio",0,IF(K133>0,VLOOKUP(G133,'3-Productie normen'!A:K,VLOOKUP(K133,'3-Productie normen'!$B$30:$C$33,2,FALSE),FALSE)))*(VLOOKUP(B133,'2-Kosten per locatie'!$A$15:$C$36,3,FALSE)) -> 750 | T133: =IF(L133>0,S133*$T$8,0) -> 0 | U133: =VLOOKUP(G133,'3-Productie normen'!A:O,7,FALSE) -> 2296.17 | X133: =J133*I133 -> 3595.5
A134: =A133+1 -> 134 | B134: Zaandam - Prins Bernhardplein (VRZW) | C134: Prins Bernhardplein 112 | D134: 3 | E134: A-3-05/K | F134: Kantoor | G134: Administratieve ruimte | H134: Tapijt | I134: 44 | J134: =SUM(K134:O134) -> 255 | K134: 255 | Q134: =IF(K134="nio",0,IF(K134>0,K134*I134/S134,0)) -> 29.92 | R134: =IF(L134>0,L134*I134/T134,0) -> 0 | S134: =IF(K134="nio",0,IF(K134>0,VLOOKUP(G134,'3-Productie normen'!A:K,VLOOKUP(K134,'3-Productie normen'!$B$30:$C$33,2,FALSE),FALSE)))*(VLOOKUP(B134,'2-Kosten per locatie'!$A$15:$C$36,3,FALSE)) -> 375 | T134: =IF(L134>0,S134*$T$8,0) -> 0 | U134: =VLOOKUP(G134,'3-Productie normen'!A:O,7,FALSE) -> 3803.9 | X134: =J134*I134 -> 11220
A135: =A134+1 -> 135 | B135: Zaandam - Prins Bernhardplein (VRZW) | C135: Prins Bernhardplein 112 | D135: 3 | E135: A-3-06/K | F135: Kantoor | G135: Administratieve ruimte | H135: Tapijt | I135: 22 | J135: =SUM(K135:O135) -> 255 | K135: 255 | Q135: =IF(K135="nio",0,IF(K135>0,K135*I135/S135,0)) -> 14.96 | R135: =IF(L135>0,L135*I135/T135,0) -> 0 | S135: =IF(K135="nio",0,IF(K135>0,VLOOKUP(G135,'3-Productie normen'!A:K,VLOOKUP(K135,'3-Productie normen'!$B$30:$C$33,2,FALSE),FALSE)))*(VLOOKUP(B135,'2-Kosten per locatie'!$A$15:$C$36,3,FALSE)) -> 375 | T135: =IF(L135>0,S135*$T$8,0) -> 0 | U135: =VLOOKUP(G135,'3-Productie normen'!A:O,7,FALSE) -> 3803.9 | X135: =J135*I135 -> 5610
A136: =A135+1 -> 136 | B136: Zaandam - Prins Bernhardplein (VRZW) | C136: Prins Bernhardplein 112 | D136: 3 | E136: A-3-07/K | F136: Kantoor | G136: Administratieve ruimte | H136: Tapijt | I136: 22 | J136: =SUM(K136:O136) -> 255 | K136: 255 | Q136: =IF(K136="nio",0,IF(K136>0,K136*I136/S136,0)) -> 14.96 | R136: =IF(L136>0,L136*I136/T136,0) -> 0 | S136: =IF(K136="nio",0,IF(K136>0,VLOOKUP(G136,'3-Productie normen'!A:K,VLOOKUP(K136,'3-Productie normen'!$B$30:$C$33,2,FALSE),FALSE)))*(VLOOKUP(B136,'2-Kosten per locatie'!$A$15:$C$36,3,FALSE)) -> 375 | T136: =IF(L136>0,S136*$T$8,0) -> 0 | U136: =VLOOKUP(G136,'3-Productie normen'!A:O,7,FALSE) -> 3803.9 | X136: =J136*I136 -> 5610
A137: =A136+1 -> 137 | B137: Zaandam - Prins Bernhardplein (VRZW) | C137: Prins Bernhardplein 112 | D137: 3 | E137: A-3-08a/K | F137: Pantry | G137: Keuken, pantry | H137: Linoleum | I137: 8.2 | J137: =SUM(K137:O137) -> 255 | K137: 255 | Q137: =IF(K137="nio",0,IF(K137>0,K137*I137/S137,0)) -> 7.6036364 | R137: =IF(L137>0,L137*I137/T137,0) -> 0 | S137: =IF(K137="nio",0,IF(K137>0,VLOOKUP(G137,'3-Productie normen'!A:K,VLOOKUP(K137,'3-Productie normen'!$B$30:$C$33,2,FALSE),FALSE)))*(VLOOKUP(B137,'2-Kosten per locatie'!$A$15:$C$36,3,FALSE)) -> 275 | T137: =IF(L137>0,S137*$T$8,0) -> 0 | U137: =VLOOKUP(G137,'3-Productie normen'!A:O,7,FALSE) -> 1111.75 | X137: =J137*I137 -> 2091
A138: =A137+1 -> 138 | B138: Zaandam - Prins Bernhardplein (VRZW) | C138: Prins Bernhardplein 112 | D138: 3 | E138: A-3-08b/R | F138: Kantoor | G138: Administratieve ruimte | H138: Tapijt | I138: 12.9 | J138: =SUM(K138:O138) -> 255 | K138: 255 | Q138: =IF(K138="nio",0,IF(K138>0,K138*I138/S138,0)) -> 8.772 | R138: =IF(L138>0,L138*I138/T138,0) -> 0 | S138: =IF(K138="nio",0,IF(K138>0,VLOOKUP(G138,'3-Productie normen'!A:K,VLOOKUP(K138,'3-Productie normen'!$B$30:$C$33,2,FALSE),FALSE)))*(VLOOKUP(B138,'2-Kosten per locatie'!$A$15:$C$36,3,FALSE)) -> 375 | T138: =IF(L138>0,S138*$T$8,0) -> 0 | U138: =VLOOKUP(G138,'3-Productie normen'!A:O,7,FALSE) -> 3803.9 | X138: =J138*I138 -> 3289.5
A139: =A138+1 -> 139 | B139: Zaandam - Prins Bernhardplein (VRZW) | C139: Prins Bernhardplein 112 | D139: 3 | E139: A-3-09/K | F139: Kantoor | G139: Administratieve ruimte | H139: Tapijt | I139: 22 | J139: =SUM(K139:O139) -> 255 | K139: 255 | Q139: =IF(K139="nio",0,IF(K139>0,K139*I139/S139,0)) -> 14.96 | R139: =IF(L139>0,L139*I139/T139,0) -> 0 | S139: =IF(K139="nio",0,IF(K139>0,VLOOKUP(G139,'3-Productie normen'!A:K,VLOOKUP(K139,'3-Productie normen'!$B$30:$C$33,2,FALSE),FALSE)))*(VLOOKUP(B139,'2-Kosten per locatie'!$A$15:$C$36,3,FALSE)) -> 375 | T139: =IF(L139>0,S139*$T$8,0) -> 0 | U139: =VLOOKUP(G139,'3-Productie normen'!A:O,7,FALSE) -> 3803.9 | X139: =J139*I139 -> 5610
A140: =A139+1 -> 140 | B140: Zaandam - Prins Bernhardplein (VRZW) | C140: Prins Bernhardplein 112 | D140: 3 | E140: A-3-10/K | F140: Kantoor | G140: Administratieve ruimte | H140: Tapijt | I140: 27.4 | J140: =SUM(K140:O140) -> 255 | K140: 255 | Q140: =IF(K140="nio",0,IF(K140>0,K140*I140/S140,0)) -> 18.632 | R140: =IF(L140>0,L140*I140/T140,0) -> 0 | S140: =IF(K140="nio",0,IF(K140>0,VLOOKUP(G140,'3-Productie normen'!A:K,VLOOKUP(K140,'3-Productie normen'!$B$30:$C$33,2,FALSE),FALSE)))*(VLOOKUP(B140,'2-Kosten per locatie'!$A$15:$C$36,3,FALSE)) -> 375 | T140: =IF(L140>0,S140*$T$8,0) -> 0 | U140: =VLOOKUP(G140,'3-Productie normen'!A:O,7,FALSE) -> 3803.9 | X140: =J140*I140 -> 6987
A141: =A140+1 -> 141 | B141: Zaandam - Prins Bernhardplein (VRZW) | C141: Prins Bernhardplein 112 | D141: 3 | E141: A-3-14/V | F141: Gangzone | G141: Verkeersruimten | H141: Tapijt | I141: 56.6 | J141: =SUM(K141:O141) -> 255 | K141: 255 | Q141: =IF(K141="nio",0,IF(K141>0,K141*I141/S141,0)) -> 19.244 | R141: =IF(L141>0,L141*I141/T141,0) -> 0 | S141: =IF(K141="nio",0,IF(K141>0,VLOOKUP(G141,'3-Productie normen'!A:K,VLOOKUP(K141,'3-Productie normen'!$B$30:$C$33,2,FALSE),FALSE)))*(VLOOKUP(B141,'2-Kosten per locatie'!$A$15:$C$36,3,FALSE)) -> 750 | T141: =IF(L141>0,S141*$T$8,0) -> 0 | U141: =VLOOKUP(G141,'3-Productie normen'!A:O,7,FALSE) -> 2296.17 | X141: =J141*I141 -> 14433
A142: =A141+1 -> 142 | B142: Zaandam - Prins Bernhardplein (VRZW) | C142: Prins Bernhardplein 112 | D142: 3 | E142: A-3-15/S | F142: Toilet | G142: Sanitaire ruimte | H142: Tegels | I142: 4 | J142: =SUM(K142:O142) -> 255 | K142: 255 | Q142: =IF(K142="nio",0,IF(K142>0,K142*I142/S142,0)) -> 13.6 | R142: =IF(L142>0,L142*I142/T142,0) -> 0 | S142: =IF(K142="nio",0,IF(K142>0,VLOOKUP(G142,'3-Productie normen'!A:K,VLOOKUP(K142,'3-Productie normen'!$B$30:$C$33,2,FALSE),FALSE)))*(VLOOKUP(B142,'2-Kosten per locatie'!$A$15:$C$36,3,FALSE)) -> 75 | T142: =IF(L142>0,S142*$T$8,0) -> 0 | U142: =VLOOKUP(G142,'3-Productie normen'!A:O,7,FALSE) -> 806.37 | X142: =J142*I142 -> 1020
... A173: =A172+1 -> 173 | B173: Zaandam - Prins Bernhardplein (VRZW) | C173: Prins Bernhardplein 112 | D173: 5 | E173: A-5-16 | F173: Toilet | G173: Sanitaire ruimte | H173: Tegels | I173: 8.3 | J173: =SUM(K173:O173) -> 255 | K173: 255 | Q173: =IF(K173="nio",0,IF(K173>0,K173*I173/S173,0)) -> 28.22 | R173: =IF(L173>0,L173*I173/T173,0) -> 0 | S173: =IF(K173="nio",0,IF(K173>0,VLOOKUP(G173,'3-Productie normen'!A:K,VLOOKUP(K173,'3-Productie normen'!$B$30:$C$33,2,FALSE),FALSE)))*(VLOOKUP(B173,'2-Kosten per locatie'!$A$15:$C$36,3,FALSE)) -> 75 | T173: =IF(L173>0,S173*$T$8,0) -> 0 | U173: =VLOOKUP(G173,'3-Productie normen'!A:O,7,FALSE) -> 806.37 | X173: =J173*I173 -> 2116.5
A174: =A173+1 -> 174 | B174: Zaandam - Prins Bernhardplein (VRZW) | C174: Prins Bernhardplein 112 | D174: V | E174: Vide | F174: Algemene ruimte | G174: Multifunctionele ruimten | H174: Linoleum | I174: 108.3 | J174: =SUM(K174:O174) -> 255 | K174: 255 | Q174: =IF(K174="nio",0,IF(K174>0,K174*I174/S174,0)) -> 55.233 | R174: =IF(L174>0,L174*I174/T174,0) -> 0 | S174: =IF(K174="nio",0,IF(K174>0,VLOOKUP(G174,'3-Productie normen'!A:K,VLOOKUP(K174,'3-Productie normen'!$B$30:$C$33,2,FALSE),FALSE)))*(VLOOKUP(B174,'2-Kosten per locatie'!$A$15:$C$36,3,FALSE)) -> 500 | T174: =IF(L174>0,S174*$T$8,0) -> 0 | U174: =VLOOKUP(G174,'3-Productie normen'!A:O,7,FALSE) -> 473.8 | X174: =J174*I174 -> 27616.5
A175: =A174+1 -> 175 | B175: Zaandam - Prins Bernhardplein (VRZW) | C175: Prins Bernhardplein 112 | D175: 6 | E175: A-6-01/S | F175: Pantry | G175: Keuken, pantry | H175: Linoleum | I175: 23.1 | J175: =SUM(K175:O175) -> 255 | K175: 255 | Q175: =IF(K175="nio",0,IF(K175>0,K175*I175/S175,0)) -> 21.42 | R175: =IF(L175>0,L175*I175/T175,0) -> 0 | S175: =IF(K175="nio",0,IF(K175>0,VLOOKUP(G175,'3-Productie normen'!A:K,VLOOKUP(K175,'3-Productie normen'!$B$30:$C$33,2,FALSE),FALSE)))*(VLOOKUP(B175,'2-Kosten per locatie'!$A$15:$C$36,3,FALSE)) -> 275 | T175: =IF(L175>0,S175*$T$8,0) -> 0 | U175: =VLOOKUP(G175,'3-Productie normen'!A:O,7,FALSE) -> 1111.75 | X175: =J175*I175 -> 5890.5
A176: =A175+1 -> 176 | B176: Zaandam - Prins Bernhardplein (VRZW) | C176: Prins Bernhardplein 112 | D176: 6 | E176: A-6-02/R | F176: Magazijn | G176: Opslagruimte | H176: Linoleum | I176: 6.7 | J176: =SUM(K176:O176) -> 12 | K176: 12 | Q176: =IF(K176="nio",0,IF(K176>0,K176*I176/S176,0)) -> 0.16926316 | R176: =IF(L176>0,L176*I176/T176,0) -> 0 | S176: =IF(K176="nio",0,IF(K176>0,VLOOKUP(G176,'3-Productie normen'!A:K,VLOOKUP(K176,'3-Productie normen'!$B$30:$C$33,2,FALSE),FALSE)))*(VLOOKUP(B176,'2-Kosten per locatie'!$A$15:$C$36,3,FALSE)) -> 475 | T176: =IF(L176>0,S176*$T$8,0) -> 0 | U176: =VLOOKUP(G176,'3-Productie normen'!A:O,7,FALSE) -> 669.2 | X176: =J176*I176 -> 80.4
A177: =A176+1 -> 177 | B177: Zaandam - Prins Bernhardplein (VRZW) | C177: Prins Bernhardplein 112 | D177: 6 | E177: A-6-03/K | F177: ltp/112 | G177: Administratieve ruimte | H177: Linoleum | I177: 125 | J177: =SUM(K177:O177) -> 255 | K177: 255 | Q177: =IF(K177="nio",0,IF(K177>0,K177*I177/S177,0)) -> 85 | R177: =IF(L177>0,L177*I177/T177,0) -> 0 | S177: =IF(K177="nio",0,IF(K177>0,VLOOKUP(G177,'3-Productie normen'!A:K,VLOOKUP(K177,'3-Productie normen'!$B$30:$C$33,2,FALSE),FALSE)))*(VLOOKUP(B177,'2-Kosten per locatie'!$A$15:$C$36,3,FALSE)) -> 375 | T177: =IF(L177>0,S177*$T$8,0) -> 0 | U177: =VLOOKUP(G177,'3-Productie normen'!A:O,7,FALSE) -> 3803.9 | X177: =J177*I177 -> 31875
A178: =A177+1 -> 178 | B178: Zaandam - Prins Bernhardplein (VRZW) | C178: Prins Bernhardplein 112 | D178: 6 | E178: A-6-04/K | F178: meldkamer | G178: Administratieve ruimte | H178: Tapijt | I178: 129.6 | J178: =SUM(K178:O178) -> 255 | K178: 255 | Q178: =IF(K178="nio",0,IF(K178>0,K178*I178/S178,0)) -> 88.128 | R178: =IF(L178>0,L178*I178/T178,0) -> 0 | S178: =IF(K178="nio",0,IF(K178>0,VLOOKUP(G178,'3-Productie normen'!A:K,VLOOKUP(K178,'3-Productie normen'!$B$30:$C$33,2,FALSE),FALSE)))*(VLOOKUP(B178,'2-Kosten per locatie'!$A$15:$C$36,3,FALSE)) -> 375 | T178: =IF(L178>0,S178*$T$8,0) -> 0 | U178: =VLOOKUP(G178,'3-Productie normen'!A:O,7,FALSE) -> 3803.9 | X178: =J178*I178 -> 33048
A179: =A178+1 -> 179 | B179: Zaandam - Prins Bernhardplein (VRZW) | C179: Prins Bernhardplein 112 | D179: 6 | E179: A-6-05/K | F179: groepsleiders | G179: Administratieve ruimte | H179: Tapijt | I179: 34.8 | J179: =SUM(K179:O179) -> 255 | K179: 255 | Q179: =IF(K179="nio",0,IF(K179>0,K179*I179/S179,0)) -> 23.664 | R179: =IF(L179>0,L179*I179/T179,0) -> 0 | S179: =IF(K179="nio",0,IF(K179>0,VLOOKUP(G179,'3-Productie normen'!A:K,VLOOKUP(K179,'3-Productie normen'!$B$30:$C$33,2,FALSE),FALSE)))*(VLOOKUP(B179,'2-Kosten per locatie'!$A$15:$C$36,3,FALSE)) -> 375 | T179: =IF(L179>0,S179*$T$8,0) -> 0 | U179: =VLOOKUP(G179,'3-Productie normen'!A:O,7,FALSE) -> 3803.9 | X179: =J179*I179 -> 8874
A180: =A179+1 -> 180 | B180: Zaandam - Prins Bernhardplein (VRZW) | C180: Prins Bernhardplein 112 | D180: 6 | E180: A-6-06/V | F180: gangzone met trap | G180: Verkeersruimten | H180: Tapijt | I180: 19.8 | J180: =SUM(K180:O180) -> 255 | K180: 255 | Q180: =IF(K180="nio",0,IF(K180>0,K180*I180/S180,0)) -> 6.732 | R180: =IF(L180>0,L180*I180/T180,0) -> 0 | S180: =IF(K180="nio",0,IF(K180>0,VLOOKUP(G180,'3-Productie normen'!A:K,VLOOKUP(K180,'3-Productie normen'!$B$30:$C$33,2,FALSE),FALSE)))*(VLOOKUP(B180,'2-Kosten per locatie'!$A$15:$C$36,3,FALSE)) -> 750 | T180: =IF(L180>0,S180*$T$8,0) -> 0 | U180: =VLOOKUP(G180,'3-Productie normen'!A:O,7,FALSE) -> 2296.17 | X180: =J180*I180 -> 5049
A181: =A180+1 -> 181 | B181: Zaandam - Prins Bernhardplein (VRZW) | C181: Prins Bernhardplein 112 | D181: 6 | E181: A-6-07/T | F181: technische ruimte computer | G181: Niet in onderhoud | H181: Beton | I181: 24.7 | J181: =SUM(K181:O181) -> 0 | K181: nio | Q181: =IF(K181="nio",0,IF(K181>0,K181*I181/S181,0)) -> 0 | R181: =IF(L181>0,L181*I181/T181,0) -> 0 | S181: =IF(K181="nio",0,IF(K181>0,VLOOKUP(G181,'3-Productie normen'!A:K,VLOOKUP(K181,'3-Productie normen'!$B$30:$C$33,2,FALSE),FALSE)))*(VLOOKUP(B181,'2-Kosten per locatie'!$A$15:$C$36,3,FALSE)) -> 0 | T181: =IF(L181>0,S181*$T$8,0) -> 0 | U181: =VLOOKUP(G181,'3-Productie normen'!A:O,7,FALSE) -> 1570.1 | X181: =J181*I181 -> 0
A182: =A181+1 -> 182 | B182: Zaandam - Prins Bernhardplein (VRZW) | C182: Prins Bernhardplein 112 | D182: 6 | E182: A-6-08/K | F182: calamiteiten | G182: Administratieve ruimte | H182: Linoleum | I182: 32.5 | J182: =SUM(K182:O182) -> 255 | K182: 255 | Q182: =IF(K182="nio",0,IF(K182>0,K182*I182/S182,0)) -> 22.1 | R182: =IF(L182>0,L182*I182/T182,0) -> 0 | S182: =IF(K182="nio",0,IF(K182>0,VLOOKUP(G182,'3-Productie normen'!A:K,VLOOKUP(K182,'3-Productie normen'!$B$30:$C$33,2,FALSE),FALSE)))*(VLOOKUP(B182,'2-Kosten per locatie'!$A$15:$C$36,3,FALSE)) -> 375 | T182: =IF(L182>0,S182*$T$8,0) -> 0 | U182: =VLOOKUP(G182,'3-Productie normen'!A:O,7,FALSE) -> 3803.9 | X182: =J182*I182 -> 8287.5
A183: =A182+1 -> 183 | B183: Zaandam - Prins Bernhardplein (VRZW) | C183: Prins Bernhardplein 112 | D183: 6 | E183: A-6-09/S | F183: heren | G183: Sanitaire ruimte | H183: Tegels | I183: 6.3 | J183: =SUM(K183:O183) -> 255 | K183: 255 | Q183: =IF(K183="nio",0,IF(K183>0,K183*I183/S183,0)) -> 21.42 | R183: =IF(L183>0,L183*I183/T183,0) -> 0 | S183: =IF(K183="nio",0,IF(K183>0,VLOOKUP(G183,'3-Productie normen'!A:K,VLOOKUP(K183,'3-Productie normen'!$B$30:$C$33,2,FALSE),FALSE)))*(VLOOKUP(B183,'2-Kosten per locatie'!$A$15:$C$36,3,FALSE)) -> 75 | T183: =IF(L183>0,S183*$T$8,0) -> 0 | U183: =VLOOKUP(G183,'3-Productie normen'!A:O,7,FALSE) -> 806.37 | X183: =J183*I183 -> 1606.5
A184: =A183+1 -> 184 | B184: Zaandam - Prins Bernhardplein (VRZW) | C184: Prins Bernhardplein 112 | D184: 6 | E184: A-6-10/S | F184: dames | G184: Sanitaire ruimte | H184: Tegels | I184: 7.8 | J184: =SUM(K184:O184) -> 255 | K184: 255 | Q184: =IF(K184="nio",0,IF(K184>0,K184*I184/S184,0)) -> 26.52 | R184: =IF(L184>0,L184*I184/T184,0) -> 0 | S184: =IF(K184="nio",0,IF(K184>0,VLOOKUP(G184,'3-Productie normen'!A:K,VLOOKUP(K184,'3-Productie normen'!$B$30:$C$33,2,FALSE),FALSE)))*(VLOOKUP(B184,'2-Kosten per locatie'!$A$15:$C$36,3,FALSE)) -> 75 | T184: =IF(L184>0,S184*$T$8,0) -> 0 | U184: =VLOOKUP(G184,'3-Productie normen'!A:O,7,FALSE) -> 806.37 | X184: =J184*I184 -> 1989
A185: =A184+1 -> 185 | B185: Zaandam - Prins Bernhardplein (VRZW) | C185: Prins Bernhardplein 112 | D185: 6 | E185: A-6 | F185: algemene ruimte | G185: Multifunctionele ruimten | H185: Linoleum | I185: 45.7 | J185: =SUM(K185:O185) -> 255 | K185: 255 | Q185: =IF(K185="nio",0,IF(K185>0,K185*I185/S185,0)) -> 23.307 | R185: =IF(L185>0,L185*I185/T185,0) -> 0 | S185: =IF(K185="nio",0,IF(K185>0,VLOOKUP(G185,'3-Productie normen'!A:K,VLOOKUP(K185,'3-Productie normen'!$B$30:$C$33,2,FALSE),FALSE)))*(VLOOKUP(B185,'2-Kosten per locatie'!$A$15:$C$36,3,FALSE)) -> 500 | T185: =IF(L185>0,S185*$T$8,0) -> 0 | U185: =VLOOKUP(G185,'3-Productie normen'!A:O,7,FALSE) -> 473.8 | X185: =J185*I185 -> 11653.5
A186: =A185+1 -> 186 | B186: Zaandam - Prins Bernhardplein (VRZW) | C186: Prins Bernhardplein 112 | D186: 7 | E186: A-7-01/K | F186: applicatiebeheer | G186: Administratieve ruimte | H186: Tapijt | I186: 61.7 | J186: =SUM(K186:O186) -> 255 | K186: 255 | Q186: =IF(K186="nio",0,IF(K186>0,K186*I186/S186,0)) -> 41.956 | R186: =IF(L186>0,L186*I186/T186,0) -> 0 | S186: =IF(K186="nio",0,IF(K186>0,VLOOKUP(G186,'3-Productie normen'!A:K,VLOOKUP(K186,'3-Productie normen'!$B$30:$C$33,2,FALSE),FALSE)))*(VLOOKUP(B186,'2-Kosten per locatie'!$A$15:$C$36,3,FALSE)) -> 375 | T186: =IF(L186>0,S186*$T$8,0) -> 0 | U186: =VLOOKUP(G186,'3-Productie normen'!A:O,7,FALSE) -> 3803.9 | X186: =J186*I186 -> 15733.5
A187: =A186+1 -> 187 | B187: Zaandam - Prins Bernhardplein (VRZW) | C187: Prins Bernhardplein 112 | D187: 7 | E187: A-7-02/K | F187: chef | G187: Administratieve ruimte | H187: Tapijt | I187: 17.9 | J187: =SUM(K187:O187) -> 255 | K187: 255 | Q187: =IF(K187="nio",0,IF(K187>0,K187*I187/S187,0)) -> 12.172 | R187: =IF(L187>0,L187*I187/T187,0) -> 0 | S187: =IF(K187="nio",0,IF(K187>0,VLOOKUP(G187,'3-Productie normen'!A:K,VLOOKUP(K187,'3-Productie normen'!$B$30:$C$33,2,FALSE),FALSE)))*(VLOOKUP(B187,'2-Kosten per locatie'!$A$15:$C$36,3,FALSE)) -> 375 | T187: =IF(L187>0,S187*$T$8,0) -> 0 | U187: =VLOOKUP(G187,'3-Productie normen'!A:O,7,FALSE) -> 3803.9 | X187: =J187*I187 -> 4564.5
A188: =A187+1 -> 188 | B188: Zaandam - Prins Bernhardplein (VRZW) | C188: Prins Bernhardplein 112 | D188: 7 | E188: A-7-03/K | F188: chef | G188: Administratieve ruimte | H188: Tapijt | I188: 17.9 | J188: =SUM(K188:O188) -> 255 | K188: 255 | Q188: =IF(K188="nio",0,IF(K188>0,K188*I188/S188,0)) -> 12.172 | R188: =IF(L188>0,L188*I188/T188,0) -> 0 | S188: =IF(K188="nio",0,IF(K188>0,VLOOKUP(G188,'3-Productie normen'!A:K,VLOOKUP(K188,'3-Productie normen'!$B$30:$C$33,2,FALSE),FALSE)))*(VLOOKUP(B188,'2-Kosten per locatie'!$A$15:$C$36,3,FALSE)) -> 375 | T188: =IF(L188>0,S188*$T$8,0) -> 0 | U188: =VLOOKUP(G188,'3-Productie normen'!A:O,7,FALSE) -> 3803.9 | X188: =J188*I188 -> 4564.5
A189: =A188+1 -> 189 | B189: Zaandam - Prins Bernhardplein (VRZW) | C189: Prins Bernhardplein 112 | D189: 7 | E189: A-7-04/K | F189: vergaderkamer beleidsteam | G189: Vergaderruimte | H189: Tapijt | I189: 37.5 | J189: =SUM(K189:O189) -> 255 | K189: 255 | Q189: =IF(K189="nio",0,IF(K189>0,K189*I189/S189,0)) -> 20.131579 | R189: =IF(L189>0,L189*I189/T189,0) -> 0 | S189: =IF(K189="nio",0,IF(K189>0,VLOOKUP(G189,'3-Productie normen'!A:K,VLOOKUP(K189,'3-Productie normen'!$B$30:$C$33,2,FALSE),FALSE)))*(VLOOKUP(B189,'2-Kosten per locatie'!$A$15:$C$36,3,FALSE)) -> 475 | T189: =IF(L189>0,S189*$T$8,0) -> 0 | U189: =VLOOKUP(G189,'3-Productie normen'!A:O,7,FALSE) -> 606.37 | X189: =J189*I189 -> 9562.5
A190: =A189+1 -> 190 | B190: Zaandam - Prins Bernhardplein (VRZW) | C190: Prins Bernhardplein 112 | D190: 7 | E190: A-7-05/V | F190: gangzone met trap | G190: Verkeersruimten | H190: Tapijt | I190: 34.6 | J190: =SUM(K190:O190) -> 255 | K190: 255 | Q190: =IF(K190="nio",0,IF(K190>0,K190*I190/S190,0)) -> 11.764 | R190: =IF(L190>0,L190*I190/T190,0) -> 0 | S190: =IF(K190="nio",0,IF(K190>0,VLOOKUP(G190,'3-Productie normen'!A:K,VLOOKUP(K190,'3-Productie normen'!$B$30:$C$33,2,FALSE),FALSE)))*(VLOOKUP(B190,'2-Kosten per locatie'!$A$15:$C$36,3,FALSE)) -> 750 | T190: =IF(L190>0,S190*$T$8,0) -> 0 | U190: =VLOOKUP(G190,'3-Productie normen'!A:O,7,FALSE) -> 2296.17 | X190: =J190*I190 -> 8823
...

Sheet 5-Premies en opslagen
A1: Invoervelden
A3: ='2-Kosten per locatie'!A3 -> Naam opdrachtgever | B3: ='2-Kosten per locatie'!B3 -> VrZW en GGDZW
A4: ='2-Kosten per locatie'!A4 -> Calculatie onderdeel | B4: =MID(CELL("bestandsnaam",$C$9),SEARCH("]",CELL("bestandsnaam",$C$9),1)+1,256) -> 5-Premies en opslagen
A5: ='2-Kosten per locatie'!A5 -> Gebouw/plaats | B5: ='2-Kosten per locatie'!B5 -> Diverse
A6: ='2-Kosten per locatie'!A6 -> Referentie nummer | B6: ='2-Kosten per locatie'!B6 -> VrZW/GGDZW-EA-2027
A7: ='2-Kosten per locatie'!A7 -> Naam dienstverlener | B7: ='2-Kosten per locatie'!B7 -> 0
A8: ='2-Kosten per locatie'!A8 -> Prijspeil | B8: ='2-Kosten per locatie'!B8 -> 46388
A10: Sociale verzekeringen
C12: Bedrijfsgemiddelde
A13: WIA Basispremie | C13: 0.0763
A14: WGA | C14: 0.0096
A15: ZW-flex | C15: 0.0056
A16: Totaal | C16: =SUM(C13:C15) -> 0.0915
A18: WW premie- Algemeen Werkeloosheidsfonds (Awf) | C18: 0.0274
A19: Transitievergoeding | C19: 0.0074
A20: Zorgverzekeringswet (Zvw) | C20: 0.061
A21: OP/NP | C21: 0.0541
A22: Kinderopvang | C22: 0.005
A23: RAS premie | C23: 0.012
A24: Totaal opslag sociale lasten | C24: =SUM(C16:C23) -> 0.2584
A26: Sociale verzekeringen - Ouderdomspensioen (OP/NP)
C28: werkgeversdeel
A29: SV uurloon inclusief toeslagen | C29: 16.87
A30: Franchise OP-premie per uur | B30: Let op -/- bedrag | C30: -5.57
A31: Grondslag loon voor berekening OP premie | C31: =C29+C30 -> 11.3
A32: Premie Ouderdomspensioen (OP) | C32: 0.107
A34: Effectieve OP premie | C34: =(C31/C29)*C32 -> 0.071671606
A36: Berekening werkbare dagen
B38: Schoonmaak
A39: Aantal kalenderdagen | B39: 365
A40: Weekenddagen | B40: 104
A41: Werkdagen per jaar | B41: =B39-B40 -> 261
A43: Nat. feestdagen, kort verzuim, bijz. CAO
A44: Vakantiedagen
A45: Ziektedagen
A46: Vorstverlet
A47: Werkbare dagen per jaar | B47: =B41-SUM(B43:B46) -> 261
A49: Nat. feestdagen, kort verzuim, bijz CAO | B49: =IF(B43=0,0,B43/$B$47) -> 0
A50: Vakantiedagen | B50: =IF(B44=0,0,B44/$B$47) -> 0
A51: Ziektedagen | B51: =IF(B45=0,0,B45/$B$47) -> 0
A52: Vorstverlet | B52: =IF(B46=0,0,B46/$B$47) -> 0
A53: Totaal % opslag werkbare dagen | B53: =SUM(B49:B52) -> 0
A55: Het aantal werkbare dagen per jaar is een gemiddelde over 5 jaar. Er vindt geen periodieke verrekening plaats in verband met schrikkeljaren.

Sheet 6-Opbouw uurtarief productie
A1: Invoervelden
A3: ='2-Kosten per locatie'!A3 -> Naam opdrachtgever | B3: ='2-Kosten per locatie'!B3 -> VrZW en GGDZW
A4: ='2-Kosten per locatie'!A4 -> Calculatie onderdeel | B4: =MID(CELL("bestandsnaam",$C$9),SEARCH("]",CELL("bestandsnaam",$C$9),1)+1,256) -> 6-Opbouw uurtarief productie
A5: ='2-Kosten per locatie'!A5 -> Gebouw/plaats | B5: ='2-Kosten per locatie'!B5 -> Diverse
A6: ='2-Kosten per locatie'!A6 -> Referentie nummer | B6: ='2-Kosten per locatie'!B6 -> VrZW/GGDZW-EA-2027
A7: ='2-Kosten per locatie'!A7 -> Naam dienstverlener | B7: ='2-Kosten per locatie'!B7 -> 0
A8: ='2-Kosten per locatie'!A8 -> Prijspeil | B8: ='2-Kosten per locatie'!B8 -> 46388
A10: Tariefopbouw schoonmaak | E10: Gemiddeld tarief ma t/m vr | H10: Medewerker | I10: Uurlonen 1 januari 2027
I11: 1 | J11: 2 | K11: 3 | L11: 4 | M11: 5 | N11: 6
A12: Basisuurloon | E12: =SUM(I43:N43) -> 0 | H12: 17 jaar en jonger | I12: 12.37 | J12: 12.82 | K12: 13.31 | L12: 13.98 | M12: 14.51 | N12: 15.24
A13: Specialistentoeslag | C13: Projectgebonden! | E13: 0 | H13: 18 jaar | I13: 13.14 | J13: 13.61 | K13: 14.14 | L13: 14.84 | M13: 15.41 | N13: 16.18
A14: Gevarentoeslag (indien van toepassing) | E14: 0 | H14: 19 jaar | I14: 13.9 | J14: 14.41 | K14: 14.96 | L14: 15.71 | M14: 16.31 | N14: 17.13
A15: Bruto uurloon | E15: =SUM(E12:E14) -> 0 | H15: Vakvolwassen 0 dienstjaren
H16: Vakvolwassen 1 dienstjaar | I16: 16 | J16: 16.58 | K16: 17.22 | L16: 18.08 | M16: 18.77 | N16: 19.71
A17: Vakantietoeslag | E17: =$C17*E15 -> 0 | H17: Vakvolwassen 2 dienstjaren | I17: 16.57 | J17: 17.15 | K17: 17.84 | L17: 18.7 | M17: 19.4 | N17: 20.39
A18: Structurele eindejaarsuitkering | E18: 0 | H18: Vakvolwassen 3 dienstjaren | I18: 17.07 | J18: 17.71 | K18: 18.4 | L18: 19.31 | M18: 20.05 | N18: 21.05
A19: Bruto uurloon inclusief toeslagen | E19: =SUM(E15:E18) -> 0 | F19: =IF(E19=0,0,E19/E$47) -> 0 | H19: Vakvolwassen 4 dienstjaren | I19: 17.58 | J19: 18.25 | K19: 19.01 | L19: 19.91 | M19: 20.68 | N19: 21.73
A21: SV-loon grondslag voor berekening sociale verzekeringen | E21: =E19*0.96 -> 0 | H21: Medewerker | I21: Percentage per loongroep voor gemiddeld tarief
A22: Premies Sociale Verzekeringen | C22: [zie premies en opslagen] | E22: =E21*'5-Premies en opslagen'!$C24 -> 0 | I22: 1 | J22: 2 | K22: 3 | L22: 4 | M22: 5 | N22: 6
A23: Subtotaal loonkosten per uur inclusief sociale verzekeringen | E23: =E22+E19 -> 0 | F23: =IF(E23=0,0,E23/E$47) -> 0 | H23: 17 jaar en jonger
H24: 18 jaar
A25: Opslag niet werkbare dagen | C25: [zie premies en opslagen] | E25: =E23*'5-Premies en opslagen'!$B53 -> 0 | H25: 19 jaar
A26: Totaal loonkosten per uur | E26: =SUM(E23:E25) -> 0 | F26: =IF(E26=0,0,E26/E$47) -> 0 | H26: Vakvolwassen 0 dienstjaren
H27: Vakvolwassen 1 dienstjaar
A28: Materiaal/- en middelen | C28: Projectgebonden! | F28: 0 | H28: Vakvolwassen 2 dienstjaren
A29: Werkkleding en uitrusting | C29: Projectgebonden! | F29: 0 | H29: Vakvolwassen 3 dienstjaren
A30: Machinekosten | H30: Vakvolwassen 4 dienstjaren
H31: Totaal per loongroepen | I31: =SUM(I23:I30) -> 0 | J31: =SUM(J23:J30) -> 0 | K31: =SUM(K23:K30) -> 0 | L31: =SUM(L23:L30) -> 0 | M31: =SUM(M23:M30) -> 0 | N31: =SUM(N23:N30) -> 0 | O31: =SUM(I31:N31) -> 0
A32: Totaal directe kosten | E32: =SUM(E26:E31) -> 0 | F32: =IF(E32=0,0,E32/E$47) -> 0
H33: Medewerker | I33: Opbouw gemiddeld tarief
A34: Indirect toezicht | F34: =E34/$E$47 -> #DIV/0! | I34: 1 | J34: 2 | K34: 3 | L34: 4 | M34: 5 | N34: 6
A35: Managementkosten | F35: =E35/$E$47 -> #DIV/0! | H35: 17 jaar en jonger | I35: =I23*I12 -> 0 | J35: =J23*J12 -> 0 | K35: =K23*K12 -> 0 | L35: =L23*L12 -> 0 | M35: =M23*M12 -> 0 | N35: =N23*N12 -> 0
A36: P.Z. kosten | F36: =E36/$E$47 -> #DIV/0! | H36: 18 jaar | I36: =I24*I13 -> 0 | J36: =J24*J13 -> 0 | K36: =K24*K13 -> 0 | L36: =L24*L13 -> 0 | M36: =M24*M13 -> 0 | N36: =N24*N13 -> 0
A37: Opleiding | F37: =E37/$E$47 -> #DIV/0! | H37: 19 jaar | I37: =I25*I14 -> 0 | J37: =J25*J14 -> 0 | K37: =K25*K14 -> 0 | L37: =L25*L14 -> 0 | M37: =M25*M14 -> 0 | N37: =N25*N14 -> 0
A38: Administratiekosten | F38: =E38/$E$47 -> #DIV/0! | H38: Vakvolwassen 0 dienstjaren | I38: =I26*I15 -> 0 | J38: =J26*J15 -> 0 | K38: =K26*K15 -> 0 | L38: =L26*L15 -> 0 | M38: =M26*M15 -> 0 | N38: =N26*N15 -> 0
A39: Huisvestingskosten | F39: =E39/$E$47 -> #DIV/0! | H39: Vakvolwassen 1 dienstjaar | I39: =I27*I16 -> 0 | J39: =J27*J16 -> 0 | K39: =K27*K16 -> 0 | L39: =L27*L16 -> 0 | M39: =M27*M16 -> 0 | N39: =N27*N16 -> 0
A40: Reiskosten/autokosten | C40: Projectgebonden! | F40: =E40/$E$47 -> #DIV/0! | H40: Vakvolwassen 2 dienstjaren | I40: =I28*I17 -> 0 | J40: =J28*J17 -> 0 | K40: =K28*K17 -> 0 | L40: =L28*L17 -> 0 | M40: =M28*M17 -> 0 | N40: =N28*N17 -> 0
A41: Kosten verzuimbegeleiding | F41: =E41/$E$47 -> #DIV/0! | H41: Vakvolwassen 3 dienstjaren | I41: =I29*I18 -> 0 | J41: =J29*J18 -> 0 | K41: =K29*K18 -> 0 | L41: =L29*L18 -> 0 | M41: =M29*M18 -> 0 | N41: =N29*N18 -> 0
E42: 0 | F42: =E42/$E$47 -> #DIV/0! | H42: Vakvolwassen 4 dienstjaren | I42: =I30*I19 -> 0 | J42: =J30*J19 -> 0 | K42: =K30*K19 -> 0 | L42: =L30*L19 -> 0 | M42: =M30*M19 -> 0 | N42: =N30*N19 -> 0
A43: Totaal indirecte kosten | E43: =SUM(E32:E42) -> 0 | F43: =IF(E43=0,0,E43/E$47) -> 0 | H43: Totaal per loongroepen | I43: =SUM(I35:I42) -> 0 | J43: =SUM(J35:J42) -> 0 | K43: =SUM(K35:K42) -> 0 | L43: =SUM(L35:L42) -> 0 | M43: =SUM(M35:M42) -> 0 | N43: =SUM(N35:N42) -> 0
A45: Risico en winst | F45: =(IF(E45=0,0,E45/E$47)) -> 0
H46: Tarief componenten samenvatting | K46: Gemiddeld tarief ma t/m vr
A47: Totaal eindtarief normale werktijden [06.00-21.30 uur] | E47: =SUM(E43:E46) -> 0 | F47: =SUM(F43:F46) -> 0
H48: Bruto uurloon | K48: =E15 -> 0
A49: Totaal eindtarief [incl. 30% toeslag] | E49: =(E$26*1.3)+($E$47-$E$26) -> 0 | H49: Vakantietoeslag | K49: =E17 -> 0
H50: Structurele eindejaarsuitkering | K50: =E18 -> 0
A51: Totaal eindtarief weekenden [incl. 50% toeslag] | E51: =(E$26*1.5)+($E$47-$E$26) -> 0 | H51: Premies Sociale Verzekeringen | K51: =E22 -> 0
H52: Opslag niet werkbare dagen | K52: =E25 -> 0
A53: Totaal eindtarief feestdagen [incl. 150% toeslag] | E53: =(E$26*2.5)+($E$47-$E$26) -> 0 | H53: Materiaal/- en middelen | K53: =E28 -> 0
H54: Werkkleding en uitrusting | K54: =E29 -> 0
H55: Machinekosten | K55: =E30 -> 0
H56: Indirect toezicht | K56: =E34 -> 0
H57: Managementkosten | K57: =E35 -> 0
H58: P.Z. kosten | K58: =E36 -> 0
H59: Opleiding | K59: =E37 -> 0
H60: Administratiekosten | K60: =E38 -> 0
H61: Huisvestingskosten | K61: =E39 -> 0
H62: Reiskosten/autokosten | K62: =E40 -> 0
H63: Kosten verzuimbegeleiding | K63: =E41 -> 0
H64: Risico en winst | K64: =E45 -> 0
H66: Totaal eindtarief normale werktijden [06.00-21.30 uur] | K66: =SUM(K48:K65) -> 0
H68: Totaal eindtarief [incl. 30% toeslag] | K68: =E49 -> 0
H70: Totaal eindtarief weekenden [incl. 50% toeslag] | K70: =E51 -> 0
H72: Totaal eindtarief feestdagen [incl. 150% toeslag] | K72: =E53 -> 0

Sheet 7-Opbouw uurtarief toezicht
A1: Invoervelden
A3: ='2-Kosten per locatie'!A3 -> Naam opdrachtgever | B3: ='2-Kosten per locatie'!B3 -> VrZW en GGDZW
A4: ='2-Kosten per locatie'!A4 -> Calculatie onderdeel | B4: =MID(CELL("bestandsnaam",$C$9),SEARCH("]",CELL("bestandsnaam",$C$9),1)+1,256) -> 7-Opbouw uurtarief toezicht
A5: ='2-Kosten per locatie'!A5 -> Gebouw/plaats | B5: ='2-Kosten per locatie'!B5 -> Diverse
A6: ='2-Kosten per locatie'!A6 -> Referentie nummer | B6: ='2-Kosten per locatie'!B6 -> VrZW/GGDZW-EA-2027
A7: ='2-Kosten per locatie'!A7 -> Naam dienstverlener | B7: ='2-Kosten per locatie'!B7 -> 0
A8: ='2-Kosten per locatie'!A8 -> Prijspeil | B8: ='2-Kosten per locatie'!B8 -> 46388
A10: Tariefopbouw toezicht | E10: Gemiddeld tarief ma t/m vr | H10: Medewerker | I10: Uurlonen 1 januari 2027
I11: 1 | J11: 2 | K11: 3 | L11: 4 | M11: 5 | N11: 6
A12: Basisuurloon | E12: =SUM(I34:N34) -> 0
A13: Specialistentoeslag | C13: Projectgebonden! | E13: 0 | H13: Vakvolwassen 1 dienstjaar | I13: 16 | J13: 16.58 | K13: 17.22 | L13: 18.08 | M13: 18.77 | N13: 19.71
A14: Gevarentoeslag (indien van toepassing) | E14: 0 | H14: Vakvolwassen 2 dienstjaren | I14: 16.57 | J14: 17.15 | K14: 17.84 | L14: 18.7 | M14: 19.4 | N14: 20.39
A15: Bruto uurloon | E15: =SUM(E12:E14) -> 0 | H15: Vakvolwassen 3 dienstjaren | I15: 17.07 | J15: 17.71 | K15: 18.4 | L15: 19.31 | M15: 20.05 | N15: 21.05
H16: Vakvolwassen 4 dienstjaren | I16: 17.58 | J16: 18.25 | K16: 19.01 | L16: 19.91 | M16: 20.68 | N16: 21.73
A17: Vakantietoeslag | E17: =$C17*E15 -> 0
A18: Structurele eindejaarsuitkering | E18: =$C18*E15 -> 0 | H18: Medewerker | I18: Percentage per loongroep voor gemiddeld tarief
A19: Bruto uurloon inclusief toeslagen | E19: =SUM(E15:E18) -> 0 | F19: =IF(E19=0,0,E19/E$47) -> 0 | I19: 1 | J19: 2 | K19: 3 | L19: 4 | M19: 5 | N19: 6
A21: SV-loon grondslag voor berekening sociale verzekeringen | E21: =E19*0.96 -> 0 | H21: Vakvolwassen 1 dienstjaar
A22: Premies Sociale Verzekeringen | C22: [zie premies en opslagen] | E22: =E21*'5-Premies en opslagen'!$C24 -> 0 | H22: Vakvolwassen 2 dienstjaren
A23: Subtotaal loonkosten per uur inclusief sociale verzekeringen | E23: =E22+E19 -> 0 | F23: =IF(E23=0,0,E23/E$47) -> 0 | H23: Vakvolwassen 3 dienstjaren
H24: Vakvolwassen 4 dienstjaren
A25: Opslag niet werkbare dagen | C25: [zie premies en opslagen] | E25: =E23*'5-Premies en opslagen'!$B53 -> 0 | H25: Totaal per loongroepen | I25: =SUM(I20:I24) -> 0 | J25: =SUM(J20:J24) -> 0 | K25: =SUM(K20:K24) -> 0 | L25: =SUM(L20:L24) -> 0 | M25: =SUM(M20:M24) -> 0 | N25: =SUM(N20:N24) -> 0 | O25: =SUM(I25:N25) -> 0
A26: Totaal loonkosten per uur | E26: =SUM(E23:E25) -> 0 | F26: =IF(E26=0,0,E26/E$47) -> 0
H27: Medewerker | I27: Opbouw gemiddeld tarief
A28: Materiaal/- en middelen | C28: Projectgebonden! | E28: 0 | F28: 0 | I28: 1 | J28: 2 | K28: 3 | L28: 4 | M28: 5 | N28: 6
A29: Werkkleding en uitrusting | C29: Projectgebonden! | E29: 0 | F29: 0
H30: Vakvolwassen 1 dienstjaar | I30: =I21*I13 -> 0 | J30: =J21*J13 -> 0 | K30: =K21*K13 -> 0 | L30: =L21*L13 -> 0 | M30: =M21*M13 -> 0 | N30: =N21*N13 -> 0
H31: Vakvolwassen 2 dienstjaren | I31: =I22*I14 -> 0 | J31: =J22*J14 -> 0 | K31: =K22*K14 -> 0 | L31: =L22*L14 -> 0 | M31: =M22*M14 -> 0 | N31: =N22*N14 -> 0
A32: Totaal directe kosten | E32: =SUM(E26:E31) -> 0 | F32: =IF(E32=0,0,E32/E$47) -> 0 | H32: Vakvolwassen 3 dienstjaren | I32: =I23*I15 -> 0 | J32: =J23*J15 -> 0 | K32: =K23*K15 -> 0 | L32: =L23*L15 -> 0 | M32: =M23*M15 -> 0 | N32: =N23*N15 -> 0
H33: Vakvolwassen 4 dienstjaren | I33: =I24*I16 -> 0 | J33: =J24*J16 -> 0 | K33: =K24*K16 -> 0 | L33: =L24*L16 -> 0 | M33: =M24*M16 -> 0 | N33: =N24*N16 -> 0
A34: Indirect toezicht | F34: =E34/$E$47 -> #DIV/0! | H34: Totaal per loongroepen | I34: =SUM(I29:I33) -> 0 | J34: =SUM(J29:J33) -> 0 | K34: =SUM(K29:K33) -> 0 | L34: =SUM(L29:L33) -> 0 | M34: =SUM(M29:M33) -> 0 | N34: =SUM(N29:N33) -> 0
A35: Managementkosten | F35: =E35/$E$47 -> #DIV/0!
A36: P.Z. kosten | F36: =E36/$E$47 -> #DIV/0!
A37: Opleiding | F37: =E37/$E$47 -> #DIV/0!
A38: Administratiekosten | F38: =E38/$E$47 -> #DIV/0!
A39: Huisvestingskosten | F39: =E39/$E$47 -> #DIV/0!
A40: Reiskosten/autokosten | C40: Projectgebonden! | F40: =E40/$E$47 -> #DIV/0!
A41: Kosten verzuimbegeleiding | F41: =E41/$E$47 -> #DIV/0!
A43: Totaal indirecte kosten | E43: =SUM(E32:E42) -> 0 | F43: =IF(E43=0,0,E43/E$47) -> 0
A45: Risico en winst | E45: 0 | F45: =(IF(E45=0,0,E45/E$47)) -> 0
H46: Tarief componenten samenvatting | K46: Gemiddeld tarief ma t/m vr
A47: Totaal eindtarief normale werktijden [06.00-21.30 uur] | E47: =SUM(E43:E46) -> 0 | F47: =SUM(F43:F46) -> 0
H48: Bruto uurloon | K48: =E15 -> 0
A49: Totaal eindtarief [incl. 30% toeslag] | E49: =(E$26*1.3)+($E$47-$E$26) -> 0 | H49: Vakantietoeslag | K49: =E17 -> 0
H50: Structurele eindejaarsuitkering | K50: =E18 -> 0
A51: Totaal eindtarief weekenden [incl. 50% toeslag] | E51: =(E$26*1.5)+($E$47-$E$26) -> 0 | H51: Premies Sociale Verzekeringen | K51: =E22 -> 0
H52: Opslag niet werkbare dagen | K52: =E25 -> 0
A53: Totaal eindtarief feestdagen [incl. 150% toeslag] | E53: =(E$26*2.5)+($E$47-$E$26) -> 0 | H53: Materiaal/- en middelen | K53: =E28 -> 0
H54: Werkkleding en uitrusting | K54: =E29 -> 0
H55: Machinekosten | K55: =E30 -> 0
H56: Indirect toezicht | K56: =E34 -> 0
H57: Managementkosten | K57: =E35 -> 0
H58: P.Z. kosten | K58: =E36 -> 0
H59: Opleiding | K59: =E37 -> 0
H60: Administratiekosten | K60: =E38 -> 0
H61: Huisvestingskosten | K61: =E39 -> 0
H62: Reiskosten/autokosten | K62: =E40 -> 0
H63: Kosten verzuimbegeleiding | K63: =E41 -> 0
H64: Risico en winst | K64: =E45 -> 0
H66: Totaal eindtarief normale werktijden [06.00-21.30 uur] | K66: =SUM(K48:K65) -> 0
H68: Totaal eindtarief [incl. 30% toeslag] | K68: =E49 -> 0
H70: Totaal eindtarief weekenden [incl. 50% toeslag] | K70: =E51 -> 0
H72: Totaal eindtarief feestdagen [incl. 150% toeslag] | K72: =E53 -> 0

Sheet 8-Additionele kosten
A1: Invoervelden | D1: Tariefsoort | H1: Tarief
D2: Maandag - Vrijdag | H2: 0
A3: ='2-Kosten per locatie'!A3 -> Naam opdrachtgever | B3: ='2-Kosten per locatie'!B3 -> VrZW en GGDZW | D3: Zaterdag - zondag (incl. 50% toeslag conform cao) | H3: 0
A4: ='2-Kosten per locatie'!A4 -> Calculatie onderdeel | B4: =MID(CELL("bestandsnaam",$C$9),SEARCH("]",CELL("bestandsnaam",$C$9),1)+1,256) -> 8-Additionele kosten | D4: Feestdagen (incl. 150% toeslag conform cao) | H4: 0
A5: ='2-Kosten per locatie'!A5 -> Gebouw/plaats | B5: ='2-Kosten per locatie'!B5 -> Diverse | D5: …...................................................... | H5: 0
A6: ='2-Kosten per locatie'!A6 -> Referentie nummer | B6: ='2-Kosten per locatie'!B6 -> VrZW/GGDZW-EA-2027 | D6: …...................................................... | H6: 0
A7: ='2-Kosten per locatie'!A7 -> Naam dienstverlener | B7: ='2-Kosten per locatie'!B7 -> 0 | D7: …...................................................... | H7: 0
A8: ='2-Kosten per locatie'!A8 -> Prijspeil | B8: ='2-Kosten per locatie'!B8 -> 46388 | D8: …...................................................... | H8: 0
A10: Locatie | B10: Omschrijving werkzaamheden | C10: Aantal | D10: frequentie per jaar | E10: uren per beurt | F10: uren per jaar | G10: uurtarief | H10: kosten per jaar
A11: Zaandam - Prins Bernhardplein (VRZW) | B11: Koelkasten | C11: 7 | D11: 4 | E11: 0 | F11: =E11*D11 -> 0 | G11: =H2 -> 0 | H11: =G11*F11 -> 0
A12: Wormerveer - Industrieweg (VRZW) | B12: Koelkasten | C12: 1 | D12: 4 | E12: 0 | F12: =E12*D12 -> 0 | G12: =H2 -> 0 | H12: =G12*F12 -> 0
A13: Purmerend - Gorslaan (VRZW) | B13: Koelkasten | C13: 2 | D13: 4 | E13: 0 | F13: =E13*D13 -> 0 | G13: =H2 -> 0 | H13: =G13*F13 -> 0
A14: Volendam - Julianaweg (VRZW) | B14: Koelkasten | C14: 1 | D14: 4 | E14: 0 | F14: =E14*D14 -> 0 | G14: =H2 -> 0 | H14: =G14*F14 -> 0
A18: Totaal | F18: =SUM(F11:F14) -> 0 | H18: =SUM(H11:H17) -> 0

Sheet 9-Afroepprijs
A1: Invoervelden
A3: ='2-Kosten per locatie'!A3 -> Naam opdrachtgever | B3: ='2-Kosten per locatie'!B3 -> VrZW en GGDZW
A4: ='2-Kosten per locatie'!A4 -> Calculatie onderdeel | B4: =MID(CELL("bestandsnaam",$C$9),SEARCH("]",CELL("bestandsnaam",$C$9),1)+1,256) -> 9-Afroepprijs
A5: ='2-Kosten per locatie'!A5 -> Gebouw/plaats | B5: ='2-Kosten per locatie'!B5 -> Diverse
A6: ='2-Kosten per locatie'!A6 -> Referentie nummer | B6: ='2-Kosten per locatie'!B6 -> VrZW/GGDZW-EA-2027
A7: ='2-Kosten per locatie'!A7 -> Naam dienstverlener | B7: ='2-Kosten per locatie'!B7 -> 0
A8: ='2-Kosten per locatie'!A8 -> Prijspeil | B8: ='2-Kosten per locatie'!B8 -> 46388
A11: Vloerenonderhoud (inclusief uit-/inruimen van het meubilair)
C13: Prijs p/m² excl. btw
A14: Activiteit | B14: Toelichting | C14: 0-100m² | D14: 101-500m² | E14: 501-1000m² | F14: > 1000m²
A15: Lino-/marmoleum top-coaten | B15: 2 lagen | C15: 3.56 | D15: 3.26 | E15: 3 | F15: 2.77
A16: Lino-/marmoleum re-coaten | B16: 2 lagen | C16: 11.05 | D16: 10.65 | E16: 9.96 | F16: 8.77
A17: Lino-/marmoleum sprayen | B17: geheel | C17: 0.85 | D17: 0.76 | E17: 0.7 | F17: 0.63
A18: Steen/PVC schrobben | C18: 1 | D18: 0.91 | E18: 0.81 | F18: 0.75
A19: Tapijt sproeiextraheren | C19: 5.31 | D19: 4.61 | E19: 3.64 | F19: 3
A21: Reinigen raambekleding
A23: Soort | B23: Toelichting | E23: Prijs p/m² onder 100m² excl. btw | F23: Prijs p/m² boven 100m² excl. btw
A24: Vitrage | B24: Methode en eindresultaat omschrijven. | E24: 2.5 | F24: 2.25
A25: Overgordijnen | B25: Methode en eindresultaat omschrijven. | E25: 6 | F25: 5.5
A26: Verticale lamellen stof | B26: Methode en eindresultaat omschrijven. | E26: 13 | F26: 12.65
A27: Verticale lamellen metaal/kunststof | B27: Methode en eindresultaat omschrijven. | E27: 8.9 | F27: 8.45
A28: Horizontale lamellen | B28: Methode en eindresultaat omschrijven. | E28: 11.5 | F28: 10.9
A30: Reinigen gevelbeplating
A32: Soort | B32: Prijs p/m² onder 50m² excl. btw | C32: Prijs p/m² boven 50m² excl. btw
A33: Trepa | B33: 8 | C33: 5
A34: Kunststof | B34: 7 | C34: 4.5
A35: Metaal gemoffeld | B35: 8 | C35: 5.5
A36: Hout geschilderd | B36: 9 | C36: 6
A38: Reinigen en waxen overheaddeuren
A40: Soort | B40: Eenheid | C40: Prijs excl. byw
A41: Reinigen overheaddeur | B41: per overheaddeur per behandeling | C41: 85
A42: Reinigen en waxen overheaddeur | B42: per overheaddeur per behandeling | C42: 145
A44: Regietarieven
A46: Activiteit | B46: Toelichting | F46: Prijs p/uur excl. btw
A47: Schoonmaakonderhoud | B47: Maandag - Vrijdag | F47: 0
A48: Schoonmaakonderhoud | B48: Zaterdag - zondag (incl. 50% toeslag conform cao) | F48: 0
A49: Schoonmaakonderhoud | B49: Feestdagen (incl. 150% toeslag conform cao) | F49: 0
A50: Glazenwasserswerkzaamheden | B50: Maandag - Vrijdag | F50: 0
A52: Opmerking:
A53: Alle prijzen inclusief materialen en middelen, voorrijkosten en overige bijkomende kosten.
A54: Mits anders aangegeven is de uitvoering op reguliere werktijden: maandag t/m vrijdag [06.00 en 21.30 uur]

Sheet 10-Glasbewassing
A1: Invoervelden
E2: Glassoort | F2: M² prijs
A3: ='2-Kosten per locatie'!A3 -> Naam opdrachtgever | B3: ='2-Kosten per locatie'!B3 -> VrZW en GGDZW | E3: Buitenzijde | F3: 0
A4: ='2-Kosten per locatie'!A4 -> Calculatie onderdeel | B4: =MID(CELL("bestandsnaam",$C$9),SEARCH("]",CELL("bestandsnaam",$C$9),1)+1,256) -> 10-Glasbewassing | E4: Binnenzijde | F4: 0
A5: ='2-Kosten per locatie'!A5 -> Gebouw/plaats | B5: ='2-Kosten per locatie'!B5 -> Diverse | E5: Separatieglas dubbelzijdig | F5: 0
A6: ='2-Kosten per locatie'!A6 -> Referentie nummer | B6: ='2-Kosten per locatie'!B6 -> VrZW/GGDZW-EA-2027 | E6: Glas overig | F6: 0
A7: ='2-Kosten per locatie'!A7 -> Naam dienstverlener | B7: ='2-Kosten per locatie'!B7 -> 0 | E7: Beplating | F7: 0
A8: ='2-Kosten per locatie'!A8 -> Prijspeil | B8: ='2-Kosten per locatie'!B8 -> 46388 | E8: Overheaddeuren | F8: 0
E9: Raamkozijnen | F9: 0
E10: ………………………………… | F10: 0
A12: Locatie | B12: Glassoort | C12: Aanvullende omschrijving | D12: Aantal m2 | E12: Kosten per m2 | F12: Kosten per beurt | G12: Frequentie per jaar | H12: Totaalkosten per jaar
A13: Zaandam - Westzanerdijk (VRZW) | B13: Buitenzijde | D13: 21 | E13: =VLOOKUP(B13,$E$3:$F$10,2,FALSE) -> 0 | F13: =(D13*E13) -> 0 | G13: 3 | H13: =G13*F13 -> 0
A14: Zaandam - Westzanerdijk (VRZW) | B14: Binnenzijde | D14: 21 | E14: =VLOOKUP(B14,$E$3:$F$10,2,FALSE) -> 0 | F14: =(D14*E14) -> 0 | G14: 2 | H14: =G14*F14 -> 0
A15: Zaandam - Westzanerdijk (VRZW) | B15: Separatieglas dubbelzijdig | D15: 2 | E15: =VLOOKUP(B15,$E$3:$F$10,2,FALSE) -> 0 | F15: =(D15*E15) -> 0 | G15: 2 | H15: =G15*F15 -> 0
A16: Zaandam - Prins Bernhardplein (VRZW) | B16: Buitenzijde | D16: 2050 | E16: =VLOOKUP(B16,$E$3:$F$10,2,FALSE) -> 0 | F16: =(D16*E16) -> 0 | G16: 3 | H16: =G16*F16 -> 0
A17: Zaandam - Prins Bernhardplein (VRZW) | B17: Binnenzijde | D17: 2050 | E17: =VLOOKUP(B17,$E$3:$F$10,2,FALSE) -> 0 | F17: =(D17*E17) -> 0 | G17: 2 | H17: =G17*F17 -> 0
A18: Zaandam - Prins Bernhardplein (VRZW) | B18: Separatieglas dubbelzijdig | D18: 353 | E18: =VLOOKUP(B18,$E$3:$F$10,2,FALSE) -> 0 | F18: =(D18*E18) -> 0 | G18: 2 | H18: =G18*F18 -> 0
A19: Zaandam - Prins Bernhardplein (VRZW) | B19: Glas overig | C19: Liftglas | D19: 210 | E19: =VLOOKUP(B19,$E$3:$F$10,2,FALSE) -> 0 | F19: =(D19*E19) -> 0 | G19: 2 | H19: =G19*F19 -> 0
A20: Zaandam - Prins Bernhardplein (VRZW) | B20: Bereikbaarheidsvoorziening | C20: Hoogwerker + gevelbak | D20: 0 | F20: 0 | G20: 3 | H20: =G20*F20 -> 0
A21: Zaandam - Jan Bonekampstraat (VRZW) | B21: Buitenzijde | D21: 133 | E21: =VLOOKUP(B21,$E$3:$F$10,2,FALSE) -> 0 | F21: =(D21*E21) -> 0 | G21: 3 | H21: =G21*F21 -> 0
A22: Zaandam - Jan Bonekampstraat (VRZW) | B22: Binnenzijde | D22: 133 | E22: =VLOOKUP(B22,$E$3:$F$10,2,FALSE) -> 0 | F22: =(D22*E22) -> 0 | G22: 2 | H22: =G22*F22 -> 0
A23: Zaandam - Jan Bonekampstraat (VRZW) | B23: Separatieglas dubbelzijdig | D23: 21 | E23: =VLOOKUP(B23,$E$3:$F$10,2,FALSE) -> 0 | F23: =(D23*E23) -> 0 | G23: 2 | H23: =G23*F23 -> 0
A24: Assendelft - Dorpsstraat (VRZW) | B24: Buitenzijde | D24: 47 | E24: =VLOOKUP(B24,$E$3:$F$10,2,FALSE) -> 0 | F24: =(D24*E24) -> 0 | G24: 3 | H24: =G24*F24 -> 0
A25: Assendelft - Dorpsstraat (VRZW) | B25: Binnenzijde | D25: 47 | E25: =VLOOKUP(B25,$E$3:$F$10,2,FALSE) -> 0 | F25: =(D25*E25) -> 0 | G25: 2 | H25: =G25*F25 -> 0
A26: Assendelft - Dorpsstraat (VRZW) | B26: Separatieglas dubbelzijdig | D26: 4 | E26: =VLOOKUP(B26,$E$3:$F$10,2,FALSE) -> 0 | F26: =(D26*E26) -> 0 | G26: 2 | H26: =G26*F26 -> 0
A27: Krommenie - Kervelstraat (VRZW) | B27: Buitenzijde | D27: 62 | E27: =VLOOKUP(B27,$E$3:$F$10,2,FALSE) -> 0 | F27: =(D27*E27) -> 0 | G27: 3 | H27: =G27*F27 -> 0
A28: Krommenie - Kervelstraat (VRZW) | B28: Binnenzijde | D28: 62 | E28: =VLOOKUP(B28,$E$3:$F$10,2,FALSE) -> 0 | F28: =(D28*E28) -> 0 | G28: 2 | H28: =G28*F28 -> 0
A29: Krommenie - Kervelstraat (VRZW) | B29: Separatieglas dubbelzijdig | D29: 6 | E29: =VLOOKUP(B29,$E$3:$F$10,2,FALSE) -> 0 | F29: =(D29*E29) -> 0 | G29: 2 | H29: =G29*F29 -> 0
A30: Zaandijk - Guisweg (VRZW) | B30: Buitenzijde | D30: 185 | E30: =VLOOKUP(B30,$E$3:$F$10,2,FALSE) -> 0 | F30: =(D30*E30) -> 0 | G30: 3 | H30: =G30*F30 -> 0
A31: Zaandijk - Guisweg (VRZW) | B31: Binnenzijde | D31: 182 | E31: =VLOOKUP(B31,$E$3:$F$10,2,FALSE) -> 0 | F31: =(D31*E31) -> 0 | G31: 2 | H31: =G31*F31 -> 0
A32: Zaandijk - Guisweg (VRZW) | B32: Separatieglas dubbelzijdig | D32: 62 | E32: =VLOOKUP(B32,$E$3:$F$10,2,FALSE) -> 0 | F32: =(D32*E32) -> 0 | G32: 2 | H32: =G32*F32 -> 0
... A37: Oostzaan - Kerkstraat (VRZW) | B37: Binnenzijde | D37: 81 | E37: =VLOOKUP(B37,$E$3:$F$10,2,FALSE) -> 0 | F37: =(D37*E37) -> 0 | G37: 2 | H37: =G37*F37 -> 0
A38: Oostzaan - Kerkstraat (VRZW) | B38: Separatieglas dubbelzijdig | E38: =VLOOKUP(B38,$E$3:$F$10,2,FALSE) -> 0 | F38: =(D38*E38) -> 0 | G38: 2 | H38: =G38*F38 -> 0
A39: Wormer - Koetserstraat (VRZW) | B39: Buitenzijde | D39: 20 | E39: =VLOOKUP(B39,$E$3:$F$10,2,FALSE) -> 0 | F39: =(D39*E39) -> 0 | G39: 3 | H39: =G39*F39 -> 0
A40: Wormer - Koetserstraat (VRZW) | B40: Binnenzijde | D40: 20 | E40: =VLOOKUP(B40,$E$3:$F$10,2,FALSE) -> 0 | F40: =(D40*E40) -> 0 | G40: 2 | H40: =G40*F40 -> 0
A41: Wormer - Koetserstraat (VRZW) | B41: Separatieglas dubbelzijdig | E41: =VLOOKUP(B41,$E$3:$F$10,2,FALSE) -> 0 | F41: =(D41*E41) -> 0 | G41: 2 | H41: =G41*F41 -> 0
A42: Purmerend - Gorslaan (VRZW) | B42: Buitenzijde | D42: 249 | E42: =VLOOKUP(B42,$E$3:$F$10,2,FALSE) -> 0 | F42: =(D42*E42) -> 0 | G42: 3 | H42: =G42*F42 -> 0
A43: Purmerend - Gorslaan (VRZW) | B43: Binnenzijde | D43: 249 | E43: =VLOOKUP(B43,$E$3:$F$10,2,FALSE) -> 0 | F43: =(D43*E43) -> 0 | G43: 2 | H43: =G43*F43 -> 0
A44: Purmerend - Gorslaan (VRZW) | B44: Separatieglas dubbelzijdig | E44: =VLOOKUP(B44,$E$3:$F$10,2,FALSE) -> 0 | F44: =(D44*E44) -> 0 | G44: 2 | H44: =G44*F44 -> 0
A45: Landsmeer - Fuutstraat (VRZW) | B45: Buitenzijde | D45: 8 | E45: =VLOOKUP(B45,$E$3:$F$10,2,FALSE) -> 0 | F45: =(D45*E45) -> 0 | G45: 3 | H45: =G45*F45 -> 0
A46: Landsmeer - Fuutstraat (VRZW) | B46: Binnenzijde | D46: 8 | E46: =VLOOKUP(B46,$E$3:$F$10,2,FALSE) -> 0 | F46: =(D46*E46) -> 0 | G46: 2 | H46: =G46*F46 -> 0
A47: Landsmeer - Fuutstraat (VRZW) | B47: Separatieglas dubbelzijdig | E47: =VLOOKUP(B47,$E$3:$F$10,2,FALSE) -> 0 | F47: =(D47*E47) -> 0 | G47: 2 | H47: =G47*F47 -> 0
A48: Monnickendam - De Werf (VRZW) | B48: Buitenzijde | D48: 185 | E48: =VLOOKUP(B48,$E$3:$F$10,2,FALSE) -> 0 | F48: =(D48*E48) -> 0 | G48: 3 | H48: =G48*F48 -> 0
A49: Monnickendam - De Werf (VRZW) | B49: Binnenzijde | D49: 185 | E49: =VLOOKUP(B49,$E$3:$F$10,2,FALSE) -> 0 | F49: =(D49*E49) -> 0 | G49: 2 | H49: =G49*F49 -> 0
A50: Monnickendam - De Werf (VRZW) | B50: Separatieglas dubbelzijdig | E50: =VLOOKUP(B50,$E$3:$F$10,2,FALSE) -> 0 | F50: =(D50*E50) -> 0 | G50: 2 | H50: =G50*F50 -> 0
A51: Ilpendam - Nijverheidsweg (VRZW) | B51: Buitenzijde | D51: 20 | E51: =VLOOKUP(B51,$E$3:$F$10,2,FALSE) -> 0 | F51: =(D51*E51) -> 0 | G51: 3 | H51: =G51*F51 -> 0
A52: Ilpendam - Nijverheidsweg (VRZW) | B52: Binnenzijde | D52: 20 | E52: =VLOOKUP(B52,$E$3:$F$10,2,FALSE) -> 0 | F52: =(D52*E52) -> 0 | G52: 2 | H52: =G52*F52 -> 0
A53: Ilpendam - Nijverheidsweg (VRZW) | B53: Separatieglas dubbelzijdig | D53: 50 | E53: =VLOOKUP(B53,$E$3:$F$10,2,FALSE) -> 0 | F53: =(D53*E53) -> 0 | G53: 2 | H53: =G53*F53 -> 0
A54: Broek in Waterland - Eilandweg (VRZW) | B54: Buitenzijde | D54: 110 | E54: =VLOOKUP(B54,$E$3:$F$10,2,FALSE) -> 0 | F54: =(D54*E54) -> 0 | G54: 3 | H54: =G54*F54 -> 0
A55: Broek in Waterland - Eilandweg (VRZW) | B55: Binnenzijde | D55: 110 | E55: =VLOOKUP(B55,$E$3:$F$10,2,FALSE) -> 0 | F55: =(D55*E55) -> 0 | G55: 2 | H55: =G55*F55 -> 0
A56: Broek in Waterland - Eilandweg (VRZW) | B56: Separatieglas dubbelzijdig | D56: 5 | E56: =VLOOKUP(B56,$E$3:$F$10,2,FALSE) -> 0 | F56: =(D56*E56) -> 0 | G56: 2 | H56: =G56*F56 -> 0
A57: Volendam - Julianaweg (VRZW) | B57: Buitenzijde | D57: 100 | E57: =VLOOKUP(B57,$E$3:$F$10,2,FALSE) -> 0 | F57: =(D57*E57) -> 0 | G57: 3 | H57: =G57*F57 -> 0
A58: Volendam - Julianaweg (VRZW) | B58: Binnenzijde | D58: 100 | E58: =VLOOKUP(B58,$E$3:$F$10,2,FALSE) -> 0 | F58: =(D58*E58) -> 0 | G58: 2 | H58: =G58*F58 -> 0
A59: Volendam - Julianaweg (VRZW) | B59: Separatieglas dubbelzijdig | D59: 16 | E59: =VLOOKUP(B59,$E$3:$F$10,2,FALSE) -> 0 | F59: =(D59*E59) -> 0 | G59: 2 | H59: =G59*F59 -> 0
A60: Edam-Volendam - Kwadijk (VRZW) | B60: Buitenzijde | D60: 4.8 | E60: =VLOOKUP(B60,$E$3:$F$10,2,FALSE) -> 0 | F60: =(D60*E60) -> 0 | G60: 3 | H60: =G60*F60 -> 0
A61: Edam-Volendam - Kwadijk (VRZW) | B61: Binnenzijde | D61: 4.8 | E61: =VLOOKUP(B61,$E$3:$F$10,2,FALSE) -> 0 | F61: =(D61*E61) -> 0 | G61: 2 | H61: =G61*F61 -> 0
A62: Edam-Volendam - Kwadijk (VRZW) | B62: Separatieglas dubbelzijdig | E62: =VLOOKUP(B62,$E$3:$F$10,2,FALSE) -> 0 | F62: =(D62*E62) -> 0 | G62: 2 | H62: =G62*F62 -> 0
A63: Edam-Volendam - Kwadijk (VRZW) | B63: Beplating | D63: 390 | E63: =VLOOKUP(B63,$E$3:$F$10,2,FALSE) -> 0 | F63: =(D63*E63) -> 0 | G63: 1 | H63: =G63*F63 -> 0
A64: Marken - Buurterstraat (VRZW) | B64: Buitenzijde | D64: 5 | E64: =VLOOKUP(B64,$E$3:$F$10,2,FALSE) -> 0 | F64: =(D64*E64) -> 0 | G64: 3 | H64: =G64*F64 -> 0
A65: Marken - Buurterstraat (VRZW) | B65: Binnenzijde | D65: 5 | E65: =VLOOKUP(B65,$E$3:$F$10,2,FALSE) -> 0 | F65: =(D65*E65) -> 0 | G65: 2 | H65: =G65*F65 -> 0
A66: Marken - Buurterstraat (VRZW) | B66: Separatieglas dubbelzijdig | E66: =VLOOKUP(B66,$E$3:$F$10,2,FALSE) -> 0 | F66: =(D66*E66) -> 0 | G66: 2 | H66: =G66*F66 -> 0
A67: Oosthuizen - Hoornse Jaagweg (VRZW) | B67: Buitenzijde | D67: 35 | E67: =VLOOKUP(B67,$E$3:$F$10,2,FALSE) -> 0 | F67: =(D67*E67) -> 0 | G67: 3 | H67: =G67*F67 -> 0
A68: Oosthuizen - Hoornse Jaagweg (VRZW) | B68: Binnenzijde | D68: 35 | E68: =VLOOKUP(B68,$E$3:$F$10,2,FALSE) -> 0 | F68: =(D68*E68) -> 0 | G68: 2 | H68: =G68*F68 -> 0
A69: Oosthuizen - Hoornse Jaagweg (VRZW) | B69: Separatieglas dubbelzijdig | E69: =VLOOKUP(B69,$E$3:$F$10,2,FALSE) -> 0 | F69: =(D69*E69) -> 0 | G69: 2 | H69: =G69*F69 -> 0
A70: Zuid-oost Beemster - Zuiderweg (VRZW) | B70: Buitenzijde | D70: 60 | E70: =VLOOKUP(B70,$E$3:$F$10,2,FALSE) -> 0 | F70: =(D70*E70) -> 0 | G70: 3 | H70: =G70*F70 -> 0
A71: Zuid-oost Beemster - Zuiderweg (VRZW) | B71: Binnenzijde | D71: 60 | E71: =VLOOKUP(B71,$E$3:$F$10,2,FALSE) -> 0 | F71: =(D71*E71) -> 0 | G71: 2 | H71: =G71*F71 -> 0
A72: Middenbeemster - Klaas Hogentoornlaan (VRZW) | B72: Buitenzijde | D72: 24 | E72: =VLOOKUP(B72,$E$3:$F$10,2,FALSE) -> 0 | F72: =(D72*E72) -> 0 | G72: 3 | H72: =G72*F72 -> 0
A73: Middenbeemster - Klaas Hogentoornlaan (VRZW) | B73: Binnenzijde | D73: 24 | E73: =VLOOKUP(B73,$E$3:$F$10,2,FALSE) -> 0 | F73: =(D73*E73) -> 0 | G73: 2 | H73: =G73*F73 -> 0
A74: Middenbeemster - Klaas Hogentoornlaan (VRZW) | B74: Separatieglas dubbelzijdig | E74: =VLOOKUP(B74,$E$3:$F$10,2,FALSE) -> 0 | F74: =(D74*E74) -> 0 | G74: 2 | H74: =G74*F74 -> 0
A75: Spijkerboor - Starnmeerdijk (VRZW) | B75: Buitenzijde | D75: 3 | E75: =VLOOKUP(B75,$E$3:$F$10,2,FALSE) -> 0 | F75: =(D75*E75) -> 0 | G75: 3 | H75: =G75*F75 -> 0
A76: Spijkerboor - Starnmeerdijk (VRZW) | B76: Binnenzijde | D76: 3 | E76: =VLOOKUP(B76,$E$3:$F$10,2,FALSE) -> 0 | F76: =(D76*E76) -> 0 | G76: 2 | H76: =G76*F76 -> 0
A77: Spijkerboor - Starnmeerdijk (VRZW) | B77: Separatieglas dubbelzijdig | E77: =VLOOKUP(B77,$E$3:$F$10,2,FALSE) -> 0 | F77: =(D77*E77) -> 0 | G77: 2 | H77: =G77*F77 -> 0
A78: Edam-Volendam - Dijkgraaf Poschlaan (VRZW) | B78: Buitenzijde | D78: 34 | E78: =VLOOKUP(B78,$E$3:$F$10,2,FALSE) -> 0 | F78: =(D78*E78) -> 0 | G78: 3 | H78: =G78*F78 -> 0
A79: Edam-Volendam - Dijkgraaf Poschlaan (VRZW) | B79: Binnenzijde | D79: 34 | E79: =VLOOKUP(B79,$E$3:$F$10,2,FALSE) -> 0 | F79: =(D79*E79) -> 0 | G79: 2 | H79: =G79*F79 -> 0
A80: Edam-Volendam - Dijkgraaf Poschlaan (VRZW) | B80: Separatieglas dubbelzijdig | D80: 6 | E80: =VLOOKUP(B80,$E$3:$F$10,2,FALSE) -> 0 | F80: =(D80*E80) -> 0 | G80: 2 | H80: =G80*F80 -> 0
A81: Edam-Volendam - Dijkgraaf Poschlaan (VRZW) | B81: Beplating | D81: 68 | E81: =VLOOKUP(B81,$E$3:$F$10,2,FALSE) -> 0 | F81: =(D81*E81) -> 0 | G81: 2 | H81: =G81*F81 -> 0
A82: Zaandam - Geuzenpad (GGDZW) | B82: Buitenzijde | D82: 39.5 | E82: =VLOOKUP(B82,$E$3:$F$10,2,FALSE) -> 0 | F82: =(D82*E82) -> 0 | G82: 2 | H82: =G82*F82 -> 0
A83: Zaandam - Geuzenpad (GGDZW) | B83: Binnenzijde | D83: 39.5 | E83: =VLOOKUP(B83,$E$3:$F$10,2,FALSE) -> 0 | F83: =(D83*E83) -> 0 | G83: 2 | H83: =G83*F83 -> 0
A84: Zaandam - Geuzenpad (GGDZW) | B84: Separatieglas dubbelzijdig | D84: 43.25 | E84: =VLOOKUP(B84,$E$3:$F$10,2,FALSE) -> 0 | F84: =(D84*E84) -> 0 | G84: 2 | H84: =G84*F84 -> 0
A85: Zaandam - Geuzenpad (GGDZW) | B85: Beplating | D85: 0 | E85: =VLOOKUP(B85,$E$3:$F$10,2,FALSE) -> 0 | F85: =(D85*E85) -> 0 | G85: 2 | H85: =G85*F85 -> 0
A86: Zaandijk - G. Gershwinstraat (GGDZW) | B86: Buitenzijde | D86: 75 | E86: =VLOOKUP(B86,$E$3:$F$10,2,FALSE) -> 0 | F86: =(D86*E86) -> 0 | G86: 2 | H86: =G86*F86 -> 0
A87: Zaandijk - G. Gershwinstraat (GGDZW) | B87: Binnenzijde | D87: 75 | E87: =VLOOKUP(B87,$E$3:$F$10,2,FALSE) -> 0 | F87: =(D87*E87) -> 0 | G87: 2 | H87: =G87*F87 -> 0
A88: Zaandijk - G. Gershwinstraat (GGDZW) | B88: Separatieglas dubbelzijdig | D88: 8 | E88: =VLOOKUP(B88,$E$3:$F$10,2,FALSE) -> 0 | F88: =(D88*E88) -> 0 | G88: 2 | H88: =G88*F88 -> 0
A89: Zaandijk - G. Gershwinstraat (GGDZW) | B89: Beplating | D89: 0 | E89: =VLOOKUP(B89,$E$3:$F$10,2,FALSE) -> 0 | F89: =(D89*E89) -> 0 | G89: 2 | H89: =G89*F89 -> 0
... A97: Wormer - Dorpsstraat 127 (GGDZW) | B97: Beplating | D97: 0 | E97: =VLOOKUP(B97,$E$3:$F$10,2,FALSE) -> 0 | F97: =(D97*E97) -> 0 | G97: 2 | H97: =G97*F97 -> 0
A101: Totaal | D101: =SUM(D13:D97) -> 9247.35 | H101: =SUM(H13:H81) -> 0

Sheet 11-Vloeronderhoud
A1: Invoervelden
E2: Handeling | F2: M² prijs (incl uit- en inruimen)
A3: ='2-Kosten per locatie'!A3 -> Naam opdrachtgever | B3: ='2-Kosten per locatie'!B3 -> VrZW en GGDZW | E3: Sprayen | F3: 0
A4: ='2-Kosten per locatie'!A4 -> Calculatie onderdeel | B4: =MID(CELL("bestandsnaam",$C$9),SEARCH("]",CELL("bestandsnaam",$C$9),1)+1,256) -> 11-Vloeronderhoud | E4: Top-coaten | F4: 0
A5: ='2-Kosten per locatie'!A5 -> Gebouw/plaats | B5: ='2-Kosten per locatie'!B5 -> Diverse | E5: Schrobben | F5: 0
A6: ='2-Kosten per locatie'!A6 -> Referentie nummer | B6: ='2-Kosten per locatie'!B6 -> VrZW/GGDZW-EA-2027 | E6: Tapijtreiniging (sproei-extr.) | F6: 0
A7: ='2-Kosten per locatie'!A7 -> Naam dienstverlener | B7: ='2-Kosten per locatie'!B7 -> 0 | E7: Tapijtreiniging (bonnet) | F7: 0
A8: ='2-Kosten per locatie'!A8 -> Prijspeil | B8: ='2-Kosten per locatie'!B8 -> 46388
A10: Locatie | B10: Vloerafwerking | C10: Handeling | D10: Aantal m2 | E10: Kosten per m2 | F10: Kosten per beurt | G10: Frequentie per jaar | H10: Totaalkosten per jaar
A11: Assendelft - Dorpsstraat (VRZW) | B11: Linoleum | C11: Top-coaten | D11: =SUMIFS('4-Basis ruimtestaat'!I:I,'4-Basis ruimtestaat'!B:B,'11-Vloeronderhoud'!A11,'4-Basis ruimtestaat'!H:H,"Linoleum") -> 158 | E11: =VLOOKUP(C11,$E$3:$F$9,2,FALSE) -> 0 | F11: =(D11*E11) -> 0 | G11: 1 | H11: =G11*F11 -> 0
A12: Assendelft - Dorpsstraat (VRZW) | B12: Linoleum | C12: Sprayen | D12: =D11 -> 158 | E12: =VLOOKUP(C12,$E$3:$F$9,2,FALSE) -> 0 | F12: =(D12*E12) -> 0 | G12: 3 | H12: =G12*F12 -> 0
A13: Broek in Waterland - Eilandweg (VRZW) | B13: Linoleum | C13: Top-coaten | D13: =SUMIFS('4-Basis ruimtestaat'!I:I,'4-Basis ruimtestaat'!B:B,'11-Vloeronderhoud'!A13,'4-Basis ruimtestaat'!H:H,"Linoleum") -> 118 | E13: =VLOOKUP(C13,$E$3:$F$9,2,FALSE) -> 0 | F13: =(D13*E13) -> 0 | G13: 1 | H13: =G13*F13 -> 0
A14: Broek in Waterland - Eilandweg (VRZW) | B14: Linoleum | C14: Sprayen | D14: =D13 -> 118 | E14: =VLOOKUP(C14,$E$3:$F$9,2,FALSE) -> 0 | F14: =(D14*E14) -> 0 | G14: 3 | H14: =G14*F14 -> 0
A15: Edam-Volendam - Dijkgraaf Poschlaan (VRZW) | B15: Linoleum | C15: Top-coaten | D15: =SUMIFS('4-Basis ruimtestaat'!I:I,'4-Basis ruimtestaat'!B:B,'11-Vloeronderhoud'!A15,'4-Basis ruimtestaat'!H:H,"Linoleum") -> 54 | E15: =VLOOKUP(C15,$E$3:$F$9,2,FALSE) -> 0 | F15: =(D15*E15) -> 0 | G15: 1 | H15: =G15*F15 -> 0
A16: Edam-Volendam - Dijkgraaf Poschlaan (VRZW) | B16: Linoleum | C16: Sprayen | D16: =D15 -> 54 | E16: =VLOOKUP(C16,$E$3:$F$9,2,FALSE) -> 0 | F16: =(D16*E16) -> 0 | G16: 3 | H16: =G16*F16 -> 0
A17: Ilpendam - Nijverheidsweg (VRZW) | B17: Linoleum | C17: Top-coaten | D17: =SUMIFS('4-Basis ruimtestaat'!I:I,'4-Basis ruimtestaat'!B:B,'11-Vloeronderhoud'!A17,'4-Basis ruimtestaat'!H:H,"Linoleum") -> 0 | E17: =VLOOKUP(C17,$E$3:$F$9,2,FALSE) -> 0 | F17: =(D17*E17) -> 0 | G17: 1 | H17: =G17*F17 -> 0
A18: Ilpendam - Nijverheidsweg (VRZW) | B18: Linoleum | C18: Sprayen | D18: =D17 -> 0 | E18: =VLOOKUP(C18,$E$3:$F$9,2,FALSE) -> 0 | F18: =(D18*E18) -> 0 | G18: 3 | H18: =G18*F18 -> 0
A19: Krommenie - Kervelstraat (VRZW) | B19: Linoleum | C19: Top-coaten | D19: =SUMIFS('4-Basis ruimtestaat'!I:I,'4-Basis ruimtestaat'!B:B,'11-Vloeronderhoud'!A19,'4-Basis ruimtestaat'!H:H,"Linoleum") -> 152.17 | E19: =VLOOKUP(C19,$E$3:$F$9,2,FALSE) -> 0 | F19: =(D19*E19) -> 0 | G19: 1 | H19: =G19*F19 -> 0
A20: Krommenie - Kervelstraat (VRZW) | B20: Linoleum | C20: Sprayen | D20: =D19 -> 152.17 | E20: =VLOOKUP(C20,$E$3:$F$9,2,FALSE) -> 0 | F20: =(D20*E20) -> 0 | G20: 3 | H20: =G20*F20 -> 0
A21: Edam-Volendam - Kwadijk (VRZW) | B21: Linoleum | C21: Top-coaten | D21: =SUMIFS('4-Basis ruimtestaat'!I:I,'4-Basis ruimtestaat'!B:B,'11-Vloeronderhoud'!A21,'4-Basis ruimtestaat'!H:H,"Linoleum") -> 0 | E21: =VLOOKUP(C21,$E$3:$F$9,2,FALSE) -> 0 | F21: =(D21*E21) -> 0 | G21: 1 | H21: =G21*F21 -> 0
A22: Edam-Volendam - Kwadijk (VRZW) | B22: Linoleum | C22: Sprayen | D22: =D21 -> 0 | E22: =VLOOKUP(C22,$E$3:$F$9,2,FALSE) -> 0 | F22: =(D22*E22) -> 0 | G22: 3 | H22: =G22*F22 -> 0
A23: Landsmeer - Fuutstraat (VRZW) | B23: Linoleum | C23: Top-coaten | D23: =SUMIFS('4-Basis ruimtestaat'!I:I,'4-Basis ruimtestaat'!B:B,'11-Vloeronderhoud'!A23,'4-Basis ruimtestaat'!H:H,"Linoleum") -> 40 | E23: =VLOOKUP(C23,$E$3:$F$9,2,FALSE) -> 0 | F23: =(D23*E23) -> 0 | G23: 1 | H23: =G23*F23 -> 0
A24: Landsmeer - Fuutstraat (VRZW) | B24: Linoleum | C24: Sprayen | D24: =D23 -> 40 | E24: =VLOOKUP(C24,$E$3:$F$9,2,FALSE) -> 0 | F24: =(D24*E24) -> 0 | G24: 3 | H24: =G24*F24 -> 0
A25: Marken - Buurterstraat (VRZW) | B25: Linoleum | C25: Top-coaten | D25: =SUMIFS('4-Basis ruimtestaat'!I:I,'4-Basis ruimtestaat'!B:B,'11-Vloeronderhoud'!A25,'4-Basis ruimtestaat'!H:H,"Linoleum") -> 85 | E25: =VLOOKUP(C25,$E$3:$F$9,2,FALSE) -> 0 | F25: =(D25*E25) -> 0 | G25: 1 | H25: =G25*F25 -> 0
A26: Marken - Buurterstraat (VRZW) | B26: Linoleum | C26: Sprayen | D26: =D25 -> 85 | E26: =VLOOKUP(C26,$E$3:$F$9,2,FALSE) -> 0 | F26: =(D26*E26) -> 0 | G26: 3 | H26: =G26*F26 -> 0
A27: Middenbeemster - Klaas Hogentoornlaan (VRZW) | B27: Linoleum | C27: Top-coaten | D27: =SUMIFS('4-Basis ruimtestaat'!I:I,'4-Basis ruimtestaat'!B:B,'11-Vloeronderhoud'!A27,'4-Basis ruimtestaat'!H:H,"Linoleum") -> 128 | E27: =VLOOKUP(C27,$E$3:$F$9,2,FALSE) -> 0 | F27: =(D27*E27) -> 0 | G27: 1 | H27: =G27*F27 -> 0
A28: Middenbeemster - Klaas Hogentoornlaan (VRZW) | B28: Linoleum | C28: Sprayen | D28: =D27 -> 128 | E28: =VLOOKUP(C28,$E$3:$F$9,2,FALSE) -> 0 | F28: =(D28*E28) -> 0 | G28: 3 | H28: =G28*F28 -> 0
A29: Monnickendam - De Werf (VRZW) | B29: Linoleum | C29: Top-coaten | D29: =SUMIFS('4-Basis ruimtestaat'!I:I,'4-Basis ruimtestaat'!B:B,'11-Vloeronderhoud'!A29,'4-Basis ruimtestaat'!H:H,"Linoleum") -> 0 | E29: =VLOOKUP(C29,$E$3:$F$9,2,FALSE) -> 0 | F29: =(D29*E29) -> 0 | G29: 1 | H29: =G29*F29 -> 0
A30: Monnickendam - De Werf (VRZW) | B30: Linoleum | C30: Sprayen | D30: =D29 -> 0 | E30: =VLOOKUP(C30,$E$3:$F$9,2,FALSE) -> 0 | F30: =(D30*E30) -> 0 | G30: 3 | H30: =G30*F30 -> 0
A31: Oosthuizen - Hoornse Jaagweg (VRZW) | B31: Linoleum | C31: Top-coaten | D31: =SUMIFS('4-Basis ruimtestaat'!I:I,'4-Basis ruimtestaat'!B:B,'11-Vloeronderhoud'!A31,'4-Basis ruimtestaat'!H:H,"Linoleum") -> 70 | E31: =VLOOKUP(C31,$E$3:$F$9,2,FALSE) -> 0 | F31: =(D31*E31) -> 0 | G31: 1 | H31: =G31*F31 -> 0
A32: Oosthuizen - Hoornse Jaagweg (VRZW) | B32: Linoleum | C32: Sprayen | D32: =D31 -> 70 | E32: =VLOOKUP(C32,$E$3:$F$9,2,FALSE) -> 0 | F32: =(D32*E32) -> 0 | G32: 3 | H32: =G32*F32 -> 0
A33: Oostzaan - Kerkstraat (VRZW) | B33: Linoleum | C33: Top-coaten | D33: =SUMIFS('4-Basis ruimtestaat'!I:I,'4-Basis ruimtestaat'!B:B,'11-Vloeronderhoud'!A33,'4-Basis ruimtestaat'!H:H,"Linoleum") -> 105 | E33: =VLOOKUP(C33,$E$3:$F$9,2,FALSE) -> 0 | F33: =(D33*E33) -> 0 | G33: 1 | H33: =G33*F33 -> 0
A34: Oostzaan - Kerkstraat (VRZW) | B34: Linoleum | C34: Sprayen | D34: =D33 -> 105 | E34: =VLOOKUP(C34,$E$3:$F$9,2,FALSE) -> 0 | F34: =(D34*E34) -> 0 | G34: 3 | H34: =G34*F34 -> 0
A35: Purmerend - Gorslaan (VRZW) | B35: Linoleum | C35: Top-coaten | D35: =SUMIFS('4-Basis ruimtestaat'!I:I,'4-Basis ruimtestaat'!B:B,'11-Vloeronderhoud'!A35,'4-Basis ruimtestaat'!H:H,"Linoleum") -> 146 | E35: =VLOOKUP(C35,$E$3:$F$9,2,FALSE) -> 0 | F35: =(D35*E35) -> 0 | G35: 1 | H35: =G35*F35 -> 0
A36: Purmerend - Gorslaan (VRZW) | B36: Linoleum | C36: Sprayen | D36: =D35 -> 146 | E36: =VLOOKUP(C36,$E$3:$F$9,2,FALSE) -> 0 | F36: =(D36*E36) -> 0 | G36: 3 | H36: =G36*F36 -> 0
A37: Spijkerboor - Starnmeerdijk (VRZW) | B37: Linoleum | C37: Top-coaten | D37: =SUMIFS('4-Basis ruimtestaat'!I:I,'4-Basis ruimtestaat'!B:B,'11-Vloeronderhoud'!A37,'4-Basis ruimtestaat'!H:H,"Linoleum") -> 6 | E37: =VLOOKUP(C37,$E$3:$F$9,2,FALSE) -> 0 | F37: =(D37*E37) -> 0 | G37: 1 | H37: =G37*F37 -> 0
A38: Spijkerboor - Starnmeerdijk (VRZW) | B38: Linoleum | C38: Sprayen | D38: =D37 -> 6 | E38: =VLOOKUP(C38,$E$3:$F$9,2,FALSE) -> 0 | F38: =(D38*E38) -> 0 | G38: 3 | H38: =G38*F38 -> 0
A39: Volendam - Julianaweg (VRZW) | B39: Linoleum | C39: Top-coaten | D39: =SUMIFS('4-Basis ruimtestaat'!I:I,'4-Basis ruimtestaat'!B:B,'11-Vloeronderhoud'!A39,'4-Basis ruimtestaat'!H:H,"Linoleum") -> 90 | E39: =VLOOKUP(C39,$E$3:$F$9,2,FALSE) -> 0 | F39: =(D39*E39) -> 0 | G39: 1 | H39: =G39*F39 -> 0
A40: Volendam - Julianaweg (VRZW) | B40: Linoleum | C40: Sprayen | D40: =D39 -> 90 | E40: =VLOOKUP(C40,$E$3:$F$9,2,FALSE) -> 0 | F40: =(D40*E40) -> 0 | G40: 3 | H40: =G40*F40 -> 0
A41: Wormer - Koetserstraat (VRZW) | B41: Linoleum | C41: Top-coaten | D41: =SUMIFS('4-Basis ruimtestaat'!I:I,'4-Basis ruimtestaat'!B:B,'11-Vloeronderhoud'!A41,'4-Basis ruimtestaat'!H:H,"Linoleum") -> 542.5 | E41: =VLOOKUP(C41,$E$3:$F$9,2,FALSE) -> 0 | F41: =(D41*E41) -> 0 | G41: 1 | H41: =G41*F41 -> 0
A42: Wormer - Koetserstraat (VRZW) | B42: Linoleum | C42: Sprayen | D42: =D41 -> 542.5 | E42: =VLOOKUP(C42,$E$3:$F$9,2,FALSE) -> 0 | F42: =(D42*E42) -> 0 | G42: 3 | H42: =G42*F42 -> 0
A43: Wormerveer - Industrieweg (VRZW) | B43: Linoleum | C43: Top-coaten | D43: =SUMIFS('4-Basis ruimtestaat'!I:I,'4-Basis ruimtestaat'!B:B,'11-Vloeronderhoud'!A43,'4-Basis ruimtestaat'!H:H,"Linoleum") -> 111 | E43: =VLOOKUP(C43,$E$3:$F$9,2,FALSE) -> 0 | F43: =(D43*E43) -> 0 | G43: 1 | H43: =G43*F43 -> 0
A44: Wormerveer - Industrieweg (VRZW) | B44: Linoleum | C44: Sprayen | D44: =D43 -> 111 | E44: =VLOOKUP(C44,$E$3:$F$9,2,FALSE) -> 0 | F44: =(D44*E44) -> 0 | G44: 3 | H44: =G44*F44 -> 0
A45: Zaandam - Jan Bonekampstraat (VRZW) | B45: Linoleum | C45: Top-coaten | D45: =SUMIFS('4-Basis ruimtestaat'!I:I,'4-Basis ruimtestaat'!B:B,'11-Vloeronderhoud'!A45,'4-Basis ruimtestaat'!H:H,"Linoleum") -> 149.8 | E45: =VLOOKUP(C45,$E$3:$F$9,2,FALSE) -> 0 | F45: =(D45*E45) -> 0 | G45: 1 | H45: =G45*F45 -> 0
A46: Zaandam - Jan Bonekampstraat (VRZW) | B46: Linoleum | C46: Sprayen | D46: =D45 -> 149.8 | E46: =VLOOKUP(C46,$E$3:$F$9,2,FALSE) -> 0 | F46: =(D46*E46) -> 0 | G46: 3 | H46: =G46*F46 -> 0
A47: Zaandam - Prins Bernhardplein (VRZW) | B47: Linoleum | C47: Top-coaten | D47: =SUMIFS('4-Basis ruimtestaat'!I:I,'4-Basis ruimtestaat'!B:B,'11-Vloeronderhoud'!A47,'4-Basis ruimtestaat'!H:H,"Linoleum") -> 2258.6 | E47: =VLOOKUP(C47,$E$3:$F$9,2,FALSE) -> 0 | F47: =(D47*E47) -> 0 | G47: 1 | H47: =G47*F47 -> 0
A48: Zaandam - Prins Bernhardplein (VRZW) | B48: Linoleum | C48: Sprayen | D48: =D47 -> 2258.6 | E48: =VLOOKUP(C48,$E$3:$F$9,2,FALSE) -> 0 | F48: =(D48*E48) -> 0 | G48: 3 | H48: =G48*F48 -> 0
A49: Zaandam - Westzanerdijk (VRZW) | B49: Linoleum | C49: Top-coaten | D49: =SUMIFS('4-Basis ruimtestaat'!I:I,'4-Basis ruimtestaat'!B:B,'11-Vloeronderhoud'!A49,'4-Basis ruimtestaat'!H:H,"Linoleum") -> 135 | E49: =VLOOKUP(C49,$E$3:$F$9,2,FALSE) -> 0 | F49: =(D49*E49) -> 0 | G49: 1 | H49: =G49*F49 -> 0
A50: Zaandam - Westzanerdijk (VRZW) | B50: Linoleum | C50: Sprayen | D50: =D49 -> 135 | E50: =VLOOKUP(C50,$E$3:$F$9,2,FALSE) -> 0 | F50: =(D50*E50) -> 0 | G50: 3 | H50: =G50*F50 -> 0
A51: Zaandijk - Guisweg (VRZW) | B51: Linoleum | C51: Top-coaten | D51: =SUMIFS('4-Basis ruimtestaat'!I:I,'4-Basis ruimtestaat'!B:B,'11-Vloeronderhoud'!A51,'4-Basis ruimtestaat'!H:H,"Linoleum") -> 102 | E51: =VLOOKUP(C51,$E$3:$F$9,2,FALSE) -> 0 | F51: =(D51*E51) -> 0 | G51: 1 | H51: =G51*F51 -> 0
A52: Zaandijk - Guisweg (VRZW) | B52: Linoleum | C52: Sprayen | D52: =D51 -> 102 | E52: =VLOOKUP(C52,$E$3:$F$9,2,FALSE) -> 0 | F52: =(D52*E52) -> 0 | G52: 3 | H52: =G52*F52 -> 0
A53: Zaandam - Geuzenpad (GGDZW) | B53: Linoleum | C53: Top-coaten | D53: =SUMIFS('4-Basis ruimtestaat'!I:I,'4-Basis ruimtestaat'!B:B,'11-Vloeronderhoud'!A53,'4-Basis ruimtestaat'!H:H,"Linoleum") -> 170 | E53: =VLOOKUP(C53,$E$3:$F$9,2,FALSE) -> 0 | F53: =(D53*E53) -> 0 | G53: 1 | H53: =G53*F53 -> 0
A54: Zaandam - Geuzenpad (GGDZW) | B54: Linoleum | C54: Sprayen | D54: =D53 -> 170 | E54: =VLOOKUP(C54,$E$3:$F$9,2,FALSE) -> 0 | F54: =(D54*E54) -> 0 | G54: 3 | H54: =G54*F54 -> 0
A55: Zaandijk - G. Gershwinstraat (GGDZW) | B55: Linoleum | C55: Top-coaten | D55: =SUMIFS('4-Basis ruimtestaat'!I:I,'4-Basis ruimtestaat'!B:B,'11-Vloeronderhoud'!A55,'4-Basis ruimtestaat'!H:H,"Linoleum") -> 213.2 | E55: =VLOOKUP(C55,$E$3:$F$9,2,FALSE) -> 0 | F55: =(D55*E55) -> 0 | G55: 1 | H55: =G55*F55 -> 0
A56: Zaandijk - G. Gershwinstraat (GGDZW) | B56: Linoleum | C56: Sprayen | D56: =D55 -> 213.2 | E56: =VLOOKUP(C56,$E$3:$F$9,2,FALSE) -> 0 | F56: =(D56*E56) -> 0 | G56: 3 | H56: =G56*F56 -> 0
A57: Krommenie - A.Schweitzerstraat (GGDZW) | B57: Linoleum | C57: Top-coaten | D57: =SUMIFS('4-Basis ruimtestaat'!I:I,'4-Basis ruimtestaat'!B:B,'11-Vloeronderhoud'!A57,'4-Basis ruimtestaat'!H:H,"Linoleum") -> 286 | E57: =VLOOKUP(C57,$E$3:$F$9,2,FALSE) -> 0 | F57: =(D57*E57) -> 0 | G57: 1 | H57: =G57*F57 -> 0
A58: Krommenie - A.Schweitzerstraat (GGDZW) | B58: Linoleum | C58: Sprayen | D58: =D57 -> 286 | E58: =VLOOKUP(C58,$E$3:$F$9,2,FALSE) -> 0 | F58: =(D58*E58) -> 0 | G58: 3 | H58: =G58*F58 -> 0
A59: Wormer - Dorpsstraat 127 (GGDZW) | B59: Linoleum | C59: Top-coaten | D59: =SUMIFS('4-Basis ruimtestaat'!I:I,'4-Basis ruimtestaat'!B:B,'11-Vloeronderhoud'!A59,'4-Basis ruimtestaat'!H:H,"Linoleum") -> 237 | E59: =VLOOKUP(C59,$E$3:$F$9,2,FALSE) -> 0 | F59: =(D59*E59) -> 0 | G59: 1 | H59: =G59*F59 -> 0
A60: Wormer - Dorpsstraat 127 (GGDZW) | B60: Linoleum | C60: Sprayen | D60: =D59 -> 237 | E60: =VLOOKUP(C60,$E$3:$F$9,2,FALSE) -> 0 | F60: =(D60*E60) -> 0 | G60: 3 | H60: =G60*F60 -> 0
A62: Totaal | D62: =SUM(D11:D60) -> 10714.54 | H62: =SUM(H11:H60) -> 0

Sheet 12-Sanitaire voorzieningen
A1: Invoervelden
E2: Artikel | G2: Prijs per week | H2: Specificatie artikel met maten
A3: ='2-Kosten per locatie'!A3 -> Naam opdrachtgever | B3: ='2-Kosten per locatie'!B3 -> VrZW en GGDZW | E3: Zeepdispenser | G3: 0
A4: ='2-Kosten per locatie'!A4 -> Calculatie onderdeel | B4: =MID(CELL("bestandsnaam",$C$9),SEARCH("]",CELL("bestandsnaam",$C$9),1)+1,256) -> 12-Sanitaire voorzieningen | E4: Papierhouder | G4: 0
A5: ='2-Kosten per locatie'!A5 -> Gebouw/plaats | B5: ='2-Kosten per locatie'!B5 -> Diverse | E5: Afvalbak | G5: 0
A6: ='2-Kosten per locatie'!A6 -> Referentie nummer | B6: ='2-Kosten per locatie'!B6 -> VrZW/GGDZW-EA-2027 | E6: Toiletrolhouder | G6: 0
A7: ='2-Kosten per locatie'!A7 -> Naam dienstverlener | B7: ='2-Kosten per locatie'!B7 -> 0 | E7: Hygiëne container | G7: 0
A8: ='2-Kosten per locatie'!A8 -> Prijspeil | B8: ='2-Kosten per locatie'!B8 -> 46388 | E8: Torkrol | G8: 0
A12: Locatie | B12: Verdieping | C12: Ruimtenummer | D12: Ruimtesoort | E12: Aantal zeep dispensers | F12: Aantal papier houder | G12: Aantal afval bakken | H12: Aantal toiletrol houders | I12: Aantal hygiëne container | J12: Aantal torkrollen | L12: prijs per jaar zeep dispensers | M12: prijs per jaar papier houder | N12: prijs per jaar afval bakken | O12: prijs per jaar toiletrol houders | P12: prijs per jaar hygiëne container | Q12: prijs per jaar torkrollen | R12: Totaal per jaar
A13: Zaandam - Prins Bernhardplein (VRZW) | B13: -1 | C13: K-10 + K-11 | D13: Toiletten | E13: 4 | F13: 4 | G13: 4 | H13: 6 | I13: 4 | L13: =E13*$G$3*52 -> 0 | M13: =F13*$G$4*52 -> 0 | N13: =G13*$G$5*52 -> 0 | O13: =H13*$G$6*52 -> 0 | P13: =I13*$G$7*52 -> 0 | Q13: =J13*$G$8*52 -> 0 | R13: =SUM(L13:Q13) -> 0
A14: Zaandam - Prins Bernhardplein (VRZW) | B14: -1 | C14: K-56 | D14: Pantry | J14: 1 | L14: =E14*$G$3*52 -> 0 | M14: =F14*$G$4*52 -> 0 | N14: =G14*$G$5*52 -> 0 | O14: =H14*$G$6*52 -> 0 | P14: =I14*$G$7*52 -> 0 | Q14: =J14*$G$8*52 -> 0 | R14: =SUM(L14:Q14) -> 0
A15: Zaandam - Prins Bernhardplein (VRZW) | B15: 0 | D15: Toiletten | E15: 2 | F15: 2 | G15: 2 | H15: 2 | I15: 1 | L15: =E15*$G$3*52 -> 0 | M15: =F15*$G$4*52 -> 0 | N15: =G15*$G$5*52 -> 0 | O15: =H15*$G$6*52 -> 0 | P15: =I15*$G$7*52 -> 0 | Q15: =J15*$G$8*52 -> 0 | R15: =SUM(L15:Q15) -> 0
A16: Zaandam - Prins Bernhardplein (VRZW) | B16: 0 | D16: Pantry | J16: 1 | L16: =E16*$G$3*52 -> 0 | M16: =F16*$G$4*52 -> 0 | N16: =G16*$G$5*52 -> 0 | O16: =H16*$G$6*52 -> 0 | P16: =I16*$G$7*52 -> 0 | Q16: =J16*$G$8*52 -> 0 | R16: =SUM(L16:Q16) -> 0
A17: Zaandam - Prins Bernhardplein (VRZW) | B17: 1 | D17: Toiletten | E17: 2 | F17: 2 | G17: 2 | H17: 2 | I17: 1 | L17: =E17*$G$3*52 -> 0 | M17: =F17*$G$4*52 -> 0 | N17: =G17*$G$5*52 -> 0 | O17: =H17*$G$6*52 -> 0 | P17: =I17*$G$7*52 -> 0 | Q17: =J17*$G$8*52 -> 0 | R17: =SUM(L17:Q17) -> 0
A18: Zaandam - Prins Bernhardplein (VRZW) | B18: 1 | D18: Pantry | J18: 1 | L18: =E18*$G$3*52 -> 0 | M18: =F18*$G$4*52 -> 0 | N18: =G18*$G$5*52 -> 0 | O18: =H18*$G$6*52 -> 0 | P18: =I18*$G$7*52 -> 0 | Q18: =J18*$G$8*52 -> 0 | R18: =SUM(L18:Q18) -> 0
A19: Zaandam - Prins Bernhardplein (VRZW) | B19: 2 | D19: Toiletten | E19: 2 | F19: 2 | G19: 2 | H19: 2 | I19: 1 | L19: =E19*$G$3*52 -> 0 | M19: =F19*$G$4*52 -> 0 | N19: =G19*$G$5*52 -> 0 | O19: =H19*$G$6*52 -> 0 | P19: =I19*$G$7*52 -> 0 | Q19: =J19*$G$8*52 -> 0 | R19: =SUM(L19:Q19) -> 0
A20: Zaandam - Prins Bernhardplein (VRZW) | B20: 2 | D20: Pantry | J20: 1 | L20: =E20*$G$3*52 -> 0 | M20: =F20*$G$4*52 -> 0 | N20: =G20*$G$5*52 -> 0 | O20: =H20*$G$6*52 -> 0 | P20: =I20*$G$7*52 -> 0 | Q20: =J20*$G$8*52 -> 0 | R20: =SUM(L20:Q20) -> 0
A21: Zaandam - Prins Bernhardplein (VRZW) | B21: 3 | D21: Toiletten | E21: 2 | F21: 2 | G21: 2 | H21: 2 | I21: 1 | L21: =E21*$G$3*52 -> 0 | M21: =F21*$G$4*52 -> 0 | N21: =G21*$G$5*52 -> 0 | O21: =H21*$G$6*52 -> 0 | P21: =I21*$G$7*52 -> 0 | Q21: =J21*$G$8*52 -> 0 | R21: =SUM(L21:Q21) -> 0
A22: Zaandam - Prins Bernhardplein (VRZW) | B22: 3 | D22: Pantry | J22: 1 | L22: =E22*$G$3*52 -> 0 | M22: =F22*$G$4*52 -> 0 | N22: =G22*$G$5*52 -> 0 | O22: =H22*$G$6*52 -> 0 | P22: =I22*$G$7*52 -> 0 | Q22: =J22*$G$8*52 -> 0 | R22: =SUM(L22:Q22) -> 0
A23: Zaandam - Prins Bernhardplein (VRZW) | B23: 4 | D23: Toiletten | E23: 2 | F23: 2 | G23: 2 | H23: 2 | I23: 1 | L23: =E23*$G$3*52 -> 0 | M23: =F23*$G$4*52 -> 0 | N23: =G23*$G$5*52 -> 0 | O23: =H23*$G$6*52 -> 0 | P23: =I23*$G$7*52 -> 0 | Q23: =J23*$G$8*52 -> 0 | R23: =SUM(L23:Q23) -> 0
A24: Zaandam - Prins Bernhardplein (VRZW) | B24: 4 | D24: Pantry | J24: 1 | L24: =E24*$G$3*52 -> 0 | M24: =F24*$G$4*52 -> 0 | N24: =G24*$G$5*52 -> 0 | O24: =H24*$G$6*52 -> 0 | P24: =I24*$G$7*52 -> 0 | Q24: =J24*$G$8*52 -> 0 | R24: =SUM(L24:Q24) -> 0
A25: Zaandam - Prins Bernhardplein (VRZW) | B25: 5 | D25: Toiletten | E25: 2 | F25: 2 | G25: 2 | H25: 2 | I25: 1 | L25: =E25*$G$3*52 -> 0 | M25: =F25*$G$4*52 -> 0 | N25: =G25*$G$5*52 -> 0 | O25: =H25*$G$6*52 -> 0 | P25: =I25*$G$7*52 -> 0 | Q25: =J25*$G$8*52 -> 0 | R25: =SUM(L25:Q25) -> 0
A26: Zaandam - Prins Bernhardplein (VRZW) | B26: 5 | D26: Pantry | J26: 1 | L26: =E26*$G$3*52 -> 0 | M26: =F26*$G$4*52 -> 0 | N26: =G26*$G$5*52 -> 0 | O26: =H26*$G$6*52 -> 0 | P26: =I26*$G$7*52 -> 0 | Q26: =J26*$G$8*52 -> 0 | R26: =SUM(L26:Q26) -> 0
A27: Zaandam - Prins Bernhardplein (VRZW) | B27: 6 | D27: Toiletten | E27: 2 | F27: 2 | G27: 2 | H27: 2 | I27: 1 | L27: =E27*$G$3*52 -> 0 | M27: =F27*$G$4*52 -> 0 | N27: =G27*$G$5*52 -> 0 | O27: =H27*$G$6*52 -> 0 | P27: =I27*$G$7*52 -> 0 | Q27: =J27*$G$8*52 -> 0 | R27: =SUM(L27:Q27) -> 0
A28: Zaandam - Prins Bernhardplein (VRZW) | B28: 6 | D28: Pantry | J28: 1 | L28: =E28*$G$3*52 -> 0 | M28: =F28*$G$4*52 -> 0 | N28: =G28*$G$5*52 -> 0 | O28: =H28*$G$6*52 -> 0 | P28: =I28*$G$7*52 -> 0 | Q28: =J28*$G$8*52 -> 0 | R28: =SUM(L28:Q28) -> 0
A29: Zaandam - Prins Bernhardplein (VRZW) | B29: 7 | D29: Toiletten | E29: 2 | F29: 2 | G29: 2 | H29: 2 | I29: 1 | L29: =E29*$G$3*52 -> 0 | M29: =F29*$G$4*52 -> 0 | N29: =G29*$G$5*52 -> 0 | O29: =H29*$G$6*52 -> 0 | P29: =I29*$G$7*52 -> 0 | Q29: =J29*$G$8*52 -> 0 | R29: =SUM(L29:Q29) -> 0
A30: Zaandam - Prins Bernhardplein (VRZW) | B30: 7 | D30: Pantry | J30: 1 | L30: =E30*$G$3*52 -> 0 | M30: =F30*$G$4*52 -> 0 | N30: =G30*$G$5*52 -> 0 | O30: =H30*$G$6*52 -> 0 | P30: =I30*$G$7*52 -> 0 | Q30: =J30*$G$8*52 -> 0 | R30: =SUM(L30:Q30) -> 0
A31: Zaandam - Jan Bonekampstraat (VRZW) | B31: 0 | D31: Toiletten | E31: 2 | F31: 2 | G31: 2 | H31: 2 | I31: 1 | L31: =E31*$G$3*52 -> 0 | M31: =F31*$G$4*52 -> 0 | N31: =G31*$G$5*52 -> 0 | O31: =H31*$G$6*52 -> 0 | P31: =I31*$G$7*52 -> 0 | Q31: =J31*$G$8*52 -> 0 | R31: =SUM(L31:Q31) -> 0
A32: Zaandam - Jan Bonekampstraat (VRZW) | B32: 0 | D32: Pantry | J32: 1 | L32: =E32*$G$3*52 -> 0 | M32: =F32*$G$4*52 -> 0 | N32: =G32*$G$5*52 -> 0 | O32: =H32*$G$6*52 -> 0 | P32: =I32*$G$7*52 -> 0 | Q32: =J32*$G$8*52 -> 0 | R32: =SUM(L32:Q32) -> 0
A33: Zaandam - Jan Bonekampstraat (VRZW) | B33: 1 | D33: Toiletten | E33: 1 | F33: 1 | G33: 1 | H33: 1 | I33: 1 | L33: =E33*$G$3*52 -> 0 | M33: =F33*$G$4*52 -> 0 | N33: =G33*$G$5*52 -> 0 | O33: =H33*$G$6*52 -> 0 | P33: =I33*$G$7*52 -> 0 | Q33: =J33*$G$8*52 -> 0 | R33: =SUM(L33:Q33) -> 0
A34: Assendelft - Dorpsstraat (VRZW) | B34: 0 | D34: Toiletten | E34: 2 | F34: 2 | G34: 2 | H34: 3 | I34: 1 | L34: =E34*$G$3*52 -> 0 | M34: =F34*$G$4*52 -> 0 | N34: =G34*$G$5*52 -> 0 | O34: =H34*$G$6*52 -> 0 | P34: =I34*$G$7*52 -> 0 | Q34: =J34*$G$8*52 -> 0 | R34: =SUM(L34:Q34) -> 0
A35: Assendelft - Dorpsstraat (VRZW) | B35: 0 | D35: Pantry | J35: 1 | L35: =E35*$G$3*52 -> 0 | M35: =F35*$G$4*52 -> 0 | N35: =G35*$G$5*52 -> 0 | O35: =H35*$G$6*52 -> 0 | P35: =I35*$G$7*52 -> 0 | Q35: =J35*$G$8*52 -> 0 | R35: =SUM(L35:Q35) -> 0
A36: Krommenie - Kervelstraat (VRZW) | B36: 0 | D36: Toiletten | E36: 2 | F36: 2 | G36: 2 | H36: 2 | I36: 1 | L36: =E36*$G$3*52 -> 0 | M36: =F36*$G$4*52 -> 0 | N36: =G36*$G$5*52 -> 0 | O36: =H36*$G$6*52 -> 0 | P36: =I36*$G$7*52 -> 0 | Q36: =J36*$G$8*52 -> 0 | R36: =SUM(L36:Q36) -> 0
A37: Krommenie - Kervelstraat (VRZW) | B37: 1 | D37: Keuken | J37: 1 | L37: =E37*$G$3*52 -> 0 | M37: =F37*$G$4*52 -> 0 | N37: =G37*$G$5*52 -> 0 | O37: =H37*$G$6*52 -> 0 | P37: =I37*$G$7*52 -> 0 | Q37: =J37*$G$8*52 -> 0 | R37: =SUM(L37:Q37) -> 0
A38: Zaandijk - Guisweg (VRZW) | B38: 0 | D38: Toiletten | E38: 4 | F38: 4 | G38: 4 | H38: 4 | I38: 2 | L38: =E38*$G$3*52 -> 0 | M38: =F38*$G$4*52 -> 0 | N38: =G38*$G$5*52 -> 0 | O38: =H38*$G$6*52 -> 0 | P38: =I38*$G$7*52 -> 0 | Q38: =J38*$G$8*52 -> 0 | R38: =SUM(L38:Q38) -> 0
A39: Zaandijk - Guisweg (VRZW) | B39: 2 | D39: Toiletten | E39: 2 | F39: 2 | G39: 2 | H39: 2 | I39: 1 | L39: =E39*$G$3*52 -> 0 | M39: =F39*$G$4*52 -> 0 | N39: =G39*$G$5*52 -> 0 | O39: =H39*$G$6*52 -> 0 | P39: =I39*$G$7*52 -> 0 | Q39: =J39*$G$8*52 -> 0 | R39: =SUM(L39:Q39) -> 0
A40: Zaandijk - Guisweg (VRZW) | B40: 2 | D40: Keuken | J40: 1 | L40: =E40*$G$3*52 -> 0 | M40: =F40*$G$4*52 -> 0 | N40: =G40*$G$5*52 -> 0 | O40: =H40*$G$6*52 -> 0 | P40: =I40*$G$7*52 -> 0 | Q40: =J40*$G$8*52 -> 0 | R40: =SUM(L40:Q40) -> 0
A41: Wormerveer - Industrieweg (VRZW) | B41: 0 | D41: Toiletten | E41: 4 | F41: 4 | G41: 4 | H41: 4 | I41: 2 | L41: =E41*$G$3*52 -> 0 | M41: =F41*$G$4*52 -> 0 | N41: =G41*$G$5*52 -> 0 | O41: =H41*$G$6*52 -> 0 | P41: =I41*$G$7*52 -> 0 | Q41: =J41*$G$8*52 -> 0 | R41: =SUM(L41:Q41) -> 0
A42: Wormerveer - Industrieweg (VRZW) | B42: 0 | D42: Keuken | J42: 1 | L42: =E42*$G$3*52 -> 0 | M42: =F42*$G$4*52 -> 0 | N42: =G42*$G$5*52 -> 0 | O42: =H42*$G$6*52 -> 0 | P42: =I42*$G$7*52 -> 0 | Q42: =J42*$G$8*52 -> 0 | R42: =SUM(L42:Q42) -> 0
A43: Oostzaan - Kerkstraat (VRZW) | B43: 0 | D43: Toiletten | E43: 3 | F43: 3 | G43: 3 | H43: 4 | I43: 2 | L43: =E43*$G$3*52 -> 0 | M43: =F43*$G$4*52 -> 0 | N43: =G43*$G$5*52 -> 0 | O43: =H43*$G$6*52 -> 0 | P43: =I43*$G$7*52 -> 0 | Q43: =J43*$G$8*52 -> 0 | R43: =SUM(L43:Q43) -> 0
A44: Oostzaan - Kerkstraat (VRZW) | B44: 1 | D44: Keuken | J44: 1 | L44: =E44*$G$3*52 -> 0 | M44: =F44*$G$4*52 -> 0 | N44: =G44*$G$5*52 -> 0 | O44: =H44*$G$6*52 -> 0 | P44: =I44*$G$7*52 -> 0 | Q44: =J44*$G$8*52 -> 0 | R44: =SUM(L44:Q44) -> 0
A45: Wormer - Koetserstraat (VRZW) | B45: 0 | D45: Toiletten | E45: 3 | F45: 3 | G45: 3 | H45: 6 | I45: 3 | L45: =E45*$G$3*52 -> 0 | M45: =F45*$G$4*52 -> 0 | N45: =G45*$G$5*52 -> 0 | O45: =H45*$G$6*52 -> 0 | P45: =I45*$G$7*52 -> 0 | Q45: =J45*$G$8*52 -> 0 | R45: =SUM(L45:Q45) -> 0
A46: Wormer - Koetserstraat (VRZW) | B46: 1 | D46: Toiletten | E46: 4 | F46: 4 | G46: 4 | H46: 4 | I46: 2 | L46: =E46*$G$3*52 -> 0 | M46: =F46*$G$4*52 -> 0 | N46: =G46*$G$5*52 -> 0 | O46: =H46*$G$6*52 -> 0 | P46: =I46*$G$7*52 -> 0 | Q46: =J46*$G$8*52 -> 0 | R46: =SUM(L46:Q46) -> 0
A47: Wormer - Koetserstraat (VRZW) | B47: 1 | D47: Keuken | J47: 1 | L47: =E47*$G$3*52 -> 0 | M47: =F47*$G$4*52 -> 0 | N47: =G47*$G$5*52 -> 0 | O47: =H47*$G$6*52 -> 0 | P47: =I47*$G$7*52 -> 0 | Q47: =J47*$G$8*52 -> 0 | R47: =SUM(L47:Q47) -> 0
A48: Purmerend - Gorslaan (VRZW) | B48: BG | D48: Toiletten | E48: 4 | F48: 4 | G48: 4 | H48: 5 | I48: 3 | L48: =E48*$G$3*52 -> 0 | M48: =F48*$G$4*52 -> 0 | N48: =G48*$G$5*52 -> 0 | O48: =H48*$G$6*52 -> 0 | P48: =I48*$G$7*52 -> 0 | Q48: =J48*$G$8*52 -> 0 | R48: =SUM(L48:Q48) -> 0
A49: Purmerend - Gorslaan (VRZW) | B49: BG | D49: Keuken | J49: 1 | L49: =E49*$G$3*52 -> 0 | M49: =F49*$G$4*52 -> 0 | N49: =G49*$G$5*52 -> 0 | O49: =H49*$G$6*52 -> 0 | P49: =I49*$G$7*52 -> 0 | Q49: =J49*$G$8*52 -> 0 | R49: =SUM(L49:Q49) -> 0
A50: Purmerend - Gorslaan (VRZW) | B50: 1 | D50: Toiletten | E50: 3 | F50: 3 | G50: 3 | H50: 4 | I50: 3 | L50: =E50*$G$3*52 -> 0 | M50: =F50*$G$4*52 -> 0 | N50: =G50*$G$5*52 -> 0 | O50: =H50*$G$6*52 -> 0 | P50: =I50*$G$7*52 -> 0 | Q50: =J50*$G$8*52 -> 0 | R50: =SUM(L50:Q50) -> 0
A51: Purmerend - Gorslaan (VRZW) | B51: 2 | D51: Toiletten | E51: 2 | F51: 2 | G51: 2 | H51: 2 | I51: 1 | L51: =E51*$G$3*52 -> 0 | M51: =F51*$G$4*52 -> 0 | N51: =G51*$G$5*52 -> 0 | O51: =H51*$G$6*52 -> 0 | P51: =I51*$G$7*52 -> 0 | Q51: =J51*$G$8*52 -> 0 | R51: =SUM(L51:Q51) -> 0
A52: Landsmeer - Fuutstraat (VRZW) | B52: BG | D52: Toiletten | E52: 3 | F52: 3 | G52: 3 | H52: 3 | I52: 2 | L52: =E52*$G$3*52 -> 0 | M52: =F52*$G$4*52 -> 0 | N52: =G52*$G$5*52 -> 0 | O52: =H52*$G$6*52 -> 0 | P52: =I52*$G$7*52 -> 0 | Q52: =J52*$G$8*52 -> 0 | R52: =SUM(L52:Q52) -> 0
A53: Landsmeer - Fuutstraat (VRZW) | B53: BG | D53: Keuken | J53: 1 | L53: =E53*$G$3*52 -> 0 | M53: =F53*$G$4*52 -> 0 | N53: =G53*$G$5*52 -> 0 | O53: =H53*$G$6*52 -> 0 | P53: =I53*$G$7*52 -> 0 | Q53: =J53*$G$8*52 -> 0 | R53: =SUM(L53:Q53) -> 0
A54: Monnickendam - De Werf (VRZW) | B54: BG | D54: Toiletten | E54: 2 | F54: 2 | G54: 2 | H54: 1 | I54: 1 | L54: =E54*$G$3*52 -> 0 | M54: =F54*$G$4*52 -> 0 | N54: =G54*$G$5*52 -> 0 | O54: =H54*$G$6*52 -> 0 | P54: =I54*$G$7*52 -> 0 | Q54: =J54*$G$8*52 -> 0 | R54: =SUM(L54:Q54) -> 0
A55: Monnickendam - De Werf (VRZW) | B55: BG | D55: Keuken | J55: 1 | L55: =E55*$G$3*52 -> 0 | M55: =F55*$G$4*52 -> 0 | N55: =G55*$G$5*52 -> 0 | O55: =H55*$G$6*52 -> 0 | P55: =I55*$G$7*52 -> 0 | Q55: =J55*$G$8*52 -> 0 | R55: =SUM(L55:Q55) -> 0
A56: Ilpendam - Nijverheidsweg (VRZW) | B56: BG | D56: Toiletten | E56: 2 | F56: 2 | G56: 2 | H56: 2 | I56: 1 | L56: =E56*$G$3*52 -> 0 | M56: =F56*$G$4*52 -> 0 | N56: =G56*$G$5*52 -> 0 | O56: =H56*$G$6*52 -> 0 | P56: =I56*$G$7*52 -> 0 | Q56: =J56*$G$8*52 -> 0 | R56: =SUM(L56:Q56) -> 0
A57: Ilpendam - Nijverheidsweg (VRZW) | B57: 1 | D57: Keuken | J57: 1 | L57: =E57*$G$3*52 -> 0 | M57: =F57*$G$4*52 -> 0 | N57: =G57*$G$5*52 -> 0 | O57: =H57*$G$6*52 -> 0 | P57: =I57*$G$7*52 -> 0 | Q57: =J57*$G$8*52 -> 0 | R57: =SUM(L57:Q57) -> 0
A58: Broek in Waterland - Eilandweg (VRZW) | B58: BG | D58: Toiletten | E58: 2 | F58: 2 | G58: 2 | H58: 2 | I58: 1 | L58: =E58*$G$3*52 -> 0 | M58: =F58*$G$4*52 -> 0 | N58: =G58*$G$5*52 -> 0 | O58: =H58*$G$6*52 -> 0 | P58: =I58*$G$7*52 -> 0 | Q58: =J58*$G$8*52 -> 0 | R58: =SUM(L58:Q58) -> 0
A59: Broek in Waterland - Eilandweg (VRZW) | B59: BG | D59: Pantry | J59: 1 | L59: =E59*$G$3*52 -> 0 | M59: =F59*$G$4*52 -> 0 | N59: =G59*$G$5*52 -> 0 | O59: =H59*$G$6*52 -> 0 | P59: =I59*$G$7*52 -> 0 | Q59: =J59*$G$8*52 -> 0 | R59: =SUM(L59:Q59) -> 0
A60: Volendam - Julianaweg (VRZW) | B60: BG | D60: Toiletten | E60: 4 | F60: 4 | G60: 4 | H60: 6 | I60: 3 | L60: =E60*$G$3*52 -> 0 | M60: =F60*$G$4*52 -> 0 | N60: =G60*$G$5*52 -> 0 | O60: =H60*$G$6*52 -> 0 | P60: =I60*$G$7*52 -> 0 | Q60: =J60*$G$8*52 -> 0 | R60: =SUM(L60:Q60) -> 0
A61: Volendam - Julianaweg (VRZW) | B61: 1 | D61: Toiletten | E61: 2 | F61: 2 | G61: 2 | H61: 2 | I61: 1 | L61: =E61*$G$3*52 -> 0 | M61: =F61*$G$4*52 -> 0 | N61: =G61*$G$5*52 -> 0 | O61: =H61*$G$6*52 -> 0 | P61: =I61*$G$7*52 -> 0 | Q61: =J61*$G$8*52 -> 0 | R61: =SUM(L61:Q61) -> 0
A62: Volendam - Julianaweg (VRZW) | B62: 1 | D62: Keuken | J62: 1 | L62: =E62*$G$3*52 -> 0 | M62: =F62*$G$4*52 -> 0 | N62: =G62*$G$5*52 -> 0 | O62: =H62*$G$6*52 -> 0 | P62: =I62*$G$7*52 -> 0 | Q62: =J62*$G$8*52 -> 0 | R62: =SUM(L62:Q62) -> 0
A63: Edam-Volendam - Kwadijk (VRZW) | B63: BG | D63: Toiletten | E63: 1 | F63: 1 | G63: 1 | H63: 2 | I63: 1 | L63: =E63*$G$3*52 -> 0 | M63: =F63*$G$4*52 -> 0 | N63: =G63*$G$5*52 -> 0 | O63: =H63*$G$6*52 -> 0 | P63: =I63*$G$7*52 -> 0 | Q63: =J63*$G$8*52 -> 0 | R63: =SUM(L63:Q63) -> 0
A64: Edam-Volendam - Kwadijk (VRZW) | B64: BG | D64: Keuken | J64: 1 | L64: =E64*$G$3*52 -> 0 | M64: =F64*$G$4*52 -> 0 | N64: =G64*$G$5*52 -> 0 | O64: =H64*$G$6*52 -> 0 | P64: =I64*$G$7*52 -> 0 | Q64: =J64*$G$8*52 -> 0 | R64: =SUM(L64:Q64) -> 0
A65: Edam-Volendam - Dijkgraaf Poschlaan (VRZW) | B65: BG | D65: Toiletten | E65: 2 | F65: 2 | G65: 2 | H65: 2 | I65: 1 | L65: =E65*$G$3*52 -> 0 | M65: =F65*$G$4*52 -> 0 | N65: =G65*$G$5*52 -> 0 | O65: =H65*$G$6*52 -> 0 | P65: =I65*$G$7*52 -> 0 | Q65: =J65*$G$8*52 -> 0 | R65: =SUM(L65:Q65) -> 0
A66: Edam-Volendam - Dijkgraaf Poschlaan (VRZW) | B66: BG | D66: Keuken | E66: 1 | J66: 1 | L66: =E66*$G$3*52 -> 0 | M66: =F66*$G$4*52 -> 0 | N66: =G66*$G$5*52 -> 0 | O66: =H66*$G$6*52 -> 0 | P66: =I66*$G$7*52 -> 0 | Q66: =J66*$G$8*52 -> 0 | R66: =SUM(L66:Q66) -> 0
A67: Marken - Buurterstraat (VRZW) | B67: BG | D67: Keuken | J67: 1 | L67: =E67*$G$3*52 -> 0 | M67: =F67*$G$4*52 -> 0 | N67: =G67*$G$5*52 -> 0 | O67: =H67*$G$6*52 -> 0 | P67: =I67*$G$7*52 -> 0 | Q67: =J67*$G$8*52 -> 0 | R67: =SUM(L67:Q67) -> 0
A68: Marken - Buurterstraat (VRZW) | B68: BG | D68: Toiletten | E68: 1 | F68: 1 | G68: 1 | H68: 2 | I68: 1 | L68: =E68*$G$3*52 -> 0 | M68: =F68*$G$4*52 -> 0 | N68: =G68*$G$5*52 -> 0 | O68: =H68*$G$6*52 -> 0 | P68: =I68*$G$7*52 -> 0 | Q68: =J68*$G$8*52 -> 0 | R68: =SUM(L68:Q68) -> 0
A69: Oosthuizen - Hoornse Jaagweg (VRZW) | B69: BG | D69: Toiletten | E69: 2 | F69: 2 | G69: 2 | H69: 3 | I69: 1 | L69: =E69*$G$3*52 -> 0 | M69: =F69*$G$4*52 -> 0 | N69: =G69*$G$5*52 -> 0 | O69: =H69*$G$6*52 -> 0 | P69: =I69*$G$7*52 -> 0 | Q69: =J69*$G$8*52 -> 0 | R69: =SUM(L69:Q69) -> 0
A70: Oosthuizen - Hoornse Jaagweg (VRZW) | B70: BG | D70: Pantry | J70: 1 | L70: =E70*$G$3*52 -> 0 | M70: =F70*$G$4*52 -> 0 | N70: =G70*$G$5*52 -> 0 | O70: =H70*$G$6*52 -> 0 | P70: =I70*$G$7*52 -> 0 | Q70: =J70*$G$8*52 -> 0 | R70: =SUM(L70:Q70) -> 0
A71: Zuid-oost Beemster - Zuiderweg (VRZW) | B71: BG | D71: Toilet | E71: 1 | F71: 1 | G71: 1 | H71: 1 | I71: 1 | L71: =E71*$G$3*52 -> 0 | M71: =F71*$G$4*52 -> 0 | N71: =G71*$G$5*52 -> 0 | O71: =H71*$G$6*52 -> 0 | P71: =I71*$G$7*52 -> 0 | Q71: =J71*$G$8*52 -> 0 | R71: =SUM(L71:Q71) -> 0
A72: Zuid-oost Beemster - Zuiderweg (VRZW) | B72: BG | D72: Pantry | J72: 1 | L72: =E72*$G$3*52 -> 0 | M72: =F72*$G$4*52 -> 0 | N72: =G72*$G$5*52 -> 0 | O72: =H72*$G$6*52 -> 0 | P72: =I72*$G$7*52 -> 0 | Q72: =J72*$G$8*52 -> 0 | R72: =SUM(L72:Q72) -> 0
A73: Middenbeemster - Klaas Hogentoornlaan (VRZW) | B73: BG | D73: Toiletten | E73: 2 | F73: 2 | G73: 2 | H73: 2 | I73: 1 | L73: =E73*$G$3*52 -> 0 | M73: =F73*$G$4*52 -> 0 | N73: =G73*$G$5*52 -> 0 | O73: =H73*$G$6*52 -> 0 | P73: =I73*$G$7*52 -> 0 | Q73: =J73*$G$8*52 -> 0 | R73: =SUM(L73:Q73) -> 0
A74: Middenbeemster - Klaas Hogentoornlaan (VRZW) | B74: BG | D74: Keuken | J74: 1 | L74: =E74*$G$3*52 -> 0 | M74: =F74*$G$4*52 -> 0 | N74: =G74*$G$5*52 -> 0 | O74: =H74*$G$6*52 -> 0 | P74: =I74*$G$7*52 -> 0 | Q74: =J74*$G$8*52 -> 0 | R74: =SUM(L74:Q74) -> 0
A75: Spijkerboor - Starnmeerdijk (VRZW) | B75: BG | D75: Toiletten | E75: 1 | F75: 1 | G75: 1 | H75: 1 | I75: 1 | L75: =E75*$G$3*52 -> 0 | M75: =F75*$G$4*52 -> 0 | N75: =G75*$G$5*52 -> 0 | O75: =H75*$G$6*52 -> 0 | P75: =I75*$G$7*52 -> 0 | Q75: =J75*$G$8*52 -> 0 | R75: =SUM(L75:Q75) -> 0
A76: Spijkerboor - Starnmeerdijk (VRZW) | B76: BG | D76: Keuken | J76: 1 | L76: =E76*$G$3*52 -> 0 | M76: =F76*$G$4*52 -> 0 | N76: =G76*$G$5*52 -> 0 | O76: =H76*$G$6*52 -> 0 | P76: =I76*$G$7*52 -> 0 | Q76: =J76*$G$8*52 -> 0 | R76: =SUM(L76:Q76) -> 0
A77: Zaandam - Geuzenpad (GGDZW) | B77: BG | D77: Toiletten | E77: 0 | F77: 0 | G77: 0 | H77: 2 | I77: 0 | J77: 0 | L77: =E77*$G$3*52 -> 0 | M77: =F77*$G$4*52 -> 0 | N77: =G77*$G$5*52 -> 0 | O77: =H77*$G$6*52 -> 0 | P77: =I77*$G$7*52 -> 0 | Q77: =J77*$G$8*52 -> 0 | R77: =SUM(L77:Q77) -> 0
A78: Zaandijk - G. Gershwinstraat (GGDZW) | B78: BG | D78: Toiletten | E78: 0 | F78: 0 | G78: 1 | H78: 2 | I78: 2 | J78: 0 | L78: =E78*$G$3*52 -> 0 | M78: =F78*$G$4*52 -> 0 | N78: =G78*$G$5*52 -> 0 | O78: =H78*$G$6*52 -> 0 | P78: =I78*$G$7*52 -> 0 | Q78: =J78*$G$8*52 -> 0 | R78: =SUM(L78:Q78) -> 0
A79: Krommenie - A.Schweitzerstraat (GGDZW) | B79: BG | D79: Toiletten | E79: 0 | F79: 0 | G79: 0 | H79: 2 | I79: 0 | J79: 1 | L79: =E79*$G$3*52 -> 0 | M79: =F79*$G$4*52 -> 0 | N79: =G79*$G$5*52 -> 0 | O79: =H79*$G$6*52 -> 0 | P79: =I79*$G$7*52 -> 0 | Q79: =J79*$G$8*52 -> 0 | R79: =SUM(L79:Q79) -> 0
A80: Wormer - Dorpsstraat 127 (GGDZW) | B80: BG | D80: Toiletten | E80: 0 | F80: 0 | G80: 0 | H80: 3 | I80: 3 | J80: 0 | L80: =E80*$G$3*52 -> 0 | M80: =F80*$G$4*52 -> 0 | N80: =G80*$G$5*52 -> 0 | O80: =H80*$G$6*52 -> 0 | P80: =I80*$G$7*52 -> 0 | Q80: =J80*$G$8*52 -> 0 | R80: =SUM(L80:Q80) -> 0

Sheet 13- Specialistische reiniging
B1: Prijscomponent | C1: Eenheid | D1: Fictieve jaarhoeveelheid | E1: max tarief ex btw | F1: inschrijftarief | G1: Totaal ex btw
A2: 1 | B2: Specialistische reiniging uitvoerend medewerker | C2: Uur | D2: 900 | E2: 48 | F2: 0 | G2: =D2*F2 -> 0
A3: 2 | B3: Voorman/coördinator specialistische reiniging | C3: Uur | D3: 40 | E3: 60 | F3: 0 | G3: =D3*F3 -> 0
A4: 3 | B4: Snoeien/begaanbaar maken voordeur/tuin ten behoeve van veilige toegang tot de woning | C4: Uur | D4: 40 | E4: 48 | F4: 0 | G4: =D4*F4 -> 0
A5: 4 | B5: Aanrijkosten/voorrijkosten | C5: Per opdracht | D5: 20 | E5: 60 | F5: 0 | G5: =D5*F5 -> 0
A6: 5 | B6: Materialen en middelen incl reguliere afvalzakken | C6: Per opdracht | D6: 20 | E6: 75 | F6: 0 | G6: =D6*F6 -> 0
A7: 6 | B7: Persoonlijke beschermingsmiddelen | C7: Per opdracht | D7: 20 | E7: 65 | F7: 0 | G7: =D7*F7 -> 0
A8: 7 | B8: Extra zware afval/puinzakken | C8: stuk | D8: 200 | E8: 2 | F8: 0 | G8: =D8*F8 -> 0
A9: 8 | B9: Afgesloten container 9 m³ inclusief plaatsing/vervoer | C9: container | D9: 20 | E9: 160 | F9: 0 | G9: =D9*F9 -> 0
A10: 9 | B10: Afstorten/verwerking container 9 m³ | C10: container | D10: 20 | E10: 410 | F10: 0 | G10: =D10*F10 -> 0
A11: 10 | B11: Afgesloten container 12 m³ inclusief plaatsing/vervoer | C11: container | D11: 5 | E11: 190 | F11: 0 | G11: =D11*F11 -> 0
A12: 11 | B12: Afstorten/verwerking container 12 m³ | C12: container | D12: 5 | E12: 525 | F12: 0 | G12: =D12*F12 -> 0
A13: 12 | B13: Afgesloten container 20 m³ inclusief plaatsing/vervoer | C13: container | D13: 3 | E13: 275 | F13: 0 | G13: =D13*F13 -> 0
... A15: 14 | B15: Desinfectie na specialistische reiniging | C15: uur | D15: 60 | E15: 48 | F15: 0 | G15: =D15*F15 -> 0
A16: 15 | B16: Desinfectiemiddel / verbruiksmateriaal | C16: inbegrepen | D16: nvt | E16: nvt | F16: nvt | G16: nvt
A17: 16 | B17: Bijzondere desinfectiemiddelen alleen na akkoord | C17: stelpost | D17: 1 | E17: 1000 | F17: 1000 | G17: =F17 -> 1000
A18: 17 | B18: Afvaltoeslag matras 2 persoons vervuild | C18: Per stuk | D18: 15 | E18: netto aantoonbare kosten + max. 10% opslag | F18: nvt | G18: nvt
A19: 18 | B19: Afvaltoeslag matras 1 persoons vervuild | C19: per stuk | D19: 15 | E19: netto aantoonbare kosten + max. 10% opslag | F19: nvt | G19: nvt
A20: 19 | B20: Afvaltoeslag witgoed | C20: per stuk | D20: 5 | E20: netto aantoonbare kosten + max. 10% opslag | F20: nvt | G20: nvt
E22: Totaal | G22: =SUM(G2:G21) -> 1000
B23: (uitgaande van 20 opdrachten per jaar)
A29: Reguliere afvalzakken, schoonmaakmiddelen en klein materiaal worden geacht te zijn inbegrepen in het uurtarief dan wel in de post materialen en middelen. Extra zware afval-/puinzakken zijn uitsluitend afzonderlijk declarabel indien deze vooraf door GGDZW zijn goedgekeurd en worden afgerekend tegen het overeengekomen tarief met een maximum van € 2,00 per stuk. Bijzondere afvalzakken of verpakkingsmaterialen die aantoonbaar noodzakelijk zijn voor specifieke afvalstromen worden uitsluitend vergoed tegen aantoonbare netto inkoopkosten vermeerderd met maximaal 10% opslag, na voorafgaande schriftelijke toestemming van GGDZW.
A31: Desinfectie na specialistische reiniging wordt afgerekend op basis van het overeengekomen uurtarief. Reguliere desinfectiemiddelen en verbruiksmaterialen worden geacht te zijn inbegrepen in het uurtarief dan wel in de post materialen en middelen. Bijzondere desinfectiemiddelen of specialistische behandelingen zijn uitsluitend declarabel na voorafgaande schriftelijke toestemming van GGDZW en tegen aantoonbare netto kosten vermeerderd met maximaal 10% opslag.
A36: Voor de posten afvaltoeslag matras 1-persoons, afvaltoeslag matras 2-persoons, afvaltoeslag witgoed en vergelijkbare bijzondere afvalstromen hoeft inschrijver geen tarief in te vullen. Deze posten worden uitsluitend vergoed tegen aantoonbare netto kosten, vermeerderd met een opslagpercentage van maximaal 10%, en alleen na voorafgaande schriftelijke toestemming van GGDZW. Handling, intern transport en arbeid worden geacht te zijn inbegrepen in de overeengekomen uurtarieven en container-/transporttarieven. Afvaltoeslagen voor matrassen, witgoed of vergelijkbare bijzondere afvalstromen zijn uitsluitend declarabel indien deze kosten niet reeds zijn inbegrepen in de container-, transport-, verwerkings- of uurtarieven. Op verzoek verstrekt Opdrachtnemer bewijsstukken waaruit de werkelijke kosten blijken. Deze posten maken geen onderdeel uit van het fictieve totaalbedrag.
